Workbook

Sheet CANASTA DE PRECIOS
A1: FONDO DE DESARROLLO LOCAL DE RAFAEL URIBE URIBE | J1: Cotización 0012026 | M1: Cotización 0022026 | P1: Cotización 0032026 | S1: Cotización 0042026 | V1: Cotización 0052026 | Y1: Cotización 0062026 | AB1: Cotización 0072026 | AE1: NÚMERO DE COTIZACIONES | AF1: VALOR PROMEDIO UNITARIO IVA INCLUIDO | AG1: DESVIACIÓN | AH1: COEFICIENTE VARIACIÓN | AI1: ¿SE PUEDE EMPLEAR? SI/NO
A2: LISTADO DE ÍTEMS PARA LA FORMULACIÓN DE PROYECTOS VIGENCIA 2026 | J2: CO01 | M2: CO02 | P2: CO03 | S2: CO04 | V2: CO05 | Y2: CO06 | AB2: CO07
A3: # | B3: CATEGORIA | C3: TIPO | D3: ÍTEM | E3: CODIGO UNSPSC | F3: DESCRIPCIÓN | G3: UNIDAD DE MEDIDA | H3: IMPUESTO A CARGO | I3: VALOR DE REFERENCIA | J3: Precio Unitario SIN IVA | K3: IVA | L3: Precio Unitario IVA incluido | M3: Precio Unitario SIN IVA | N3: IVA | O3: Precio Unitario IVA incluido | P3: Precio Unitario SIN IVA | Q3: IVA | R3: Precio Unitario IVA incluido | S3: Precio Unitario SIN IVA | T3: IVA | U3: Precio Unitario IVA incluido | V3: Precio Unitario SIN IVA | W3: IVA | X3: Precio Unitario IVA incluido | Y3: Precio Unitario SIN IVA | Z3: IVA | AA3: Precio Unitario IVA incluido | AB3: Precio Unitario SIN IVA | AC3: IVA | AD3: Precio Unitario IVA incluido
A4: 1 | B4: ALIMENTACIÓN | C4: COMPRA | D4: ALMUERZO | E4: 90101603 | F4: Almuerzos: (PROTEINA CARNE CERDO Y/O RES Y/O POLLO) BANDEJA + SOPA + JUGO + POSTRE (ALIMENTO PROTEICO 120 GRS, ALIMENTO CEREAL 40 GR EN CRUDO Ò 100 GR COCIDO, TUBERCULO 110 GR, VERDURA FRIA, CRUDA O CALIENTE 100 GR, LEGUMINOSAS 80GR, SOPA Ò CREMA 250 CC, JUGO CON FRUTA DE COSECHA 250 CC, POSTRE DE 30 A 50 GR | G4: UN | H4: =IF(OR(ISNUMBER(SEARCH("ALIMENTACIÓN",B4)),ISNUMBER(SEARCH("ALIMENTACION",B4))),0,IF(AND(ISNUMBER(SEARCH("AMBIENTE",B4)),OR(ISNUMBER(SEARCH("Semilla",D4)),ISNUMBER(SEARCH("ESPECIE VEGETAL",D4)),ISNUMBER(SEARCH("Fertilizante",D4)),ISNUMBER(SEARCH("Humus",D4)),ISNUMBER(SEARCH("Micorrizas",D4)),ISNUMBER(SEARCH("Cascarilla",D4)),ISNUMBER(SEARCH("Turba",D4)))),0,IF(AND(ISNUMBER(SEARCH("ANIMALES",B4)),OR(ISNUMBER(SEARCH("ALIMENTO",D4)),ISNUMBER(SEARCH("Alimento",D4)))),0.05,IF(ISNUMBER(SEARCH("ANIMALES",B4)),0.19,IF(ISNUMBER(SEARCH("AMBIENTE",B4)),0.19,IF(ISNUMBER(SEARCH("CULTURA",B4)),0.19,IF(ISNUMBER(SEARCH("DEPORTE",B4)),0.19,IF(ISNUMBER(SEARCH("Bioseguridad",B4)),0.19,IF(ISNUMBER(SEARCH("DOTACIÓN",B4)),0.19,IF(ISNUMBER(SEARCH("SERVICIO",C4)),0.19,0.19)))))))))) -> 0 | I4: =+AF4 -> 31050 | J4: 31645 | K4: =+J4*H4 -> 0 | L4: =+J4+K4 -> 31645 | M4: 33263 | N4: =+M4*H4 -> 0 | O4: =+M4+N4 -> 33263 | P4: 28474 | Q4: =+P4*H4 -> 0 | R4: =+P4+Q4 -> 28474 | S4: 31825 | T4: =+S4*H4 -> 0 | U4: =+T4+S4 -> 31825 | V4: 30618 | W4: =+V4*H4 -> 0 | X4: =+W4+V4 -> 30618 | Y4: 31696 | Z4: =+Y4*H4 -> 0 | AA4: =+Z4+Y4 -> 31696 | AB4: 29829 | AC4: =+AB4*H4 -> 0 | AD4: =+AC4+AB4 -> 29829 | AE4: =COUNT(L4,O4,R4,U4,X4,AA4,AD4) -> 7 | AF4: =ROUND(AVERAGE(L4,O4,R4,U4,X4,AA4,AD4),0) -> 31050 | AG4: =_xlfn.STDEV.P(L4,O4,R4,U4,X4,AA4,AD4) -> 1443.3382 | AH4: =AG4/AF4 -> 0.046484322 | AI4: =IF(AE4<2,"NO",IF(AH4>0.35,"NO","SI")) -> SI
A5: =1+A4 -> 2 | B5: ALIMENTACIÓN | C5: COMPRA | D5: ALMUERZO TIPO 2 | E5: 90101603 | F5: Alimentación: • Entrada: Sopa 250 ml o 16 onzas de fruta de cosecha. Cantidad: 100 gramos. • Plato fuerte: Proteína de origen animal 100% (Carnes vacuna, cerdo, pollo ó pescado) Cantidad: 250 gramos, Cereal (Arroz) Cantidad: 125 gramos (4) Ensalada de verduras o fruta. Cantidad: 100 gramos, papa – yuca- plátano. Cantidad: 100 gramos • Bebida: Jugo de fruta natural en botella 16 onzas. Todo debe ser empacado en envase biodegradable. El costo del almuerzo incluye servilletas y cubiertos, Entrega en sitio y Menú a acordar en comité técnico. | G5: UN | H5: =IF(OR(ISNUMBER(SEARCH("ALIMENTACIÓN",B5)),ISNUMBER(SEARCH("ALIMENTACION",B5))),0,IF(AND(ISNUMBER(SEARCH("AMBIENTE",B5)),OR(ISNUMBER(SEARCH("Semilla",D5)),ISNUMBER(SEARCH("ESPECIE VEGETAL",D5)),ISNUMBER(SEARCH("Fertilizante",D5)),ISNUMBER(SEARCH("Humus",D5)),ISNUMBER(SEARCH("Micorrizas",D5)),ISNUMBER(SEARCH("Cascarilla",D5)),ISNUMBER(SEARCH("Turba",D5)))),0,IF(AND(ISNUMBER(SEARCH("ANIMALES",B5)),OR(ISNUMBER(SEARCH("ALIMENTO",D5)),ISNUMBER(SEARCH("Alimento",D5)))),0.05,IF(ISNUMBER(SEARCH("ANIMALES",B5)),0.19,IF(ISNUMBER(SEARCH("AMBIENTE",B5)),0.19,IF(ISNUMBER(SEARCH("CULTURA",B5)),0.19,IF(ISNUMBER(SEARCH("DEPORTE",B5)),0.19,IF(ISNUMBER(SEARCH("Bioseguridad",B5)),0.19,IF(ISNUMBER(SEARCH("DOTACIÓN",B5)),0.19,IF(ISNUMBER(SEARCH("SERVICIO",C5)),0.19,0.19)))))))))) -> 0 | I5: =+AF5 -> 40000 | J5: 43611 | K5: =+J5*H5 -> 0 | L5: =+J5+K5 -> 43611 | M5: 41137 | N5: =+M5*H5 -> 0 | O5: =+M5+N5 -> 41137 | P5: 36597 | Q5: =+P5*H5 -> 0 | R5: =+P5+Q5 -> 36597 | S5: 40853 | T5: =+S5*H5 -> 0 | U5: =+T5+S5 -> 40853 | V5: 41942 | W5: =+V5*H5 -> 0 | X5: =+W5+V5 -> 41942 | Y5: 40578 | Z5: =+Y5*H5 -> 0 | AA5: =+Z5+Y5 -> 40578 | AB5: 35282 | AC5: =+AB5*H5 -> 0 | AD5: =+AC5+AB5 -> 35282 | AE5: =COUNT(L5,O5,R5,U5,X5,AA5,AD5) -> 7 | AF5: =ROUND(AVERAGE(L5,O5,R5,U5,X5,AA5,AD5),0) -> 40000 | AG5: =_xlfn.STDEV.P(L5,O5,R5,U5,X5,AA5,AD5) -> 2751.7548 | AH5: =AG5/AF5 -> 0.068793869 | AI5: =IF(AE5<2,"NO",IF(AH5>0.35,"NO","SI")) -> SI
A6: =1+A5 -> 3 | B6: ALIMENTACIÓN | C6: COMPRA | D6: BEBIDA | E6: 90101603 | F6: Botella de agua de 600 cc de una marca reconocida en el mercado | G6: UN | H6: =IF(OR(ISNUMBER(SEARCH("ALIMENTACIÓN",B6)),ISNUMBER(SEARCH("ALIMENTACION",B6))),0,IF(AND(ISNUMBER(SEARCH("AMBIENTE",B6)),OR(ISNUMBER(SEARCH("Semilla",D6)),ISNUMBER(SEARCH("ESPECIE VEGETAL",D6)),ISNUMBER(SEARCH("Fertilizante",D6)),ISNUMBER(SEARCH("Humus",D6)),ISNUMBER(SEARCH("Micorrizas",D6)),ISNUMBER(SEARCH("Cascarilla",D6)),ISNUMBER(SEARCH("Turba",D6)))),0,IF(AND(ISNUMBER(SEARCH("ANIMALES",B6)),OR(ISNUMBER(SEARCH("ALIMENTO",D6)),ISNUMBER(SEARCH("Alimento",D6)))),0.05,IF(ISNUMBER(SEARCH("ANIMALES",B6)),0.19,IF(ISNUMBER(SEARCH("AMBIENTE",B6)),0.19,IF(ISNUMBER(SEARCH("CULTURA",B6)),0.19,IF(ISNUMBER(SEARCH("DEPORTE",B6)),0.19,IF(ISNUMBER(SEARCH("Bioseguridad",B6)),0.19,IF(ISNUMBER(SEARCH("DOTACIÓN",B6)),0.19,IF(ISNUMBER(SEARCH("SERVICIO",C6)),0.19,0.19)))))))))) -> 0 | I6: =+AF6 -> 2100 | J6: 2029 | K6: =+J6*H6 -> 0 | L6: =+J6+K6 -> 2029 | M6: 2261 | N6: =+M6*H6 -> 0 | O6: =+M6+N6 -> 2261 | P6: 2143 | Q6: =+P6*H6 -> 0 | R6: =+P6+Q6 -> 2143 | S6: 2102 | T6: =+S6*H6 -> 0 | U6: =+T6+S6 -> 2102 | V6: 2122 | W6: =+V6*H6 -> 0 | X6: =+W6+V6 -> 2122 | Y6: 2101 | Z6: =+Y6*H6 -> 0 | AA6: =+Z6+Y6 -> 2101 | AB6: 1942 | AC6: =+AB6*H6 -> 0 | AD6: =+AC6+AB6 -> 1942 | AE6: =COUNT(L6,O6,R6,U6,X6,AA6,AD6) -> 7 | AF6: =ROUND(AVERAGE(L6,O6,R6,U6,X6,AA6,AD6),0) -> 2100 | AG6: =_xlfn.STDEV.P(L6,O6,R6,U6,X6,AA6,AD6) -> 91.232826 | AH6: =AG6/AF6 -> 0.043444203 | AI6: =IF(AE6<2,"NO",IF(AH6>0.35,"NO","SI")) -> SI
A7: =1+A6 -> 4 | B7: ALIMENTACIÓN | C7: COMPRA | D7: CENA- BUFFET | E7: 90101603 | F7: Servicio de alimentación tipo buffet por persona, que consiste en la preparación, disposición y exhibición de una variedad de alimentos organizados en una mesa o estación, permitiendo que los comensales se sirvan de manera autónoma según sus preferencias. El servicio deberá incluir una oferta variada de platos que contemple carnes, principios (acompañamientos), postres y bebidas, garantizando opciones equilibradas y suficientes para todos los asistentes. se debe garantizar minimo 150gr de proteina, princpio minimo 50 gr, ensalada 15 gr, carbohidratos 25 gr, 1 postre y 1 bebida 350 Ml Asimismo, deberá asegurar condiciones adecuadas de manipulación de alimentos, presentación, higiene y calidad, así como los elementos necesarios para el servicio (vajilla, utensilios y disposición de los alimentos). El costo incluye menaje, asistentes para servir tipo buffet, transporte y entrega | G7: UN | H7: =IF(OR(ISNUMBER(SEARCH("ALIMENTACIÓN",B7)),ISNUMBER(SEARCH("ALIMENTACION",B7))),0,IF(AND(ISNUMBER(SEARCH("AMBIENTE",B7)),OR(ISNUMBER(SEARCH("Semilla",D7)),ISNUMBER(SEARCH("ESPECIE VEGETAL",D7)),ISNUMBER(SEARCH("Fertilizante",D7)),ISNUMBER(SEARCH("Humus",D7)),ISNUMBER(SEARCH("Micorrizas",D7)),ISNUMBER(SEARCH("Cascarilla",D7)),ISNUMBER(SEARCH("Turba",D7)))),0,IF(AND(ISNUMBER(SEARCH("ANIMALES",B7)),OR(ISNUMBER(SEARCH("ALIMENTO",D7)),ISNUMBER(SEARCH("Alimento",D7)))),0.05,IF(ISNUMBER(SEARCH("ANIMALES",B7)),0.19,IF(ISNUMBER(SEARCH("AMBIENTE",B7)),0.19,IF(ISNUMBER(SEARCH("CULTURA",B7)),0.19,IF(ISNUMBER(SEARCH("DEPORTE",B7)),0.19,IF(ISNUMBER(SEARCH("Bioseguridad",B7)),0.19,IF(ISNUMBER(SEARCH("DOTACIÓN",B7)),0.19,IF(ISNUMBER(SEARCH("SERVICIO",C7)),0.19,0.19)))))))))) -> 0 | I7: =+AF7 -> 24081 | J7: 24931 | K7: =+J7*H7 -> 0 | L7: =+J7+K7 -> 24931 | M7: 26382 | N7: =+M7*H7 -> 0 | O7: =+M7+N7 -> 26382 | P7: 26315 | Q7: =+P7*H7 -> 0 | R7: =+P7+Q7 -> 26315 | S7: 22506 | T7: =+S7*H7 -> 0 | U7: =+T7+S7 -> 22506 | V7: 25376 | W7: =+V7*H7 -> 0 | X7: =+W7+V7 -> 25376 | Y7: 23443 | Z7: =+Y7*H7 -> 0 | AA7: =+Z7+Y7 -> 23443 | AB7: 19617 | AC7: =+AB7*H7 -> 0 | AD7: =+AC7+AB7 -> 19617 | AE7: =COUNT(L7,O7,R7,U7,X7,AA7,AD7) -> 7 | AF7: =ROUND(AVERAGE(L7,O7,R7,U7,X7,AA7,AD7),0) -> 24081 | AG7: =_xlfn.STDEV.P(L7,O7,R7,U7,X7,AA7,AD7) -> 2251.9784 | AH7: =AG7/AF7 -> 0.093516812 | AI7: =IF(AE7<2,"NO",IF(AH7>0.35,"NO","SI")) -> SI
A8: =1+A7 -> 5 | B8: ALIMENTACIÓN | C8: COMPRA | D8: DESAYUNO | E8: 90101603 | F8: un (1) desayuno que incluya proteina, carbohidratos y grasas- bebida caliente, bebida fria y porcion de fruta. INCLUYE TRANSPORTE Y EMPAQUE | G8: UN | H8: =IF(OR(ISNUMBER(SEARCH("ALIMENTACIÓN",B8)),ISNUMBER(SEARCH("ALIMENTACION",B8))),0,IF(AND(ISNUMBER(SEARCH("AMBIENTE",B8)),OR(ISNUMBER(SEARCH("Semilla",D8)),ISNUMBER(SEARCH("ESPECIE VEGETAL",D8)),ISNUMBER(SEARCH("Fertilizante",D8)),ISNUMBER(SEARCH("Humus",D8)),ISNUMBER(SEARCH("Micorrizas",D8)),ISNUMBER(SEARCH("Cascarilla",D8)),ISNUMBER(SEARCH("Turba",D8)))),0,IF(AND(ISNUMBER(SEARCH("ANIMALES",B8)),OR(ISNUMBER(SEARCH("ALIMENTO",D8)),ISNUMBER(SEARCH("Alimento",D8)))),0.05,IF(ISNUMBER(SEARCH("ANIMALES",B8)),0.19,IF(ISNUMBER(SEARCH("AMBIENTE",B8)),0.19,IF(ISNUMBER(SEARCH("CULTURA",B8)),0.19,IF(ISNUMBER(SEARCH("DEPORTE",B8)),0.19,IF(ISNUMBER(SEARCH("Bioseguridad",B8)),0.19,IF(ISNUMBER(SEARCH("DOTACIÓN",B8)),0.19,IF(ISNUMBER(SEARCH("SERVICIO",C8)),0.19,0.19)))))))))) -> 0 | I8: =+AF8 -> 20000 | J8: 20941 | K8: =+J8*H8 -> 0 | L8: =+J8+K8 -> 20941 | M8: 20685 | N8: =+M8*H8 -> 0 | O8: =+M8+N8 -> 20685 | P8: 19652 | Q8: =+P8*H8 -> 0 | R8: =+P8+Q8 -> 19652 | S8: 18640 | T8: =+S8*H8 -> 0 | U8: =+T8+S8 -> 18640 | V8: 20022 | W8: =+V8*H8 -> 0 | X8: =+W8+V8 -> 20022 | Y8: 21449 | Z8: =+Y8*H8 -> 0 | AA8: =+Z8+Y8 -> 21449 | AB8: 18611 | AC8: =+AB8*H8 -> 0 | AD8: =+AC8+AB8 -> 18611 | AE8: =COUNT(L8,O8,R8,U8,X8,AA8,AD8) -> 7 | AF8: =ROUND(AVERAGE(L8,O8,R8,U8,X8,AA8,AD8),0) -> 20000 | AG8: =_xlfn.STDEV.P(L8,O8,R8,U8,X8,AA8,AD8) -> 1025.0307 | AH8: =AG8/AF8 -> 0.051251537 | AI8: =IF(AE8<2,"NO",IF(AH8>0.35,"NO","SI")) -> SI
A9: =1+A8 -> 6 | B9: ALIMENTACIÓN | C9: COMPRA | D9: GALLETAS ARTESANALES | E9: 90101603 | F9: Paquete de galletas artesanales de 7 unidades de minímo 300 grm, con decoración adecuada al evento | G9: UN | H9: =IF(OR(ISNUMBER(SEARCH("ALIMENTACIÓN",B9)),ISNUMBER(SEARCH("ALIMENTACION",B9))),0,IF(AND(ISNUMBER(SEARCH("AMBIENTE",B9)),OR(ISNUMBER(SEARCH("Semilla",D9)),ISNUMBER(SEARCH("ESPECIE VEGETAL",D9)),ISNUMBER(SEARCH("Fertilizante",D9)),ISNUMBER(SEARCH("Humus",D9)),ISNUMBER(SEARCH("Micorrizas",D9)),ISNUMBER(SEARCH("Cascarilla",D9)),ISNUMBER(SEARCH("Turba",D9)))),0,IF(AND(ISNUMBER(SEARCH("ANIMALES",B9)),OR(ISNUMBER(SEARCH("ALIMENTO",D9)),ISNUMBER(SEARCH("Alimento",D9)))),0.05,IF(ISNUMBER(SEARCH("ANIMALES",B9)),0.19,IF(ISNUMBER(SEARCH("AMBIENTE",B9)),0.19,IF(ISNUMBER(SEARCH("CULTURA",B9)),0.19,IF(ISNUMBER(SEARCH("DEPORTE",B9)),0.19,IF(ISNUMBER(SEARCH("Bioseguridad",B9)),0.19,IF(ISNUMBER(SEARCH("DOTACIÓN",B9)),0.19,IF(ISNUMBER(SEARCH("SERVICIO",C9)),0.19,0.19)))))))))) -> 0 | I9: =+AF9 -> 5600 | J9: 6145 | K9: =+J9*H9 -> 0 | L9: =+J9+K9 -> 6145 | M9: 5741 | N9: =+M9*H9 -> 0 | O9: =+M9+N9 -> 5741 | P9: 5830 | Q9: =+P9*H9 -> 0 | R9: =+P9+Q9 -> 5830 | S9: 5498 | T9: =+S9*H9 -> 0 | U9: =+T9+S9 -> 5498 | V9: 5102 | W9: =+V9*H9 -> 0 | X9: =+W9+V9 -> 5102 | Y9: 5896 | Z9: =+Y9*H9 -> 0 | AA9: =+Z9+Y9 -> 5896 | AB9: 4988 | AC9: =+AB9*H9 -> 0 | AD9: =+AC9+AB9 -> 4988 | AE9: =COUNT(L9,O9,R9,U9,X9,AA9,AD9) -> 7 | AF9: =ROUND(AVERAGE(L9,O9,R9,U9,X9,AA9,AD9),0) -> 5600 | AG9: =_xlfn.STDEV.P(L9,O9,R9,U9,X9,AA9,AD9) -> 394.67419 | AH9: =AG9/AF9 -> 0.070477533 | AI9: =IF(AE9<2,"NO",IF(AH9>0.35,"NO","SI")) -> SI
A10: =1+A9 -> 7 | B10: ALIMENTACIÓN | C10: COMPRA | D10: REFRIGERIO COMPUESTO TIPO 1 | E10: 90101603 | F10: refrigerio compuesto de Un sándwich tipo baguete de jamón, queso, lechuga y salsas de 250 gr; y/o, Un sándwich tipo baguete de pollo, lechuga y salsas de 250 gr y/o perro caliente de mínimo 14 cm, -1 brownie mínimo 80gr, 1 Jugo: Mínimo 200 ml de contenido (envase tetra pack y/o botella plástica desechable) que contenga 14% de fruta, 4,5% de calorías, sin conservantes ni sabores artificiales 4 una porción de fruta de mínimo 120 gr (manzana, pera, banano, mango, pitaya, granadilla) . El refrigerio debe estar en empaque individual en bandeja y/o bolsa elaborada en cartón 100 %reciclable y biodegradable, debe ser balanceado y responder a la normatividad vigente en lo que corresponde a las características organolépticas de conservación. Este debe incluir la transporte y entrega en el sitio de las reuniones | G10: UN | H10: =IF(OR(ISNUMBER(SEARCH("ALIMENTACIÓN",B10)),ISNUMBER(SEARCH("ALIMENTACION",B10))),0,IF(AND(ISNUMBER(SEARCH("AMBIENTE",B10)),OR(ISNUMBER(SEARCH("Semilla",D10)),ISNUMBER(SEARCH("ESPECIE VEGETAL",D10)),ISNUMBER(SEARCH("Fertilizante",D10)),ISNUMBER(SEARCH("Humus",D10)),ISNUMBER(SEARCH("Micorrizas",D10)),ISNUMBER(SEARCH("Cascarilla",D10)),ISNUMBER(SEARCH("Turba",D10)))),0,IF(AND(ISNUMBER(SEARCH("ANIMALES",B10)),OR(ISNUMBER(SEARCH("ALIMENTO",D10)),ISNUMBER(SEARCH("Alimento",D10)))),0.05,IF(ISNUMBER(SEARCH("ANIMALES",B10)),0.19,IF(ISNUMBER(SEARCH("AMBIENTE",B10)),0.19,IF(ISNUMBER(SEARCH("CULTURA",B10)),0.19,IF(ISNUMBER(SEARCH("DEPORTE",B10)),0.19,IF(ISNUMBER(SEARCH("Bioseguridad",B10)),0.19,IF(ISNUMBER(SEARCH("DOTACIÓN",B10)),0.19,IF(ISNUMBER(SEARCH("SERVICIO",C10)),0.19,0.19)))))))))) -> 0 | I10: =+AF10 -> 22300 | J10: 22030 | K10: =+J10*H10 -> 0 | L10: =+J10+K10 -> 22030 | M10: 20384 | N10: =+M10*H10 -> 0 | O10: =+M10+N10 -> 20384 | P10: 24273 | Q10: =+P10*H10 -> 0 | R10: =+P10+Q10 -> 24273 | S10: 20223 | T10: =+S10*H10 -> 0 | U10: =+T10+S10 -> 20223 | V10: 20171 | W10: =+V10*H10 -> 0 | X10: =+W10+V10 -> 20171 | Y10: 20174 | Z10: =+Y10*H10 -> 0 | AA10: =+Z10+Y10 -> 20174 | AB10: 28845 | AC10: =+AB10*H10 -> 0 | AD10: =+AC10+AB10 -> 28845 | AE10: =COUNT(L10,O10,R10,U10,X10,AA10,AD10) -> 7 | AF10: =ROUND(AVERAGE(L10,O10,R10,U10,X10,AA10,AD10),0) -> 22300 | AG10: =_xlfn.STDEV.P(L10,O10,R10,U10,X10,AA10,AD10) -> 3019.9375 | AH10: =AG10/AF10 -> 0.1354232 | AI10: =IF(AE10<2,"NO",IF(AH10>0.35,"NO","SI")) -> SI
A11: =1+A10 -> 8 | B11: ALIMENTACIÓN | C11: COMPRA | D11: REFRIGERIO COMPUESTO TIPO 2 | E11: 90101603 | F11: Consta de: Un pasabocas hojaldrado croissant, pastel relleno con proteína animal mínimo 150 gr, 1 mini brownie 45gr 3. Jugo: Mínimo 200 ml de contenido (envase tetra pack y/o botella plástica desechable) que contenga 14% de fruta, 4,5% de calorías, sin conservantes ni sabores artificiales 4 una porción de fruta de mínimo 150 gr (manzana, pera, banano, mango, pitaya, granadilla) . El refrigerio debe estar en empaque individual en bandeja elaborada en cartón 100 %reciclable y biodegradable, debe ser balanceado y responder a la normatividad vigente en lo que corresponde a las características organolépticas de conservación. Este debe incluir la transporte y entrega en el sitio de las reuniones | G11: UN | H11: =IF(OR(ISNUMBER(SEARCH("ALIMENTACIÓN",B11)),ISNUMBER(SEARCH("ALIMENTACION",B11))),0,IF(AND(ISNUMBER(SEARCH("AMBIENTE",B11)),OR(ISNUMBER(SEARCH("Semilla",D11)),ISNUMBER(SEARCH("ESPECIE VEGETAL",D11)),ISNUMBER(SEARCH("Fertilizante",D11)),ISNUMBER(SEARCH("Humus",D11)),ISNUMBER(SEARCH("Micorrizas",D11)),ISNUMBER(SEARCH("Cascarilla",D11)),ISNUMBER(SEARCH("Turba",D11)))),0,IF(AND(ISNUMBER(SEARCH("ANIMALES",B11)),OR(ISNUMBER(SEARCH("ALIMENTO",D11)),ISNUMBER(SEARCH("Alimento",D11)))),0.05,IF(ISNUMBER(SEARCH("ANIMALES",B11)),0.19,IF(ISNUMBER(SEARCH("AMBIENTE",B11)),0.19,IF(ISNUMBER(SEARCH("CULTURA",B11)),0.19,IF(ISNUMBER(SEARCH("DEPORTE",B11)),0.19,IF(ISNUMBER(SEARCH("Bioseguridad",B11)),0.19,IF(ISNUMBER(SEARCH("DOTACIÓN",B11)),0.19,IF(ISNUMBER(SEARCH("SERVICIO",C11)),0.19,0.19)))))))))) -> 0 | I11: =+AF11 -> 17600 | J11: 18572 | K11: =+J11*H11 -> 0 | L11: =+J11+K11 -> 18572 | M11: 16371 | N11: =+M11*H11 -> 0 | O11: =+M11+N11 -> 16371 | P11: 17847 | Q11: =+P11*H11 -> 0 | R11: =+P11+Q11 -> 17847 | S11: 18789 | T11: =+S11*H11 -> 0 | U11: =+T11+S11 -> 18789 | V11: 17345 | W11: =+V11*H11 -> 0 | X11: =+W11+V11 -> 17345 | Y11: 16892 | Z11: =+Y11*H11 -> 0 | AA11: =+Z11+Y11 -> 16892 | AB11: 17384 | AC11: =+AB11*H11 -> 0 | AD11: =+AC11+AB11 -> 17384 | AE11: =COUNT(L11,O11,R11,U11,X11,AA11,AD11) -> 7 | AF11: =ROUND(AVERAGE(L11,O11,R11,U11,X11,AA11,AD11),0) -> 17600 | AG11: =_xlfn.STDEV.P(L11,O11,R11,U11,X11,AA11,AD11) -> 805.5965 | AH11: =AG11/AF11 -> 0.045772528 | AI11: =IF(AE11<2,"NO",IF(AH11>0.35,"NO","SI")) -> SI
A12: =1+A11 -> 9 | B12: ALIMENTACIÓN | C12: COMPRA | D12: SNACK HIDRATACIÓN | E12: 90101603 | F12: Hidratación: botella de agua sin gas de 600ml, bocadillo veleño y fruta en cosecha | G12: UN | H12: =IF(OR(ISNUMBER(SEARCH("ALIMENTACIÓN",B12)),ISNUMBER(SEARCH("ALIMENTACION",B12))),0,IF(AND(ISNUMBER(SEARCH("AMBIENTE",B12)),OR(ISNUMBER(SEARCH("Semilla",D12)),ISNUMBER(SEARCH("ESPECIE VEGETAL",D12)),ISNUMBER(SEARCH("Fertilizante",D12)),ISNUMBER(SEARCH("Humus",D12)),ISNUMBER(SEARCH("Micorrizas",D12)),ISNUMBER(SEARCH("Cascarilla",D12)),ISNUMBER(SEARCH("Turba",D12)))),0,IF(AND(ISNUMBER(SEARCH("ANIMALES",B12)),OR(ISNUMBER(SEARCH("ALIMENTO",D12)),ISNUMBER(SEARCH("Alimento",D12)))),0.05,IF(ISNUMBER(SEARCH("ANIMALES",B12)),0.19,IF(ISNUMBER(SEARCH("AMBIENTE",B12)),0.19,IF(ISNUMBER(SEARCH("CULTURA",B12)),0.19,IF(ISNUMBER(SEARCH("DEPORTE",B12)),0.19,IF(ISNUMBER(SEARCH("Bioseguridad",B12)),0.19,IF(ISNUMBER(SEARCH("DOTACIÓN",B12)),0.19,IF(ISNUMBER(SEARCH("SERVICIO",C12)),0.19,0.19)))))))))) -> 0 | I12: =+AF12 -> 6000 | J12: 5655 | K12: =+J12*H12 -> 0 | L12: =+J12+K12 -> 5655 | M12: 6046 | N12: =+M12*H12 -> 0 | O12: =+M12+N12 -> 6046 | P12: 5702 | Q12: =+P12*H12 -> 0 | R12: =+P12+Q12 -> 5702 | S12: 5762 | T12: =+S12*H12 -> 0 | U12: =+T12+S12 -> 5762 | V12: 5761 | W12: =+V12*H12 -> 0 | X12: =+W12+V12 -> 5761 | Y12: 5789 | Z12: =+Y12*H12 -> 0 | AA12: =+Z12+Y12 -> 5789 | AB12: 7285 | AC12: =+AB12*H12 -> 0 | AD12: =+AC12+AB12 -> 7285 | AE12: =COUNT(L12,O12,R12,U12,X12,AA12,AD12) -> 7 | AF12: =ROUND(AVERAGE(L12,O12,R12,U12,X12,AA12,AD12),0) -> 6000 | AG12: =_xlfn.STDEV.P(L12,O12,R12,U12,X12,AA12,AD12) -> 537.11611 | AH12: =AG12/AF12 -> 0.089519351 | AI12: =IF(AE12<2,"NO",IF(AH12>0.35,"NO","SI")) -> SI
A13: =1+A12 -> 10 | B13: AMBIENTE | C13: COMPRA | D13: Balanza | E13: 41111500 | F13: Tipo electrónica material base acero inoxidable material platón acero inoxidable capacidad 1000 grs a 5000 grs con sensibilidad de 1 grs a 2 grs de medición. La bascula, deberá estar construida en materiales resistentes, antioxidantes y que no afecten por efectos vibratorios la precisión del equipo. | G13: UN | H13: =IF(OR(ISNUMBER(SEARCH("ALIMENTACIÓN",B13)),ISNUMBER(SEARCH("ALIMENTACION",B13))),0,IF(AND(ISNUMBER(SEARCH("AMBIENTE",B13)),OR(ISNUMBER(SEARCH("Semilla",D13)),ISNUMBER(SEARCH("ESPECIE VEGETAL",D13)),ISNUMBER(SEARCH("Fertilizante",D13)),ISNUMBER(SEARCH("Humus",D13)),ISNUMBER(SEARCH("Micorrizas",D13)),ISNUMBER(SEARCH("Cascarilla",D13)),ISNUMBER(SEARCH("Turba",D13)))),0,IF(AND(ISNUMBER(SEARCH("ANIMALES",B13)),OR(ISNUMBER(SEARCH("ALIMENTO",D13)),ISNUMBER(SEARCH("Alimento",D13)))),0.05,IF(ISNUMBER(SEARCH("ANIMALES",B13)),0.19,IF(ISNUMBER(SEARCH("AMBIENTE",B13)),0.19,IF(ISNUMBER(SEARCH("CULTURA",B13)),0.19,IF(ISNUMBER(SEARCH("DEPORTE",B13)),0.19,IF(ISNUMBER(SEARCH("Bioseguridad",B13)),0.19,IF(ISNUMBER(SEARCH("DOTACIÓN",B13)),0.19,IF(ISNUMBER(SEARCH("SERVICIO",C13)),0.19,0.19)))))))))) -> 0.19 | I13: =+AF13 -> 47899 | J13: 41819 | K13: =+J13*H13 -> 7945.61 | L13: =+J13+K13 -> 49764.61 | M13: 41324 | N13: =+M13*H13 -> 7851.56 | O13: =+M13+N13 -> 49175.56 | P13: 43748 | Q13: =+P13*H13 -> 8312.12 | R13: =+P13+Q13 -> 52060.12 | S13: 40702 | T13: =+S13*H13 -> 7733.38 | U13: =+T13+S13 -> 48435.38 | V13: 37474 | W13: =+V13*H13 -> 7120.06 | X13: =+W13+V13 -> 44594.06 | Y13: 40583 | Z13: =+Y13*H13 -> 7710.77 | AA13: =+Z13+Y13 -> 48293.77 | AB13: 36111 | AC13: =+AB13*H13 -> 6861.09 | AD13: =+AC13+AB13 -> 42972.09 | AE13: =COUNT(L13,O13,R13,U13,X13,AA13,AD13) -> 7 | AF13: =ROUND(AVERAGE(L13,O13,R13,U13,X13,AA13,AD13),0) -> 47899 | AG13: =_xlfn.STDEV.P(L13,O13,R13,U13,X13,AA13,AD13) -> 2880.1201 | AH13: =AG13/AF13 -> 0.060129023 | AI13: =IF(AE13<2,"NO",IF(AH13>0.35,"NO","SI")) -> SI
A14: =1+A13 -> 11 | B14: AMBIENTE | C14: COMPRA | D14: Balde construcción | E14: 24110000 | F14: Amigable con el medio ambiente sin perder sus cualidades de resistencia y durabilidad. Polietileno 100% reciclado. Resistente a los golpes y deformaciones. Manija metálica recubierta con elastómero para mayor comodidad, usos: Para cargue y transporte de concreto, escombros, arena y cualquier material para la construcción en general, Capacidad 12 litros. | G14: UN | H14: =IF(OR(ISNUMBER(SEARCH("ALIMENTACIÓN",B14)),ISNUMBER(SEARCH("ALIMENTACION",B14))),0,IF(AND(ISNUMBER(SEARCH("AMBIENTE",B14)),OR(ISNUMBER(SEARCH("Semilla",D14)),ISNUMBER(SEARCH("ESPECIE VEGETAL",D14)),ISNUMBER(SEARCH("Fertilizante",D14)),ISNUMBER(SEARCH("Humus",D14)),ISNUMBER(SEARCH("Micorrizas",D14)),ISNUMBER(SEARCH("Cascarilla",D14)),ISNUMBER(SEARCH("Turba",D14)))),0,IF(AND(ISNUMBER(SEARCH("ANIMALES",B14)),OR(ISNUMBER(SEARCH("ALIMENTO",D14)),ISNUMBER(SEARCH("Alimento",D14)))),0.05,IF(ISNUMBER(SEARCH("ANIMALES",B14)),0.19,IF(ISNUMBER(SEARCH("AMBIENTE",B14)),0.19,IF(ISNUMBER(SEARCH("CULTURA",B14)),0.19,IF(ISNUMBER(SEARCH("DEPORTE",B14)),0.19,IF(ISNUMBER(SEARCH("Bioseguridad",B14)),0.19,IF(ISNUMBER(SEARCH("DOTACIÓN",B14)),0.19,IF(ISNUMBER(SEARCH("SERVICIO",C14)),0.19,0.19)))))))))) -> 0.19 | I14: =+AF14 -> 22899 | J14: 19205 | K14: =+J14*H14 -> 3648.95 | L14: =+J14+K14 -> 22853.95 | M14: 20800 | N14: =+M14*H14 -> 3952 | O14: =+M14+N14 -> 24752 | P14: 19493 | Q14: =+P14*H14 -> 3703.67 | R14: =+P14+Q14 -> 23196.67 | S14: 17889 | T14: =+S14*H14 -> 3398.91 | U14: =+T14+S14 -> 21287.91 | V14: 18059 | W14: =+V14*H14 -> 3431.21 | X14: =+W14+V14 -> 21490.21 | Y14: 19777 | Z14: =+Y14*H14 -> 3757.63 | AA14: =+Z14+Y14 -> 23534.63 | AB14: 19479 | AC14: =+AB14*H14 -> 3701.01 | AD14: =+AC14+AB14 -> 23180.01 | AE14: =COUNT(L14,O14,R14,U14,X14,AA14,AD14) -> 7 | AF14: =ROUND(AVERAGE(L14,O14,R14,U14,X14,AA14,AD14),0) -> 22899 | AG14: =_xlfn.STDEV.P(L14,O14,R14,U14,X14,AA14,AD14) -> 1107.606 | AH14: =AG14/AF14 -> 0.048369187 | AI14: =IF(AE14<2,"NO",IF(AH14>0.35,"NO","SI")) -> SI
A15: =1+A14 -> 12 | B15: AMBIENTE | C15: COMPRA | D15: Bandejas | E15: 21101612 | F15: Bandeja de germinación x 200 alveolos | G15: UN | H15: =IF(OR(ISNUMBER(SEARCH("ALIMENTACIÓN",B15)),ISNUMBER(SEARCH("ALIMENTACION",B15))),0,IF(AND(ISNUMBER(SEARCH("AMBIENTE",B15)),OR(ISNUMBER(SEARCH("Semilla",D15)),ISNUMBER(SEARCH("ESPECIE VEGETAL",D15)),ISNUMBER(SEARCH("Fertilizante",D15)),ISNUMBER(SEARCH("Humus",D15)),ISNUMBER(SEARCH("Micorrizas",D15)),ISNUMBER(SEARCH("Cascarilla",D15)),ISNUMBER(SEARCH("Turba",D15)))),0,IF(AND(ISNUMBER(SEARCH("ANIMALES",B15)),OR(ISNUMBER(SEARCH("ALIMENTO",D15)),ISNUMBER(SEARCH("Alimento",D15)))),0.05,IF(ISNUMBER(SEARCH("ANIMALES",B15)),0.19,IF(ISNUMBER(SEARCH("AMBIENTE",B15)),0.19,IF(ISNUMBER(SEARCH("CULTURA",B15)),0.19,IF(ISNUMBER(SEARCH("DEPORTE",B15)),0.19,IF(ISNUMBER(SEARCH("Bioseguridad",B15)),0.19,IF(ISNUMBER(SEARCH("DOTACIÓN",B15)),0.19,IF(ISNUMBER(SEARCH("SERVICIO",C15)),0.19,0.19)))))))))) -> 0.19 | I15: =+AF15 -> 24000 | J15: 18881 | K15: =+J15*H15 -> 3587.39 | L15: =+J15+K15 -> 22468.39 | M15: 19793 | N15: =+M15*H15 -> 3760.67 | O15: =+M15+N15 -> 23553.67 | P15: 18448 | Q15: =+P15*H15 -> 3505.12 | R15: =+P15+Q15 -> 21953.12 | S15: 20919 | T15: =+S15*H15 -> 3974.61 | U15: =+T15+S15 -> 24893.61 | V15: 18210 | W15: =+V15*H15 -> 3459.9 | X15: =+W15+V15 -> 21669.9 | Y15: 19910 | Z15: =+Y15*H15 -> 3782.9 | AA15: =+Z15+Y15 -> 23692.9 | AB15: 25013 | AC15: =+AB15*H15 -> 4752.47 | AD15: =+AC15+AB15 -> 29765.47 | AE15: =COUNT(L15,O15,R15,U15,X15,AA15,AD15) -> 7 | AF15: =ROUND(AVERAGE(L15,O15,R15,U15,X15,AA15,AD15),0) -> 24000 | AG15: =_xlfn.STDEV.P(L15,O15,R15,U15,X15,AA15,AD15) -> 2571.7591 | AH15: =AG15/AF15 -> 0.10715663 | AI15: =IF(AE15<2,"NO",IF(AH15>0.35,"NO","SI")) -> SI
A16: =1+A15 -> 13 | B16: AMBIENTE | C16: COMPRA | D16: BOLSAS ECOLOGICAS | E16: 90101603 | F16: Bolsas ecológicas en cambrel con agarraderas. Estas deben tener una medida de 50cm de alto x 60cm de ancho. Debe contar con estampados alusivos al proceso de separación en la fuente, logos de la Alcaldía Mayor de Bogotá y de la Alcaldía Local de Rafael Uribe Uribe, los cuales deben estar en policromía. | G16: UN | H16: =IF(OR(ISNUMBER(SEARCH("ALIMENTACIÓN",B16)),ISNUMBER(SEARCH("ALIMENTACION",B16))),0,IF(AND(ISNUMBER(SEARCH("AMBIENTE",B16)),OR(ISNUMBER(SEARCH("Semilla",D16)),ISNUMBER(SEARCH("ESPECIE VEGETAL",D16)),ISNUMBER(SEARCH("Fertilizante",D16)),ISNUMBER(SEARCH("Humus",D16)),ISNUMBER(SEARCH("Micorrizas",D16)),ISNUMBER(SEARCH("Cascarilla",D16)),ISNUMBER(SEARCH("Turba",D16)))),0,IF(AND(ISNUMBER(SEARCH("ANIMALES",B16)),OR(ISNUMBER(SEARCH("ALIMENTO",D16)),ISNUMBER(SEARCH("Alimento",D16)))),0.05,IF(ISNUMBER(SEARCH("ANIMALES",B16)),0.19,IF(ISNUMBER(SEARCH("AMBIENTE",B16)),0.19,IF(ISNUMBER(SEARCH("CULTURA",B16)),0.19,IF(ISNUMBER(SEARCH("DEPORTE",B16)),0.19,IF(ISNUMBER(SEARCH("Bioseguridad",B16)),0.19,IF(ISNUMBER(SEARCH("DOTACIÓN",B16)),0.19,IF(ISNUMBER(SEARCH("SERVICIO",C16)),0.19,0.19)))))))))) -> 0.19 | I16: =+AF16 -> 10057 | J16: 7924 | K16: =+J16*H16 -> 1505.56 | L16: =+J16+K16 -> 9429.56 | M16: 8425 | N16: =+M16*H16 -> 1600.75 | O16: =+M16+N16 -> 10025.75 | P16: 7612 | Q16: =+P16*H16 -> 1446.28 | R16: =+P16+Q16 -> 9058.28 | S16: 8763 | T16: =+S16*H16 -> 1664.97 | U16: =+T16+S16 -> 10427.97 | V16: 8905 | W16: =+V16*H16 -> 1691.95 | X16: =+W16+V16 -> 10596.95 | Y16: 8692 | Z16: =+Y16*H16 -> 1651.48 | AA16: =+Z16+Y16 -> 10343.48 | AB16: 8835 | AC16: =+AB16*H16 -> 1678.65 | AD16: =+AC16+AB16 -> 10513.65 | AE16: =COUNT(L16,O16,R16,U16,X16,AA16,AD16) -> 7 | AF16: =ROUND(AVERAGE(L16,O16,R16,U16,X16,AA16,AD16),0) -> 10057 | AG16: =_xlfn.STDEV.P(L16,O16,R16,U16,X16,AA16,AD16) -> 549.26734 | AH16: =AG16/AF16 -> 0.054615426 | AI16: =IF(AE16<2,"NO",IF(AH16>0.35,"NO","SI")) -> SI
... A125: =1+A124 -> 122 | B125: Bioseguridad | C125: COMPRA | D125: Botas impermeables | E125: 90101603 | F125: Botas impermeables Tallas 36 a la 42 Exterior de: 100.0% Cloruro de polivinilo; Suela de: 100.0% Cloruro de polivinilo; Interior de: 100.0% Poliéster | G125: UN | H125: =IF(OR(ISNUMBER(SEARCH("ALIMENTACIÓN",B125)),ISNUMBER(SEARCH("ALIMENTACION",B125))),0,IF(AND(ISNUMBER(SEARCH("AMBIENTE",B125)),OR(ISNUMBER(SEARCH("Semilla",D125)),ISNUMBER(SEARCH("ESPECIE VEGETAL",D125)),ISNUMBER(SEARCH("Fertilizante",D125)),ISNUMBER(SEARCH("Humus",D125)),ISNUMBER(SEARCH("Micorrizas",D125)),ISNUMBER(SEARCH("Cascarilla",D125)),ISNUMBER(SEARCH("Turba",D125)))),0,IF(AND(ISNUMBER(SEARCH("ANIMALES",B125)),OR(ISNUMBER(SEARCH("ALIMENTO",D125)),ISNUMBER(SEARCH("Alimento",D125)))),0.05,IF(ISNUMBER(SEARCH("ANIMALES",B125)),0.19,IF(ISNUMBER(SEARCH("AMBIENTE",B125)),0.19,IF(ISNUMBER(SEARCH("CULTURA",B125)),0.19,IF(ISNUMBER(SEARCH("DEPORTE",B125)),0.19,IF(ISNUMBER(SEARCH("Bioseguridad",B125)),0.19,IF(ISNUMBER(SEARCH("DOTACIÓN",B125)),0.19,IF(ISNUMBER(SEARCH("SERVICIO",C125)),0.19,0.19)))))))))) -> 0.19 | I125: =+AF125 -> 99999 | J125: 76834 | K125: =+J125*H125 -> 14598.46 | L125: =+J125+K125 -> 91432.46 | M125: 80840 | N125: =+M125*H125 -> 15359.6 | O125: =+M125+N125 -> 96199.6 | P125: 76512 | Q125: =+P125*H125 -> 14537.28 | R125: =+P125+Q125 -> 91049.28 | S125: 89980 | T125: =+S125*H125 -> 17096.2 | U125: =+T125+S125 -> 107076.2 | V125: 81334 | W125: =+V125*H125 -> 15453.46 | X125: =+W125+V125 -> 96787.46 | Y125: 82645 | Z125: =+Y125*H125 -> 15702.55 | AA125: =+Z125+Y125 -> 98347.55 | AB125: 100087 | AC125: =+AB125*H125 -> 19016.53 | AD125: =+AC125+AB125 -> 119103.53 | AE125: =COUNT(L125,O125,R125,U125,X125,AA125,AD125) -> 7 | AF125: =ROUND(AVERAGE(L125,O125,R125,U125,X125,AA125,AD125),0) -> 99999 | AG125: =_xlfn.STDEV.P(L125,O125,R125,U125,X125,AA125,AD125) -> 9227.5181 | AH125: =AG125/AF125 -> 0.092276104 | AI125: =IF(AE125<2,"NO",IF(AH125>0.35,"NO","SI")) -> SI
A126: =1+A125 -> 123 | B126: Bioseguridad | C126: COMPRA | D126: BOTIQUIN TIPO A | E126: 42172000 | F126: Botiquín tipo A de primeros auxilios: - Los elementos con lo que debe contar son los estipulados en la resolución 705 de 2007 de la Secretaría Distrital de Salud 1)_x000D_4 GASA ESTÉRIL 7.5X7.5 POR 5 UND_x000D_2)_x000D_1 ESPARADRAPO DE TELA 4" X5 YARDAS_x000D_3)_x000D_1 BAJALENGUAS PAQ X 20 UND_x000D_4)_x000D_1 GUANTE VINILO CAJA POR 100UNIDADES_x000D_5)_x000D_1 VENDA ELÁSTICA 2" X 5 YARDAS_x000D_6)_x000D_1 VENDA ELÁSTICA 3" X 5 YARDAS_x000D_7)_x000D_1 VENDA ELÁSTICA 5" X 5 YARDAS_x000D_8)_x000D_1 VENDA DE ALGODÓN 3" X 5 YARDAS_x000D_9)_x000D_1 VENDA DE ALGODÓN 5" X 5 YARDAS_x000D_10)_x000D_1 YODOPOVIDONA SOLUCIÓN 120ML_x000D_11)_x000D_2 SOLUCIÓN SALINA 250ML_x000D_12)_x000D_1 TERMOMETRO DIGITAL_x000D_13)_x000D_1 ALCOHOL ANTISÉPTICO FRASCO X 300ML | G126: UN | H126: =IF(OR(ISNUMBER(SEARCH("ALIMENTACIÓN",B126)),ISNUMBER(SEARCH("ALIMENTACION",B126))),0,IF(AND(ISNUMBER(SEARCH("AMBIENTE",B126)),OR(ISNUMBER(SEARCH("Semilla",D126)),ISNUMBER(SEARCH("ESPECIE VEGETAL",D126)),ISNUMBER(SEARCH("Fertilizante",D126)),ISNUMBER(SEARCH("Humus",D126)),ISNUMBER(SEARCH("Micorrizas",D126)),ISNUMBER(SEARCH("Cascarilla",D126)),ISNUMBER(SEARCH("Turba",D126)))),0,IF(AND(ISNUMBER(SEARCH("ANIMALES",B126)),OR(ISNUMBER(SEARCH("ALIMENTO",D126)),ISNUMBER(SEARCH("Alimento",D126)))),0.05,IF(ISNUMBER(SEARCH("ANIMALES",B126)),0.19,IF(ISNUMBER(SEARCH("AMBIENTE",B126)),0.19,IF(ISNUMBER(SEARCH("CULTURA",B126)),0.19,IF(ISNUMBER(SEARCH("DEPORTE",B126)),0.19,IF(ISNUMBER(SEARCH("Bioseguridad",B126)),0.19,IF(ISNUMBER(SEARCH("DOTACIÓN",B126)),0.19,IF(ISNUMBER(SEARCH("SERVICIO",C126)),0.19,0.19)))))))))) -> 0.19 | I126: =+AF126 -> 155999 | J126: 127499 | K126: =+J126*H126 -> 24224.81 | L126: =+J126+K126 -> 151723.81 | M126: 140612 | N126: =+M126*H126 -> 26716.28 | O126: =+M126+N126 -> 167328.28 | P126: 143867 | Q126: =+P126*H126 -> 27334.73 | R126: =+P126+Q126 -> 171201.73 | S126: 129246 | T126: =+S126*H126 -> 24556.74 | U126: =+T126+S126 -> 153802.74 | V126: 124757 | W126: =+V126*H126 -> 23703.83 | X126: =+W126+V126 -> 148460.83 | Y126: 136096 | Z126: =+Y126*H126 -> 25858.24 | AA126: =+Z126+Y126 -> 161954.24 | AB126: 115567 | AC126: =+AB126*H126 -> 21957.73 | AD126: =+AC126+AB126 -> 137524.73 | AE126: =COUNT(L126,O126,R126,U126,X126,AA126,AD126) -> 7 | AF126: =ROUND(AVERAGE(L126,O126,R126,U126,X126,AA126,AD126),0) -> 155999 | AG126: =_xlfn.STDEV.P(L126,O126,R126,U126,X126,AA126,AD126) -> 10797.909 | AH126: =AG126/AF126 -> 0.069217812 | AI126: =IF(AE126<2,"NO",IF(AH126>0.35,"NO","SI")) -> SI
A127: =1+A126 -> 124 | B127: Bioseguridad | C127: COMPRA | D127: BOTIQUIN TIPO B | E127: 42172000 | F127: Botiquín tipo B de primeros auxilios: - Los elementos con lo que debe contar son los estipulados en la resolución 705 de 2007 de la Secretaría Distrital de Salud. 1)1 GASA LIMPIA PAQ X 100 UND2)20 GASA ESTÉRIL 7.5X7.5 POR 5 UND. 3)4 COMPRESA ABDOMINAL4)1 ESPARADRAPO DE TELA 4′′ X5 YARDAS5)1 BAJALENGUAS PAQ X 20 UND6)2 VENDA ELÁSTICA 2′′ X 5 YARDAS7)2 VENDA ELÁSTICA 3′′ X 5 YARDAS8)2 VENDA ELÁSTICA 5′′ X 5 YARDAS9)2 VENDA DE ALGODÓN 3′′ X 5 YARDAS10)2 VENDA DE ALGODÓN 5′′ X 5 YARDAS11)1 YODOPOVIDONA ESPUMA 120ML12)5 SOLUCIÓN SALINA 250ML13)1 GUANTE LATEX POR CAJA DE 100 O DE VINILO SEGÚN DISPONIBILIDAD.14)1 TERMOMETRO DIGITAL15)1 ALCOHOL ANTISÉPTICO FRASCO X 300ML16)1 LINTERNA DINAMO17)1 TIJERA UNIVERSAL PARA TRAUMA18)1 CUELLO PARA INMOVILIZACIÓN CERVICAL USO ADULTO MUL 1 KIT X 3 PIEZAS19)INMOVILIZADORES EN CARTÓN PLAST BRAZO PIERNA TOBILLO20)1 VASOS PAQUETE X 25 UND21)1 ACIDO ACETIL SALICILICO TAB X 10 UND22)2 ACETAMINOFÉN 500 MG TAB X 10 UND.23)1 HIDROXIDO DE ALUMINIO TFRASCO24)2 BARRERA PLÁSTICA DE PROTECCIÓN PARA RCP TIPO LLAVER | G127: UN | H127: =IF(OR(ISNUMBER(SEARCH("ALIMENTACIÓN",B127)),ISNUMBER(SEARCH("ALIMENTACION",B127))),0,IF(AND(ISNUMBER(SEARCH("AMBIENTE",B127)),OR(ISNUMBER(SEARCH("Semilla",D127)),ISNUMBER(SEARCH("ESPECIE VEGETAL",D127)),ISNUMBER(SEARCH("Fertilizante",D127)),ISNUMBER(SEARCH("Humus",D127)),ISNUMBER(SEARCH("Micorrizas",D127)),ISNUMBER(SEARCH("Cascarilla",D127)),ISNUMBER(SEARCH("Turba",D127)))),0,IF(AND(ISNUMBER(SEARCH("ANIMALES",B127)),OR(ISNUMBER(SEARCH("ALIMENTO",D127)),ISNUMBER(SEARCH("Alimento",D127)))),0.05,IF(ISNUMBER(SEARCH("ANIMALES",B127)),0.19,IF(ISNUMBER(SEARCH("AMBIENTE",B127)),0.19,IF(ISNUMBER(SEARCH("CULTURA",B127)),0.19,IF(ISNUMBER(SEARCH("DEPORTE",B127)),0.19,IF(ISNUMBER(SEARCH("Bioseguridad",B127)),0.19,IF(ISNUMBER(SEARCH("DOTACIÓN",B127)),0.19,IF(ISNUMBER(SEARCH("SERVICIO",C127)),0.19,0.19)))))))))) -> 0.19 | I127: =+AF127 -> 387900 | J127: 342957 | K127: =+J127*H127 -> 65161.83 | L127: =+J127+K127 -> 408118.83 | M127: 301164 | N127: =+M127*H127 -> 57221.16 | O127: =+M127+N127 -> 358385.16 | P127: 306896 | Q127: =+P127*H127 -> 58310.24 | R127: =+P127+Q127 -> 365206.24 | S127: 338157 | T127: =+S127*H127 -> 64249.83 | U127: =+T127+S127 -> 402406.83 | V127: 337725 | W127: =+V127*H127 -> 64167.75 | X127: =+W127+V127 -> 401892.75 | Y127: 349048 | Z127: =+Y127*H127 -> 66319.12 | AA127: =+Z127+Y127 -> 415367.12 | AB127: 305815 | AC127: =+AB127*H127 -> 58104.85 | AD127: =+AC127+AB127 -> 363919.85 | AE127: =COUNT(L127,O127,R127,U127,X127,AA127,AD127) -> 7 | AF127: =ROUND(AVERAGE(L127,O127,R127,U127,X127,AA127,AD127),0) -> 387900 | AG127: =_xlfn.STDEV.P(L127,O127,R127,U127,X127,AA127,AD127) -> 22458.435 | AH127: =AG127/AF127 -> 0.057897486 | AI127: =IF(AE127<2,"NO",IF(AH127>0.35,"NO","SI")) -> SI
A128: =1+A127 -> 125 | B128: Bioseguridad | C128: COMPRA | D128: Brazalete Brigadista | E128: 90101603 | F128: Brazalete Brigadista, elaborado en lona tipo morral y vinilo, con banda reflectiva. Cinta elástica negra que permite graduarlo al brazo | G128: UN | H128: =IF(OR(ISNUMBER(SEARCH("ALIMENTACIÓN",B128)),ISNUMBER(SEARCH("ALIMENTACION",B128))),0,IF(AND(ISNUMBER(SEARCH("AMBIENTE",B128)),OR(ISNUMBER(SEARCH("Semilla",D128)),ISNUMBER(SEARCH("ESPECIE VEGETAL",D128)),ISNUMBER(SEARCH("Fertilizante",D128)),ISNUMBER(SEARCH("Humus",D128)),ISNUMBER(SEARCH("Micorrizas",D128)),ISNUMBER(SEARCH("Cascarilla",D128)),ISNUMBER(SEARCH("Turba",D128)))),0,IF(AND(ISNUMBER(SEARCH("ANIMALES",B128)),OR(ISNUMBER(SEARCH("ALIMENTO",D128)),ISNUMBER(SEARCH("Alimento",D128)))),0.05,IF(ISNUMBER(SEARCH("ANIMALES",B128)),0.19,IF(ISNUMBER(SEARCH("AMBIENTE",B128)),0.19,IF(ISNUMBER(SEARCH("CULTURA",B128)),0.19,IF(ISNUMBER(SEARCH("DEPORTE",B128)),0.19,IF(ISNUMBER(SEARCH("Bioseguridad",B128)),0.19,IF(ISNUMBER(SEARCH("DOTACIÓN",B128)),0.19,IF(ISNUMBER(SEARCH("SERVICIO",C128)),0.19,0.19)))))))))) -> 0.19 | I128: =+AF128 -> 3499 | J128: 3100 | K128: =+J128*H128 -> 589 | L128: =+J128+K128 -> 3689 | M128: 2868 | N128: =+M128*H128 -> 544.92 | O128: =+M128+N128 -> 3412.92 | P128: 2666 | Q128: =+P128*H128 -> 506.54 | R128: =+P128+Q128 -> 3172.54 | S128: 2858 | T128: =+S128*H128 -> 543.02 | U128: =+T128+S128 -> 3401.02 | V128: 2669 | W128: =+V128*H128 -> 507.11 | X128: =+W128+V128 -> 3176.11 | Y128: 2671 | Z128: =+Y128*H128 -> 507.49 | AA128: =+Z128+Y128 -> 3178.49 | AB128: 3752 | AC128: =+AB128*H128 -> 712.88 | AD128: =+AC128+AB128 -> 4464.88 | AE128: =COUNT(L128,O128,R128,U128,X128,AA128,AD128) -> 7 | AF128: =ROUND(AVERAGE(L128,O128,R128,U128,X128,AA128,AD128),0) -> 3499 | AG128: =_xlfn.STDEV.P(L128,O128,R128,U128,X128,AA128,AD128) -> 430.87854 | AH128: =AG128/AF128 -> 0.12314334 | AI128: =IF(AE128<2,"NO",IF(AH128>0.35,"NO","SI")) -> SI
A129: =1+A128 -> 126 | B129: Bioseguridad | C129: COMPRA | D129: CAMILLA: | E129: 90101603 | F129: CAMILLA:: Higiénica, traslucida, material polietileno de alta densidad.Tamaño: 184 cm. x 45 cm x 6.5cm Peso: 7 Kg ,Soporta carga: mínimo 130 Kg.Inmovilizador: 8 correas de nylon de 2” con velcro y cintas reflectiva. Almohadilla para sostener y proteger cabeza. Colores: Anaranjado o amarillo. | G129: UN | H129: =IF(OR(ISNUMBER(SEARCH("ALIMENTACIÓN",B129)),ISNUMBER(SEARCH("ALIMENTACION",B129))),0,IF(AND(ISNUMBER(SEARCH("AMBIENTE",B129)),OR(ISNUMBER(SEARCH("Semilla",D129)),ISNUMBER(SEARCH("ESPECIE VEGETAL",D129)),ISNUMBER(SEARCH("Fertilizante",D129)),ISNUMBER(SEARCH("Humus",D129)),ISNUMBER(SEARCH("Micorrizas",D129)),ISNUMBER(SEARCH("Cascarilla",D129)),ISNUMBER(SEARCH("Turba",D129)))),0,IF(AND(ISNUMBER(SEARCH("ANIMALES",B129)),OR(ISNUMBER(SEARCH("ALIMENTO",D129)),ISNUMBER(SEARCH("Alimento",D129)))),0.05,IF(ISNUMBER(SEARCH("ANIMALES",B129)),0.19,IF(ISNUMBER(SEARCH("AMBIENTE",B129)),0.19,IF(ISNUMBER(SEARCH("CULTURA",B129)),0.19,IF(ISNUMBER(SEARCH("DEPORTE",B129)),0.19,IF(ISNUMBER(SEARCH("Bioseguridad",B129)),0.19,IF(ISNUMBER(SEARCH("DOTACIÓN",B129)),0.19,IF(ISNUMBER(SEARCH("SERVICIO",C129)),0.19,0.19)))))))))) -> 0.19 | I129: =+AF129 -> 139999 | J129: 119043 | K129: =+J129*H129 -> 22618.17 | L129: =+J129+K129 -> 141661.17 | M129: 128004 | N129: =+M129*H129 -> 24320.76 | O129: =+M129+N129 -> 152324.76 | P129: 121878 | Q129: =+P129*H129 -> 23156.82 | R129: =+P129+Q129 -> 145034.82 | S129: 121913 | T129: =+S129*H129 -> 23163.47 | U129: =+T129+S129 -> 145076.47 | V129: 116563 | W129: =+V129*H129 -> 22146.97 | X129: =+W129+V129 -> 138709.97 | Y129: 124463 | Z129: =+Y129*H129 -> 23647.97 | AA129: =+Z129+Y129 -> 148110.97 | AB129: 91662 | AC129: =+AB129*H129 -> 17415.78 | AD129: =+AC129+AB129 -> 109077.78 | AE129: =COUNT(L129,O129,R129,U129,X129,AA129,AD129) -> 7 | AF129: =ROUND(AVERAGE(L129,O129,R129,U129,X129,AA129,AD129),0) -> 139999 | AG129: =_xlfn.STDEV.P(L129,O129,R129,U129,X129,AA129,AD129) -> 13252.573 | AH129: =AG129/AF129 -> 0.094661912 | AI129: =IF(AE129<2,"NO",IF(AH129>0.35,"NO","SI")) -> SI
A130: =1+A129 -> 127 | B130: Bioseguridad | C130: COMPRA | D130: Casco de Seguridad | E130: 90101603 | F130: Casco de Seguridad, peso de 1 kg y sus medidas son 29 cm x 28 cm x 38 cm, | G130: UN | H130: =IF(OR(ISNUMBER(SEARCH("ALIMENTACIÓN",B130)),ISNUMBER(SEARCH("ALIMENTACION",B130))),0,IF(AND(ISNUMBER(SEARCH("AMBIENTE",B130)),OR(ISNUMBER(SEARCH("Semilla",D130)),ISNUMBER(SEARCH("ESPECIE VEGETAL",D130)),ISNUMBER(SEARCH("Fertilizante",D130)),ISNUMBER(SEARCH("Humus",D130)),ISNUMBER(SEARCH("Micorrizas",D130)),ISNUMBER(SEARCH("Cascarilla",D130)),ISNUMBER(SEARCH("Turba",D130)))),0,IF(AND(ISNUMBER(SEARCH("ANIMALES",B130)),OR(ISNUMBER(SEARCH("ALIMENTO",D130)),ISNUMBER(SEARCH("Alimento",D130)))),0.05,IF(ISNUMBER(SEARCH("ANIMALES",B130)),0.19,IF(ISNUMBER(SEARCH("AMBIENTE",B130)),0.19,IF(ISNUMBER(SEARCH("CULTURA",B130)),0.19,IF(ISNUMBER(SEARCH("DEPORTE",B130)),0.19,IF(ISNUMBER(SEARCH("Bioseguridad",B130)),0.19,IF(ISNUMBER(SEARCH("DOTACIÓN",B130)),0.19,IF(ISNUMBER(SEARCH("SERVICIO",C130)),0.19,0.19)))))))))) -> 0.19 | I130: =+AF130 -> 42899 | J130: 33584 | K130: =+J130*H130 -> 6380.96 | L130: =+J130+K130 -> 39964.96 | M130: 34043 | N130: =+M130*H130 -> 6468.17 | O130: =+M130+N130 -> 40511.17 | P130: 38721 | Q130: =+P130*H130 -> 7356.99 | R130: =+P130+Q130 -> 46077.99 | S130: 36059 | T130: =+S130*H130 -> 6851.21 | U130: =+T130+S130 -> 42910.21 | V130: 34431 | W130: =+V130*H130 -> 6541.89 | X130: =+W130+V130 -> 40972.89 | Y130: 33563 | Z130: =+Y130*H130 -> 6376.97 | AA130: =+Z130+Y130 -> 39939.97 | AB130: 41947 | AC130: =+AB130*H130 -> 7969.93 | AD130: =+AC130+AB130 -> 49916.93 | AE130: =COUNT(L130,O130,R130,U130,X130,AA130,AD130) -> 7 | AF130: =ROUND(AVERAGE(L130,O130,R130,U130,X130,AA130,AD130),0) -> 42899 | AG130: =_xlfn.STDEV.P(L130,O130,R130,U130,X130,AA130,AD130) -> 3507.8183 | AH130: =AG130/AF130 -> 0.081769233 | AI130: =IF(AE130<2,"NO",IF(AH130>0.35,"NO","SI")) -> SI
A131: =1+A130 -> 128 | B131: Bioseguridad | C131: COMPRA | D131: CEMENTO | E131: 90101603 | F131: Bultos de cemento x 50 Kg | G131: UN | H131: =IF(OR(ISNUMBER(SEARCH("ALIMENTACIÓN",B131)),ISNUMBER(SEARCH("ALIMENTACION",B131))),0,IF(AND(ISNUMBER(SEARCH("AMBIENTE",B131)),OR(ISNUMBER(SEARCH("Semilla",D131)),ISNUMBER(SEARCH("ESPECIE VEGETAL",D131)),ISNUMBER(SEARCH("Fertilizante",D131)),ISNUMBER(SEARCH("Humus",D131)),ISNUMBER(SEARCH("Micorrizas",D131)),ISNUMBER(SEARCH("Cascarilla",D131)),ISNUMBER(SEARCH("Turba",D131)))),0,IF(AND(ISNUMBER(SEARCH("ANIMALES",B131)),OR(ISNUMBER(SEARCH("ALIMENTO",D131)),ISNUMBER(SEARCH("Alimento",D131)))),0.05,IF(ISNUMBER(SEARCH("ANIMALES",B131)),0.19,IF(ISNUMBER(SEARCH("AMBIENTE",B131)),0.19,IF(ISNUMBER(SEARCH("CULTURA",B131)),0.19,IF(ISNUMBER(SEARCH("DEPORTE",B131)),0.19,IF(ISNUMBER(SEARCH("Bioseguridad",B131)),0.19,IF(ISNUMBER(SEARCH("DOTACIÓN",B131)),0.19,IF(ISNUMBER(SEARCH("SERVICIO",C131)),0.19,0.19)))))))))) -> 0.19 | I131: =+AF131 -> 38249 | J131: 34072 | K131: =+J131*H131 -> 6473.68 | L131: =+J131+K131 -> 40545.68 | M131: 30117 | N131: =+M131*H131 -> 5722.23 | O131: =+M131+N131 -> 35839.23 | P131: 35251 | Q131: =+P131*H131 -> 6697.69 | R131: =+P131+Q131 -> 41948.69 | S131: 32505 | T131: =+S131*H131 -> 6175.95 | U131: =+T131+S131 -> 38680.95 | V131: 30321 | W131: =+V131*H131 -> 5760.99 | X131: =+W131+V131 -> 36081.99 | Y131: 34229 | Z131: =+Y131*H131 -> 6503.51 | AA131: =+Z131+Y131 -> 40732.51 | AB131: 28502 | AC131: =+AB131*H131 -> 5415.38 | AD131: =+AC131+AB131 -> 33917.38 | AE131: =COUNT(L131,O131,R131,U131,X131,AA131,AD131) -> 7 | AF131: =ROUND(AVERAGE(L131,O131,R131,U131,X131,AA131,AD131),0) -> 38249 | AG131: =_xlfn.STDEV.P(L131,O131,R131,U131,X131,AA131,AD131) -> 2792.4056 | AH131: =AG131/AF131 -> 0.073005976 | AI131: =IF(AE131<2,"NO",IF(AH131>0.35,"NO","SI")) -> SI
A132: =1+A131 -> 129 | B132: Bioseguridad | C132: COMPRA | D132: CHALECO REFLECTIVO | E132: 90101603 | F132: Chaleco reflectivo- color NARANJA Ecierre con velcro | G132: UN | H132: =IF(OR(ISNUMBER(SEARCH("ALIMENTACIÓN",B132)),ISNUMBER(SEARCH("ALIMENTACION",B132))),0,IF(AND(ISNUMBER(SEARCH("AMBIENTE",B132)),OR(ISNUMBER(SEARCH("Semilla",D132)),ISNUMBER(SEARCH("ESPECIE VEGETAL",D132)),ISNUMBER(SEARCH("Fertilizante",D132)),ISNUMBER(SEARCH("Humus",D132)),ISNUMBER(SEARCH("Micorrizas",D132)),ISNUMBER(SEARCH("Cascarilla",D132)),ISNUMBER(SEARCH("Turba",D132)))),0,IF(AND(ISNUMBER(SEARCH("ANIMALES",B132)),OR(ISNUMBER(SEARCH("ALIMENTO",D132)),ISNUMBER(SEARCH("Alimento",D132)))),0.05,IF(ISNUMBER(SEARCH("ANIMALES",B132)),0.19,IF(ISNUMBER(SEARCH("AMBIENTE",B132)),0.19,IF(ISNUMBER(SEARCH("CULTURA",B132)),0.19,IF(ISNUMBER(SEARCH("DEPORTE",B132)),0.19,IF(ISNUMBER(SEARCH("Bioseguridad",B132)),0.19,IF(ISNUMBER(SEARCH("DOTACIÓN",B132)),0.19,IF(ISNUMBER(SEARCH("SERVICIO",C132)),0.19,0.19)))))))))) -> 0.19 | I132: =+AF132 -> 14899 | J132: 11402 | K132: =+J132*H132 -> 2166.38 | L132: =+J132+K132 -> 13568.38 | M132: 12873 | N132: =+M132*H132 -> 2445.87 | O132: =+M132+N132 -> 15318.87 | P132: 11575 | Q132: =+P132*H132 -> 2199.25 | R132: =+P132+Q132 -> 13774.25 | S132: 11946 | T132: =+S132*H132 -> 2269.74 | U132: =+T132+S132 -> 14215.74 | V132: 11826 | W132: =+V132*H132 -> 2246.94 | X132: =+W132+V132 -> 14072.94 | Y132: 12386 | Z132: =+Y132*H132 -> 2353.34 | AA132: =+Z132+Y132 -> 14739.34 | AB132: 15636 | AC132: =+AB132*H132 -> 2970.84 | AD132: =+AC132+AB132 -> 18606.84 | AE132: =COUNT(L132,O132,R132,U132,X132,AA132,AD132) -> 7 | AF132: =ROUND(AVERAGE(L132,O132,R132,U132,X132,AA132,AD132),0) -> 14899 | AG132: =_xlfn.STDEV.P(L132,O132,R132,U132,X132,AA132,AD132) -> 1609.5558 | AH132: =AG132/AF132 -> 0.10803113 | AI132: =IF(AE132<2,"NO",IF(AH132>0.35,"NO","SI")) -> SI
A133: =1+A132 -> 130 | B133: Bioseguridad | C133: COMPRA | D133: Delantal | E133: 46181501 | F133: Delantal en Tela Antifluido Cuerpo Entero Unisex | G133: UN | H133: =IF(OR(ISNUMBER(SEARCH("ALIMENTACIÓN",B133)),ISNUMBER(SEARCH("ALIMENTACION",B133))),0,IF(AND(ISNUMBER(SEARCH("AMBIENTE",B133)),OR(ISNUMBER(SEARCH("Semilla",D133)),ISNUMBER(SEARCH("ESPECIE VEGETAL",D133)),ISNUMBER(SEARCH("Fertilizante",D133)),ISNUMBER(SEARCH("Humus",D133)),ISNUMBER(SEARCH("Micorrizas",D133)),ISNUMBER(SEARCH("Cascarilla",D133)),ISNUMBER(SEARCH("Turba",D133)))),0,IF(AND(ISNUMBER(SEARCH("ANIMALES",B133)),OR(ISNUMBER(SEARCH("ALIMENTO",D133)),ISNUMBER(SEARCH("Alimento",D133)))),0.05,IF(ISNUMBER(SEARCH("ANIMALES",B133)),0.19,IF(ISNUMBER(SEARCH("AMBIENTE",B133)),0.19,IF(ISNUMBER(SEARCH("CULTURA",B133)),0.19,IF(ISNUMBER(SEARCH("DEPORTE",B133)),0.19,IF(ISNUMBER(SEARCH("Bioseguridad",B133)),0.19,IF(ISNUMBER(SEARCH("DOTACIÓN",B133)),0.19,IF(ISNUMBER(SEARCH("SERVICIO",C133)),0.19,0.19)))))))))) -> 0.19 | I133: =+AF133 -> 25900 | J133: 23265 | K133: =+J133*H133 -> 4420.35 | L133: =+J133+K133 -> 27685.35 | M133: 23758 | N133: =+M133*H133 -> 4514.02 | O133: =+M133+N133 -> 28272.02 | P133: 22241 | Q133: =+P133*H133 -> 4225.79 | R133: =+P133+Q133 -> 26466.79 | S133: 20814 | T133: =+S133*H133 -> 3954.66 | U133: =+T133+S133 -> 24768.66 | V133: 20544 | W133: =+V133*H133 -> 3903.36 | X133: =+W133+V133 -> 24447.36 | Y133: 22160 | Z133: =+Y133*H133 -> 4210.4 | AA133: =+Z133+Y133 -> 26370.4 | AB133: 19568 | AC133: =+AB133*H133 -> 3717.92 | AD133: =+AC133+AB133 -> 23285.92 | AE133: =COUNT(L133,O133,R133,U133,X133,AA133,AD133) -> 7 | AF133: =ROUND(AVERAGE(L133,O133,R133,U133,X133,AA133,AD133),0) -> 25900 | AG133: =_xlfn.STDEV.P(L133,O133,R133,U133,X133,AA133,AD133) -> 1672.4655 | AH133: =AG133/AF133 -> 0.064573958 | AI133: =IF(AE133<2,"NO",IF(AH133>0.35,"NO","SI")) -> SI
A134: =1+A133 -> 131 | B134: Bioseguridad | C134: COMPRA | D134: Extintor multipropósitos | E134: 90101603 | F134: Extintor multipropósitos de 10 Lbs polvo ABC | G134: UN | H134: =IF(OR(ISNUMBER(SEARCH("ALIMENTACIÓN",B134)),ISNUMBER(SEARCH("ALIMENTACION",B134))),0,IF(AND(ISNUMBER(SEARCH("AMBIENTE",B134)),OR(ISNUMBER(SEARCH("Semilla",D134)),ISNUMBER(SEARCH("ESPECIE VEGETAL",D134)),ISNUMBER(SEARCH("Fertilizante",D134)),ISNUMBER(SEARCH("Humus",D134)),ISNUMBER(SEARCH("Micorrizas",D134)),ISNUMBER(SEARCH("Cascarilla",D134)),ISNUMBER(SEARCH("Turba",D134)))),0,IF(AND(ISNUMBER(SEARCH("ANIMALES",B134)),OR(ISNUMBER(SEARCH("ALIMENTO",D134)),ISNUMBER(SEARCH("Alimento",D134)))),0.05,IF(ISNUMBER(SEARCH("ANIMALES",B134)),0.19,IF(ISNUMBER(SEARCH("AMBIENTE",B134)),0.19,IF(ISNUMBER(SEARCH("CULTURA",B134)),0.19,IF(ISNUMBER(SEARCH("DEPORTE",B134)),0.19,IF(ISNUMBER(SEARCH("Bioseguridad",B134)),0.19,IF(ISNUMBER(SEARCH("DOTACIÓN",B134)),0.19,IF(ISNUMBER(SEARCH("SERVICIO",C134)),0.19,0.19)))))))))) -> 0.19 | I134: =+AF134 -> 62949 | J134: 49922 | K134: =+J134*H134 -> 9485.18 | L134: =+J134+K134 -> 59407.18 | M134: 53047 | N134: =+M134*H134 -> 10078.93 | O134: =+M134+N134 -> 63125.93 | P134: 52392 | Q134: =+P134*H134 -> 9954.48 | R134: =+P134+Q134 -> 62346.48 | S134: 51383 | T134: =+S134*H134 -> 9762.77 | U134: =+T134+S134 -> 61145.77 | V134: 51837 | W134: =+V134*H134 -> 9849.03 | X134: =+W134+V134 -> 61686.03 | Y134: 50987 | Z134: =+Y134*H134 -> 9687.53 | AA134: =+Z134+Y134 -> 60674.53 | AB134: 60723 | AC134: =+AB134*H134 -> 11537.37 | AD134: =+AC134+AB134 -> 72260.37 | AE134: =COUNT(L134,O134,R134,U134,X134,AA134,AD134) -> 7 | AF134: =ROUND(AVERAGE(L134,O134,R134,U134,X134,AA134,AD134),0) -> 62949 | AG134: =_xlfn.STDEV.P(L134,O134,R134,U134,X134,AA134,AD134) -> 3958.0006 | AH134: =AG134/AF134 -> 0.062876305 | AI134: =IF(AE134<2,"NO",IF(AH134>0.35,"NO","SI")) -> SI
A135: =1+A134 -> 132 | B135: Bioseguridad | C135: COMPRA | D135: GAFAS DE SEGURIDAD | E135: 46181804 | F135: Gafas Antiempañante Lente Claro Protección frontal y lateral Marco y patillas flexibles de nylon Dupont Lente de policarbonato 100%, Patilla telescópica ajustable a 4 posiciones de largo Brazo extensible, Filtros UV, UVA, UVB Anti-rayones (HC), Talla Unica, lente transparente, marco transparente, banda elastica ajustable | G135: UN | H135: =IF(OR(ISNUMBER(SEARCH("ALIMENTACIÓN",B135)),ISNUMBER(SEARCH("ALIMENTACION",B135))),0,IF(AND(ISNUMBER(SEARCH("AMBIENTE",B135)),OR(ISNUMBER(SEARCH("Semilla",D135)),ISNUMBER(SEARCH("ESPECIE VEGETAL",D135)),ISNUMBER(SEARCH("Fertilizante",D135)),ISNUMBER(SEARCH("Humus",D135)),ISNUMBER(SEARCH("Micorrizas",D135)),ISNUMBER(SEARCH("Cascarilla",D135)),ISNUMBER(SEARCH("Turba",D135)))),0,IF(AND(ISNUMBER(SEARCH("ANIMALES",B135)),OR(ISNUMBER(SEARCH("ALIMENTO",D135)),ISNUMBER(SEARCH("Alimento",D135)))),0.05,IF(ISNUMBER(SEARCH("ANIMALES",B135)),0.19,IF(ISNUMBER(SEARCH("AMBIENTE",B135)),0.19,IF(ISNUMBER(SEARCH("CULTURA",B135)),0.19,IF(ISNUMBER(SEARCH("DEPORTE",B135)),0.19,IF(ISNUMBER(SEARCH("Bioseguridad",B135)),0.19,IF(ISNUMBER(SEARCH("DOTACIÓN",B135)),0.19,IF(ISNUMBER(SEARCH("SERVICIO",C135)),0.19,0.19)))))))))) -> 0.19 | I135: =+AF135 -> 14899 | J135: 13432 | K135: =+J135*H135 -> 2552.08 | L135: =+J135+K135 -> 15984.08 | M135: 12609 | N135: =+M135*H135 -> 2395.71 | O135: =+M135+N135 -> 15004.71 | P135: 13438 | Q135: =+P135*H135 -> 2553.22 | R135: =+P135+Q135 -> 15991.22 | S135: 12239 | T135: =+S135*H135 -> 2325.41 | U135: =+T135+S135 -> 14564.41 | V135: 12385 | W135: =+V135*H135 -> 2353.15 | X135: =+W135+V135 -> 14738.15 | Y135: 13561 | Z135: =+Y135*H135 -> 2576.59 | AA135: =+Z135+Y135 -> 16137.59 | AB135: 9979 | AC135: =+AB135*H135 -> 1896.01 | AD135: =+AC135+AB135 -> 11875.01 | AE135: =COUNT(L135,O135,R135,U135,X135,AA135,AD135) -> 7 | AF135: =ROUND(AVERAGE(L135,O135,R135,U135,X135,AA135,AD135),0) -> 14899 | AG135: =_xlfn.STDEV.P(L135,O135,R135,U135,X135,AA135,AD135) -> 1373.1071 | AH135: =AG135/AF135 -> 0.092161021 | AI135: =IF(AE135<2,"NO",IF(AH135>0.35,"NO","SI")) -> SI
A136: =1+A135 -> 133 | B136: Bioseguridad | C136: COMPRA | D136: GUANTES DE NITRILO AJUSTABLE | E136: 46181504 | F136: Caja de Guantes de Nitrilo x 100 unidades ajustables desechables, Calibre 3 o superior, antialergico multiusos resistente a solventes. | G136: Caja X 100 UND | H136: =IF(OR(ISNUMBER(SEARCH("ALIMENTACIÓN",B136)),ISNUMBER(SEARCH("ALIMENTACION",B136))),0,IF(AND(ISNUMBER(SEARCH("AMBIENTE",B136)),OR(ISNUMBER(SEARCH("Semilla",D136)),ISNUMBER(SEARCH("ESPECIE VEGETAL",D136)),ISNUMBER(SEARCH("Fertilizante",D136)),ISNUMBER(SEARCH("Humus",D136)),ISNUMBER(SEARCH("Micorrizas",D136)),ISNUMBER(SEARCH("Cascarilla",D136)),ISNUMBER(SEARCH("Turba",D136)))),0,IF(AND(ISNUMBER(SEARCH("ANIMALES",B136)),OR(ISNUMBER(SEARCH("ALIMENTO",D136)),ISNUMBER(SEARCH("Alimento",D136)))),0.05,IF(ISNUMBER(SEARCH("ANIMALES",B136)),0.19,IF(ISNUMBER(SEARCH("AMBIENTE",B136)),0.19,IF(ISNUMBER(SEARCH("CULTURA",B136)),0.19,IF(ISNUMBER(SEARCH("DEPORTE",B136)),0.19,IF(ISNUMBER(SEARCH("Bioseguridad",B136)),0.19,IF(ISNUMBER(SEARCH("DOTACIÓN",B136)),0.19,IF(ISNUMBER(SEARCH("SERVICIO",C136)),0.19,0.19)))))))))) -> 0.19 | I136: =+AF136 -> 33900 | J136: 28682 | K136: =+J136*H136 -> 5449.58 | L136: =+J136+K136 -> 34131.58 | M136: 28389 | N136: =+M136*H136 -> 5393.91 | O136: =+M136+N136 -> 33782.91 | P136: 27149 | Q136: =+P136*H136 -> 5158.31 | R136: =+P136+Q136 -> 32307.31 | S136: 30772 | T136: =+S136*H136 -> 5846.68 | U136: =+T136+S136 -> 36618.68 | V136: 27689 | W136: =+V136*H136 -> 5260.91 | X136: =+W136+V136 -> 32949.91 | Y136: 26618 | Z136: =+Y136*H136 -> 5057.42 | AA136: =+Z136+Y136 -> 31675.42 | AB136: 30110 | AC136: =+AB136*H136 -> 5720.9 | AD136: =+AC136+AB136 -> 35830.9 | AE136: =COUNT(L136,O136,R136,U136,X136,AA136,AD136) -> 7 | AF136: =ROUND(AVERAGE(L136,O136,R136,U136,X136,AA136,AD136),0) -> 33900 | AG136: =_xlfn.STDEV.P(L136,O136,R136,U136,X136,AA136,AD136) -> 1672.2535 | AH136: =AG136/AF136 -> 0.049329012 | AI136: =IF(AE136<2,"NO",IF(AH136>0.35,"NO","SI")) -> SI
A137: =1+A136 -> 134 | B137: Bioseguridad | C137: COMPRA | D137: JABON LÍQUIDO | E137: 53131608 | F137: Detergente liquido multiusos x garrafa (20 litros) | G137: UN | H137: =IF(OR(ISNUMBER(SEARCH("ALIMENTACIÓN",B137)),ISNUMBER(SEARCH("ALIMENTACION",B137))),0,IF(AND(ISNUMBER(SEARCH("AMBIENTE",B137)),OR(ISNUMBER(SEARCH("Semilla",D137)),ISNUMBER(SEARCH("ESPECIE VEGETAL",D137)),ISNUMBER(SEARCH("Fertilizante",D137)),ISNUMBER(SEARCH("Humus",D137)),ISNUMBER(SEARCH("Micorrizas",D137)),ISNUMBER(SEARCH("Cascarilla",D137)),ISNUMBER(SEARCH("Turba",D137)))),0,IF(AND(ISNUMBER(SEARCH("ANIMALES",B137)),OR(ISNUMBER(SEARCH("ALIMENTO",D137)),ISNUMBER(SEARCH("Alimento",D137)))),0.05,IF(ISNUMBER(SEARCH("ANIMALES",B137)),0.19,IF(ISNUMBER(SEARCH("AMBIENTE",B137)),0.19,IF(ISNUMBER(SEARCH("CULTURA",B137)),0.19,IF(ISNUMBER(SEARCH("DEPORTE",B137)),0.19,IF(ISNUMBER(SEARCH("Bioseguridad",B137)),0.19,IF(ISNUMBER(SEARCH("DOTACIÓN",B137)),0.19,IF(ISNUMBER(SEARCH("SERVICIO",C137)),0.19,0.19)))))))))) -> 0.19 | I137: =+AF137 -> 132000 | J137: 114435 | K137: =+J137*H137 -> 21742.65 | L137: =+J137+K137 -> 136177.65 | M137: 112575 | N137: =+M137*H137 -> 21389.25 | O137: =+M137+N137 -> 133964.25 | P137: 109947 | Q137: =+P137*H137 -> 20889.93 | R137: =+P137+Q137 -> 130836.93 | S137: 109826 | T137: =+S137*H137 -> 20866.94 | U137: =+T137+S137 -> 130692.94 | V137: 110131 | W137: =+V137*H137 -> 20924.89 | X137: =+W137+V137 -> 131055.89 | Y137: 107272 | Z137: =+Y137*H137 -> 20381.68 | AA137: =+Z137+Y137 -> 127653.68 | AB137: 112282 | AC137: =+AB137*H137 -> 21333.58 | AD137: =+AC137+AB137 -> 133615.58 | AE137: =COUNT(L137,O137,R137,U137,X137,AA137,AD137) -> 7 | AF137: =ROUND(AVERAGE(L137,O137,R137,U137,X137,AA137,AD137),0) -> 132000 | AG137: =_xlfn.STDEV.P(L137,O137,R137,U137,X137,AA137,AD137) -> 2584.6833 | AH137: =AG137/AF137 -> 0.019580934 | AI137: =IF(AE137<2,"NO",IF(AH137>0.35,"NO","SI")) -> SI
A138: =1+A137 -> 135 | B138: Bioseguridad | C138: COMPRA | D138: Linterna Manual Con Dinamo | E138: 90101603 | F138: Linterna Manual Con Dinamo Sin Pilas Ni Cables, luz: Blanco Tipo de alimentación: dínamo. Tipo de luz: led Potencia: 500lm. Alcance de proyección: 15m. Es recargable. Material: plástico | G138: UN | H138: =IF(OR(ISNUMBER(SEARCH("ALIMENTACIÓN",B138)),ISNUMBER(SEARCH("ALIMENTACION",B138))),0,IF(AND(ISNUMBER(SEARCH("AMBIENTE",B138)),OR(ISNUMBER(SEARCH("Semilla",D138)),ISNUMBER(SEARCH("ESPECIE VEGETAL",D138)),ISNUMBER(SEARCH("Fertilizante",D138)),ISNUMBER(SEARCH("Humus",D138)),ISNUMBER(SEARCH("Micorrizas",D138)),ISNUMBER(SEARCH("Cascarilla",D138)),ISNUMBER(SEARCH("Turba",D138)))),0,IF(AND(ISNUMBER(SEARCH("ANIMALES",B138)),OR(ISNUMBER(SEARCH("ALIMENTO",D138)),ISNUMBER(SEARCH("Alimento",D138)))),0.05,IF(ISNUMBER(SEARCH("ANIMALES",B138)),0.19,IF(ISNUMBER(SEARCH("AMBIENTE",B138)),0.19,IF(ISNUMBER(SEARCH("CULTURA",B138)),0.19,IF(ISNUMBER(SEARCH("DEPORTE",B138)),0.19,IF(ISNUMBER(SEARCH("Bioseguridad",B138)),0.19,IF(ISNUMBER(SEARCH("DOTACIÓN",B138)),0.19,IF(ISNUMBER(SEARCH("SERVICIO",C138)),0.19,0.19)))))))))) -> 0.19 | I138: =+AF138 -> 34500 | J138: 29289 | K138: =+J138*H138 -> 5564.91 | L138: =+J138+K138 -> 34853.91 | M138: 26883 | N138: =+M138*H138 -> 5107.77 | O138: =+M138+N138 -> 31990.77 | P138: 26668 | Q138: =+P138*H138 -> 5066.92 | R138: =+P138+Q138 -> 31734.92 | S138: 26829 | T138: =+S138*H138 -> 5097.51 | U138: =+T138+S138 -> 31926.51 | V138: 30000 | W138: =+V138*H138 -> 5700 | X138: =+W138+V138 -> 35700 | Y138: 31183 | Z138: =+Y138*H138 -> 5924.77 | AA138: =+Z138+Y138 -> 37107.77 | AB138: 32087 | AC138: =+AB138*H138 -> 6096.53 | AD138: =+AC138+AB138 -> 38183.53 | AE138: =COUNT(L138,O138,R138,U138,X138,AA138,AD138) -> 7 | AF138: =ROUND(AVERAGE(L138,O138,R138,U138,X138,AA138,AD138),0) -> 34500 | AG138: =_xlfn.STDEV.P(L138,O138,R138,U138,X138,AA138,AD138) -> 2463.9939 | AH138: =AG138/AF138 -> 0.071420114 | AI138: =IF(AE138<2,"NO",IF(AH138>0.35,"NO","SI")) -> SI
... A790: =1+A789 -> 787 | B790: TALENTO HUMANO | C790: SERVICIO | D790: Técnico o Tecnólogo | E790: 80111600 | F790: Un (1) Técnico y/o Tecnólogo. Con experiencia laboral mínima de doce (12) meses y en por lo menos un proyecto en actividades técnico-administrativas y/o otras actividades relacionadas con los componentes técnicos y/o administrativos del proyecto. | G790: Mes | H790: =IF(OR(ISNUMBER(SEARCH("ALIMENTACIÓN",B790)),ISNUMBER(SEARCH("ALIMENTACION",B790))),0,IF(AND(ISNUMBER(SEARCH("AMBIENTE",B790)),OR(ISNUMBER(SEARCH("Semilla",D790)),ISNUMBER(SEARCH("ESPECIE VEGETAL",D790)),ISNUMBER(SEARCH("Fertilizante",D790)),ISNUMBER(SEARCH("Humus",D790)),ISNUMBER(SEARCH("Micorrizas",D790)),ISNUMBER(SEARCH("Cascarilla",D790)),ISNUMBER(SEARCH("Turba",D790)))),0,IF(AND(ISNUMBER(SEARCH("ANIMALES",B790)),OR(ISNUMBER(SEARCH("ALIMENTO",D790)),ISNUMBER(SEARCH("Alimento",D790)))),0.05,IF(ISNUMBER(SEARCH("ANIMALES",B790)),0.19,IF(ISNUMBER(SEARCH("AMBIENTE",B790)),0.19,IF(ISNUMBER(SEARCH("CULTURA",B790)),0.19,IF(ISNUMBER(SEARCH("DEPORTE",B790)),0.19,IF(ISNUMBER(SEARCH("Bioseguridad",B790)),0.19,IF(ISNUMBER(SEARCH("DOTACIÓN",B790)),0.19,IF(ISNUMBER(SEARCH("SERVICIO",C790)),0.19,0.19)))))))))) -> 0.19 | I790: =+AF790 -> 3525999 | J790: 2675349 | K790: =+J790*H790 -> 508316.31 | L790: =+J790+K790 -> 3183665.3 | M790: 2989514 | N790: =+M790*H790 -> 568007.66 | O790: =+M790+N790 -> 3557521.7 | P790: 2685328 | Q790: =+P790*H790 -> 510212.32 | R790: =+P790+Q790 -> 3195540.3 | S790: 2752732 | T790: =+S790*H790 -> 523019.08 | U790: =+T790+S790 -> 3275751.1 | V790: 3032288 | W790: =+V790*H790 -> 576134.72 | X790: =+W790+V790 -> 3608422.7 | Y790: 3017824 | Z790: =+Y790*H790 -> 573386.56 | AA790: =+Z790+Y790 -> 3591210.6 | AB790: 3588138 | AC790: =+AB790*H790 -> 681746.22 | AD790: =+AC790+AB790 -> 4269884.2 | AE790: =COUNT(L790,O790,R790,U790,X790,AA790,AD790) -> 7 | AF790: =ROUND(AVERAGE(L790,O790,R790,U790,X790,AA790,AD790),0) -> 3525999 | AG790: =_xlfn.STDEV.P(L790,O790,R790,U790,X790,AA790,AD790) -> 349371.77 | AH790: =AG790/AF790 -> 0.099084478 | AI790: =IF(AE790<2,"NO",IF(AH790>0.35,"NO","SI")) -> SI

Sheet HOJA DE TRABAJO
A1: FONDO DE DESARROLLO LOCAL DE RAFAEL URIBE URIBE
A2: LISTADO DE ÍTEMS PARA LA FORMULACIÓN DE PROYECTOS VIGENCIA 2026
A3: # | B3: CATEGORIA | C3: TIPO | D3: ÍTEM | E3: CODIGO UNSPSC | F3: DESCRIPCIÓN | G3: UNIDAD DE MEDIDA | H3: IMPUESTO A CARGO | I3: VALOR DE REFERENCIA | J3: PROCESO CONTRTACIÓN BOGOTANEIDAD | K3: PROCESO CONTRTACIÓN 2
A4: 1 | B4: ALIMENTACIÓN | C4: COMPRA | D4: ALMUERZO | E4: 90101603 | F4: Almuerzos: (PROTEINA CARNE CERDO Y/O RES Y/O POLLO) BANDEJA + SOPA + JUGO + POSTRE (ALIMENTO PROTEICO 120 GRS, ALIMENTO CEREAL 40 GR EN CRUDO Ò 100 GR COCIDO, TUBERCULO 110 GR, VERDURA FRIA, CRUDA O CALIENTE 100 GR, LEGUMINOSAS 80GR, SOPA Ò CREMA 250 CC, JUGO CON FRUTA DE COSECHA 250 CC, POSTRE DE 30 A 50 GR | G4: UN | H4: =IF(OR(ISNUMBER(SEARCH("ALIMENTACIÓN",B4)),ISNUMBER(SEARCH("ALIMENTACION",B4))),0,IF(AND(ISNUMBER(SEARCH("AMBIENTE",B4)),OR(ISNUMBER(SEARCH("Semilla",D4)),ISNUMBER(SEARCH("ESPECIE VEGETAL",D4)),ISNUMBER(SEARCH("Fertilizante",D4)),ISNUMBER(SEARCH("Humus",D4)),ISNUMBER(SEARCH("Micorrizas",D4)),ISNUMBER(SEARCH("Cascarilla",D4)),ISNUMBER(SEARCH("Turba",D4)))),0,IF(AND(ISNUMBER(SEARCH("ANIMALES",B4)),OR(ISNUMBER(SEARCH("ALIMENTO",D4)),ISNUMBER(SEARCH("Alimento",D4)))),0.05,IF(ISNUMBER(SEARCH("ANIMALES",B4)),0.19,IF(ISNUMBER(SEARCH("AMBIENTE",B4)),0.19,IF(ISNUMBER(SEARCH("CULTURA",B4)),0.19,IF(ISNUMBER(SEARCH("DEPORTE",B4)),0.19,IF(ISNUMBER(SEARCH("Bioseguridad",B4)),0.19,IF(ISNUMBER(SEARCH("DOTACIÓN",B4)),0.19,IF(ISNUMBER(SEARCH("SERVICIO",C4)),0.19,0.19)))))))))) -> 0 | I4: =+'CANASTA DE PRECIOS'!I4 -> 31050
A5: =1+A4 -> 2 | B5: ALIMENTACIÓN | C5: COMPRA | D5: ALMUERZO TIPO 2 | E5: 90101603 | F5: Alimentación: • Entrada: Sopa 250 ml o 16 onzas de fruta de cosecha. Cantidad: 100 gramos. • Plato fuerte: Proteína de origen animal 100% (Carnes vacuna, cerdo, pollo ó pescado) Cantidad: 250 gramos, Cereal (Arroz) Cantidad: 125 gramos (4) Ensalada de verduras o fruta. Cantidad: 100 gramos, papa – yuca- plátano. Cantidad: 100 gramos • Bebida: Jugo de fruta natural en botella 16 onzas. Todo debe ser empacado en envase biodegradable. El costo del almuerzo incluye servilletas y cubiertos, Entrega en sitio y Menú a acordar en comité técnico. | G5: UN | H5: =IF(OR(ISNUMBER(SEARCH("ALIMENTACIÓN",B5)),ISNUMBER(SEARCH("ALIMENTACION",B5))),0,IF(AND(ISNUMBER(SEARCH("AMBIENTE",B5)),OR(ISNUMBER(SEARCH("Semilla",D5)),ISNUMBER(SEARCH("ESPECIE VEGETAL",D5)),ISNUMBER(SEARCH("Fertilizante",D5)),ISNUMBER(SEARCH("Humus",D5)),ISNUMBER(SEARCH("Micorrizas",D5)),ISNUMBER(SEARCH("Cascarilla",D5)),ISNUMBER(SEARCH("Turba",D5)))),0,IF(AND(ISNUMBER(SEARCH("ANIMALES",B5)),OR(ISNUMBER(SEARCH("ALIMENTO",D5)),ISNUMBER(SEARCH("Alimento",D5)))),0.05,IF(ISNUMBER(SEARCH("ANIMALES",B5)),0.19,IF(ISNUMBER(SEARCH("AMBIENTE",B5)),0.19,IF(ISNUMBER(SEARCH("CULTURA",B5)),0.19,IF(ISNUMBER(SEARCH("DEPORTE",B5)),0.19,IF(ISNUMBER(SEARCH("Bioseguridad",B5)),0.19,IF(ISNUMBER(SEARCH("DOTACIÓN",B5)),0.19,IF(ISNUMBER(SEARCH("SERVICIO",C5)),0.19,0.19)))))))))) -> 0 | I5: =+'CANASTA DE PRECIOS'!I5 -> 40000
A6: =1+A5 -> 3 | B6: ALIMENTACIÓN | C6: COMPRA | D6: BEBIDA | E6: 90101603 | F6: Botella de agua de 600 cc de una marca reconocida en el mercado | G6: UN | H6: =IF(OR(ISNUMBER(SEARCH("ALIMENTACIÓN",B6)),ISNUMBER(SEARCH("ALIMENTACION",B6))),0,IF(AND(ISNUMBER(SEARCH("AMBIENTE",B6)),OR(ISNUMBER(SEARCH("Semilla",D6)),ISNUMBER(SEARCH("ESPECIE VEGETAL",D6)),ISNUMBER(SEARCH("Fertilizante",D6)),ISNUMBER(SEARCH("Humus",D6)),ISNUMBER(SEARCH("Micorrizas",D6)),ISNUMBER(SEARCH("Cascarilla",D6)),ISNUMBER(SEARCH("Turba",D6)))),0,IF(AND(ISNUMBER(SEARCH("ANIMALES",B6)),OR(ISNUMBER(SEARCH("ALIMENTO",D6)),ISNUMBER(SEARCH("Alimento",D6)))),0.05,IF(ISNUMBER(SEARCH("ANIMALES",B6)),0.19,IF(ISNUMBER(SEARCH("AMBIENTE",B6)),0.19,IF(ISNUMBER(SEARCH("CULTURA",B6)),0.19,IF(ISNUMBER(SEARCH("DEPORTE",B6)),0.19,IF(ISNUMBER(SEARCH("Bioseguridad",B6)),0.19,IF(ISNUMBER(SEARCH("DOTACIÓN",B6)),0.19,IF(ISNUMBER(SEARCH("SERVICIO",C6)),0.19,0.19)))))))))) -> 0 | I6: =+'CANASTA DE PRECIOS'!I6 -> 2100
A7: =1+A6 -> 4 | B7: ALIMENTACIÓN | C7: COMPRA | D7: CENA- BUFFET | E7: 90101603 | F7: Servicio de alimentación tipo buffet por persona, que consiste en la preparación, disposición y exhibición de una variedad de alimentos organizados en una mesa o estación, permitiendo que los comensales se sirvan de manera autónoma según sus preferencias. El servicio deberá incluir una oferta variada de platos que contemple carnes, principios (acompañamientos), postres y bebidas, garantizando opciones equilibradas y suficientes para todos los asistentes. se debe garantizar minimo 150gr de proteina, princpio minimo 50 gr, ensalada 15 gr, carbohidratos 25 gr, 1 postre y 1 bebida 350 Ml Asimismo, deberá asegurar condiciones adecuadas de manipulación de alimentos, presentación, higiene y calidad, así como los elementos necesarios para el servicio (vajilla, utensilios y disposición de los alimentos). El costo incluye menaje, asistentes para servir tipo buffet, transporte y entrega | G7: UN | H7: =IF(OR(ISNUMBER(SEARCH("ALIMENTACIÓN",B7)),ISNUMBER(SEARCH("ALIMENTACION",B7))),0,IF(AND(ISNUMBER(SEARCH("AMBIENTE",B7)),OR(ISNUMBER(SEARCH("Semilla",D7)),ISNUMBER(SEARCH("ESPECIE VEGETAL",D7)),ISNUMBER(SEARCH("Fertilizante",D7)),ISNUMBER(SEARCH("Humus",D7)),ISNUMBER(SEARCH("Micorrizas",D7)),ISNUMBER(SEARCH("Cascarilla",D7)),ISNUMBER(SEARCH("Turba",D7)))),0,IF(AND(ISNUMBER(SEARCH("ANIMALES",B7)),OR(ISNUMBER(SEARCH("ALIMENTO",D7)),ISNUMBER(SEARCH("Alimento",D7)))),0.05,IF(ISNUMBER(SEARCH("ANIMALES",B7)),0.19,IF(ISNUMBER(SEARCH("AMBIENTE",B7)),0.19,IF(ISNUMBER(SEARCH("CULTURA",B7)),0.19,IF(ISNUMBER(SEARCH("DEPORTE",B7)),0.19,IF(ISNUMBER(SEARCH("Bioseguridad",B7)),0.19,IF(ISNUMBER(SEARCH("DOTACIÓN",B7)),0.19,IF(ISNUMBER(SEARCH("SERVICIO",C7)),0.19,0.19)))))))))) -> 0 | I7: =+'CANASTA DE PRECIOS'!I7 -> 24081
A8: =1+A7 -> 5 | B8: ALIMENTACIÓN | C8: COMPRA | D8: DESAYUNO | E8: 90101603 | F8: un (1) desayuno que incluya proteina, carbohidratos y grasas- bebida caliente, bebida fria y porcion de fruta. INCLUYE TRANSPORTE Y EMPAQUE | G8: UN | H8: =IF(OR(ISNUMBER(SEARCH("ALIMENTACIÓN",B8)),ISNUMBER(SEARCH("ALIMENTACION",B8))),0,IF(AND(ISNUMBER(SEARCH("AMBIENTE",B8)),OR(ISNUMBER(SEARCH("Semilla",D8)),ISNUMBER(SEARCH("ESPECIE VEGETAL",D8)),ISNUMBER(SEARCH("Fertilizante",D8)),ISNUMBER(SEARCH("Humus",D8)),ISNUMBER(SEARCH("Micorrizas",D8)),ISNUMBER(SEARCH("Cascarilla",D8)),ISNUMBER(SEARCH("Turba",D8)))),0,IF(AND(ISNUMBER(SEARCH("ANIMALES",B8)),OR(ISNUMBER(SEARCH("ALIMENTO",D8)),ISNUMBER(SEARCH("Alimento",D8)))),0.05,IF(ISNUMBER(SEARCH("ANIMALES",B8)),0.19,IF(ISNUMBER(SEARCH("AMBIENTE",B8)),0.19,IF(ISNUMBER(SEARCH("CULTURA",B8)),0.19,IF(ISNUMBER(SEARCH("DEPORTE",B8)),0.19,IF(ISNUMBER(SEARCH("Bioseguridad",B8)),0.19,IF(ISNUMBER(SEARCH("DOTACIÓN",B8)),0.19,IF(ISNUMBER(SEARCH("SERVICIO",C8)),0.19,0.19)))))))))) -> 0 | I8: =+'CANASTA DE PRECIOS'!I8 -> 20000
A9: =1+A8 -> 6 | B9: ALIMENTACIÓN | C9: COMPRA | D9: GALLETAS ARTESANALES | E9: 90101603 | F9: Paquete de galletas artesanales de 7 unidades de minímo 300 grm, con decoración adecuada al evento | G9: UN | H9: =IF(OR(ISNUMBER(SEARCH("ALIMENTACIÓN",B9)),ISNUMBER(SEARCH("ALIMENTACION",B9))),0,IF(AND(ISNUMBER(SEARCH("AMBIENTE",B9)),OR(ISNUMBER(SEARCH("Semilla",D9)),ISNUMBER(SEARCH("ESPECIE VEGETAL",D9)),ISNUMBER(SEARCH("Fertilizante",D9)),ISNUMBER(SEARCH("Humus",D9)),ISNUMBER(SEARCH("Micorrizas",D9)),ISNUMBER(SEARCH("Cascarilla",D9)),ISNUMBER(SEARCH("Turba",D9)))),0,IF(AND(ISNUMBER(SEARCH("ANIMALES",B9)),OR(ISNUMBER(SEARCH("ALIMENTO",D9)),ISNUMBER(SEARCH("Alimento",D9)))),0.05,IF(ISNUMBER(SEARCH("ANIMALES",B9)),0.19,IF(ISNUMBER(SEARCH("AMBIENTE",B9)),0.19,IF(ISNUMBER(SEARCH("CULTURA",B9)),0.19,IF(ISNUMBER(SEARCH("DEPORTE",B9)),0.19,IF(ISNUMBER(SEARCH("Bioseguridad",B9)),0.19,IF(ISNUMBER(SEARCH("DOTACIÓN",B9)),0.19,IF(ISNUMBER(SEARCH("SERVICIO",C9)),0.19,0.19)))))))))) -> 0 | I9: =+'CANASTA DE PRECIOS'!I9 -> 5600
A10: =1+A9 -> 7 | B10: ALIMENTACIÓN | C10: COMPRA | D10: REFRIGERIO COMPUESTO TIPO 1 | E10: 90101603 | F10: refrigerio compuesto de Un sándwich tipo baguete de jamón, queso, lechuga y salsas de 250 gr; y/o, Un sándwich tipo baguete de pollo, lechuga y salsas de 250 gr y/o perro caliente de mínimo 14 cm, -1 brownie mínimo 80gr, 1 Jugo: Mínimo 200 ml de contenido (envase tetra pack y/o botella plástica desechable) que contenga 14% de fruta, 4,5% de calorías, sin conservantes ni sabores artificiales 4 una porción de fruta de mínimo 120 gr (manzana, pera, banano, mango, pitaya, granadilla) . El refrigerio debe estar en empaque individual en bandeja y/o bolsa elaborada en cartón 100 %reciclable y biodegradable, debe ser balanceado y responder a la normatividad vigente en lo que corresponde a las características organolépticas de conservación. Este debe incluir la transporte y entrega en el sitio de las reuniones | G10: UN | H10: =IF(OR(ISNUMBER(SEARCH("ALIMENTACIÓN",B10)),ISNUMBER(SEARCH("ALIMENTACION",B10))),0,IF(AND(ISNUMBER(SEARCH("AMBIENTE",B10)),OR(ISNUMBER(SEARCH("Semilla",D10)),ISNUMBER(SEARCH("ESPECIE VEGETAL",D10)),ISNUMBER(SEARCH("Fertilizante",D10)),ISNUMBER(SEARCH("Humus",D10)),ISNUMBER(SEARCH("Micorrizas",D10)),ISNUMBER(SEARCH("Cascarilla",D10)),ISNUMBER(SEARCH("Turba",D10)))),0,IF(AND(ISNUMBER(SEARCH("ANIMALES",B10)),OR(ISNUMBER(SEARCH("ALIMENTO",D10)),ISNUMBER(SEARCH("Alimento",D10)))),0.05,IF(ISNUMBER(SEARCH("ANIMALES",B10)),0.19,IF(ISNUMBER(SEARCH("AMBIENTE",B10)),0.19,IF(ISNUMBER(SEARCH("CULTURA",B10)),0.19,IF(ISNUMBER(SEARCH("DEPORTE",B10)),0.19,IF(ISNUMBER(SEARCH("Bioseguridad",B10)),0.19,IF(ISNUMBER(SEARCH("DOTACIÓN",B10)),0.19,IF(ISNUMBER(SEARCH("SERVICIO",C10)),0.19,0.19)))))))))) -> 0 | I10: =+'CANASTA DE PRECIOS'!I10 -> 22300
A11: =1+A10 -> 8 | B11: ALIMENTACIÓN | C11: COMPRA | D11: REFRIGERIO COMPUESTO TIPO 2 | E11: 90101603 | F11: Consta de: Un pasabocas hojaldrado croissant, pastel relleno con proteína animal mínimo 150 gr, 1 mini brownie 45gr 3. Jugo: Mínimo 200 ml de contenido (envase tetra pack y/o botella plástica desechable) que contenga 14% de fruta, 4,5% de calorías, sin conservantes ni sabores artificiales 4 una porción de fruta de mínimo 150 gr (manzana, pera, banano, mango, pitaya, granadilla) . El refrigerio debe estar en empaque individual en bandeja elaborada en cartón 100 %reciclable y biodegradable, debe ser balanceado y responder a la normatividad vigente en lo que corresponde a las características organolépticas de conservación. Este debe incluir la transporte y entrega en el sitio de las reuniones | G11: UN | H11: =IF(OR(ISNUMBER(SEARCH("ALIMENTACIÓN",B11)),ISNUMBER(SEARCH("ALIMENTACION",B11))),0,IF(AND(ISNUMBER(SEARCH("AMBIENTE",B11)),OR(ISNUMBER(SEARCH("Semilla",D11)),ISNUMBER(SEARCH("ESPECIE VEGETAL",D11)),ISNUMBER(SEARCH("Fertilizante",D11)),ISNUMBER(SEARCH("Humus",D11)),ISNUMBER(SEARCH("Micorrizas",D11)),ISNUMBER(SEARCH("Cascarilla",D11)),ISNUMBER(SEARCH("Turba",D11)))),0,IF(AND(ISNUMBER(SEARCH("ANIMALES",B11)),OR(ISNUMBER(SEARCH("ALIMENTO",D11)),ISNUMBER(SEARCH("Alimento",D11)))),0.05,IF(ISNUMBER(SEARCH("ANIMALES",B11)),0.19,IF(ISNUMBER(SEARCH("AMBIENTE",B11)),0.19,IF(ISNUMBER(SEARCH("CULTURA",B11)),0.19,IF(ISNUMBER(SEARCH("DEPORTE",B11)),0.19,IF(ISNUMBER(SEARCH("Bioseguridad",B11)),0.19,IF(ISNUMBER(SEARCH("DOTACIÓN",B11)),0.19,IF(ISNUMBER(SEARCH("SERVICIO",C11)),0.19,0.19)))))))))) -> 0 | I11: =+'CANASTA DE PRECIOS'!I11 -> 17600 | J11: X
A12: =1+A11 -> 9 | B12: ALIMENTACIÓN | C12: COMPRA | D12: SNACK HIDRATACIÓN | E12: 90101603 | F12: Hidratación: botella de agua sin gas de 600ml, bocadillo veleño y fruta en cosecha | G12: UN | H12: =IF(OR(ISNUMBER(SEARCH("ALIMENTACIÓN",B12)),ISNUMBER(SEARCH("ALIMENTACION",B12))),0,IF(AND(ISNUMBER(SEARCH("AMBIENTE",B12)),OR(ISNUMBER(SEARCH("Semilla",D12)),ISNUMBER(SEARCH("ESPECIE VEGETAL",D12)),ISNUMBER(SEARCH("Fertilizante",D12)),ISNUMBER(SEARCH("Humus",D12)),ISNUMBER(SEARCH("Micorrizas",D12)),ISNUMBER(SEARCH("Cascarilla",D12)),ISNUMBER(SEARCH("Turba",D12)))),0,IF(AND(ISNUMBER(SEARCH("ANIMALES",B12)),OR(ISNUMBER(SEARCH("ALIMENTO",D12)),ISNUMBER(SEARCH("Alimento",D12)))),0.05,IF(ISNUMBER(SEARCH("ANIMALES",B12)),0.19,IF(ISNUMBER(SEARCH("AMBIENTE",B12)),0.19,IF(ISNUMBER(SEARCH("CULTURA",B12)),0.19,IF(ISNUMBER(SEARCH("DEPORTE",B12)),0.19,IF(ISNUMBER(SEARCH("Bioseguridad",B12)),0.19,IF(ISNUMBER(SEARCH("DOTACIÓN",B12)),0.19,IF(ISNUMBER(SEARCH("SERVICIO",C12)),0.19,0.19)))))))))) -> 0 | I12: =+'CANASTA DE PRECIOS'!I12 -> 6000
A13: =1+A12 -> 10 | B13: AMBIENTE | C13: COMPRA | D13: Balanza | E13: 41111500 | F13: Tipo electrónica material base acero inoxidable material platón acero inoxidable capacidad 1000 grs a 5000 grs con sensibilidad de 1 grs a 2 grs de medición. La bascula, deberá estar construida en materiales resistentes, antioxidantes y que no afecten por efectos vibratorios la precisión del equipo. | G13: UN | H13: =IF(OR(ISNUMBER(SEARCH("ALIMENTACIÓN",B13)),ISNUMBER(SEARCH("ALIMENTACION",B13))),0,IF(AND(ISNUMBER(SEARCH("AMBIENTE",B13)),OR(ISNUMBER(SEARCH("Semilla",D13)),ISNUMBER(SEARCH("ESPECIE VEGETAL",D13)),ISNUMBER(SEARCH("Fertilizante",D13)),ISNUMBER(SEARCH("Humus",D13)),ISNUMBER(SEARCH("Micorrizas",D13)),ISNUMBER(SEARCH("Cascarilla",D13)),ISNUMBER(SEARCH("Turba",D13)))),0,IF(AND(ISNUMBER(SEARCH("ANIMALES",B13)),OR(ISNUMBER(SEARCH("ALIMENTO",D13)),ISNUMBER(SEARCH("Alimento",D13)))),0.05,IF(ISNUMBER(SEARCH("ANIMALES",B13)),0.19,IF(ISNUMBER(SEARCH("AMBIENTE",B13)),0.19,IF(ISNUMBER(SEARCH("CULTURA",B13)),0.19,IF(ISNUMBER(SEARCH("DEPORTE",B13)),0.19,IF(ISNUMBER(SEARCH("Bioseguridad",B13)),0.19,IF(ISNUMBER(SEARCH("DOTACIÓN",B13)),0.19,IF(ISNUMBER(SEARCH("SERVICIO",C13)),0.19,0.19)))))))))) -> 0.19 | I13: =+'CANASTA DE PRECIOS'!I13 -> 47899
A14: =1+A13 -> 11 | B14: AMBIENTE | C14: COMPRA | D14: Balde construcción | E14: 24110000 | F14: Amigable con el medio ambiente sin perder sus cualidades de resistencia y durabilidad. Polietileno 100% reciclado. Resistente a los golpes y deformaciones. Manija metálica recubierta con elastómero para mayor comodidad, usos: Para cargue y transporte de concreto, escombros, arena y cualquier material para la construcción en general, Capacidad 12 litros. | G14: UN | H14: =IF(OR(ISNUMBER(SEARCH("ALIMENTACIÓN",B14)),ISNUMBER(SEARCH("ALIMENTACION",B14))),0,IF(AND(ISNUMBER(SEARCH("AMBIENTE",B14)),OR(ISNUMBER(SEARCH("Semilla",D14)),ISNUMBER(SEARCH("ESPECIE VEGETAL",D14)),ISNUMBER(SEARCH("Fertilizante",D14)),ISNUMBER(SEARCH("Humus",D14)),ISNUMBER(SEARCH("Micorrizas",D14)),ISNUMBER(SEARCH("Cascarilla",D14)),ISNUMBER(SEARCH("Turba",D14)))),0,IF(AND(ISNUMBER(SEARCH("ANIMALES",B14)),OR(ISNUMBER(SEARCH("ALIMENTO",D14)),ISNUMBER(SEARCH("Alimento",D14)))),0.05,IF(ISNUMBER(SEARCH("ANIMALES",B14)),0.19,IF(ISNUMBER(SEARCH("AMBIENTE",B14)),0.19,IF(ISNUMBER(SEARCH("CULTURA",B14)),0.19,IF(ISNUMBER(SEARCH("DEPORTE",B14)),0.19,IF(ISNUMBER(SEARCH("Bioseguridad",B14)),0.19,IF(ISNUMBER(SEARCH("DOTACIÓN",B14)),0.19,IF(ISNUMBER(SEARCH("SERVICIO",C14)),0.19,0.19)))))))))) -> 0.19 | I14: =+'CANASTA DE PRECIOS'!I14 -> 22899
A15: =1+A14 -> 12 | B15: AMBIENTE | C15: COMPRA | D15: Bandejas | E15: 21101612 | F15: Bandeja de germinación x 200 alveolos | G15: UN | H15: =IF(OR(ISNUMBER(SEARCH("ALIMENTACIÓN",B15)),ISNUMBER(SEARCH("ALIMENTACION",B15))),0,IF(AND(ISNUMBER(SEARCH("AMBIENTE",B15)),OR(ISNUMBER(SEARCH("Semilla",D15)),ISNUMBER(SEARCH("ESPECIE VEGETAL",D15)),ISNUMBER(SEARCH("Fertilizante",D15)),ISNUMBER(SEARCH("Humus",D15)),ISNUMBER(SEARCH("Micorrizas",D15)),ISNUMBER(SEARCH("Cascarilla",D15)),ISNUMBER(SEARCH("Turba",D15)))),0,IF(AND(ISNUMBER(SEARCH("ANIMALES",B15)),OR(ISNUMBER(SEARCH("ALIMENTO",D15)),ISNUMBER(SEARCH("Alimento",D15)))),0.05,IF(ISNUMBER(SEARCH("ANIMALES",B15)),0.19,IF(ISNUMBER(SEARCH("AMBIENTE",B15)),0.19,IF(ISNUMBER(SEARCH("CULTURA",B15)),0.19,IF(ISNUMBER(SEARCH("DEPORTE",B15)),0.19,IF(ISNUMBER(SEARCH("Bioseguridad",B15)),0.19,IF(ISNUMBER(SEARCH("DOTACIÓN",B15)),0.19,IF(ISNUMBER(SEARCH("SERVICIO",C15)),0.19,0.19)))))))))) -> 0.19 | I15: =+'CANASTA DE PRECIOS'!I15 -> 24000
A16: =1+A15 -> 13 | B16: AMBIENTE | C16: COMPRA | D16: BOLSAS ECOLOGICAS | E16: 90101603 | F16: Bolsas ecológicas en cambrel con agarraderas. Estas deben tener una medida de 50cm de alto x 60cm de ancho. Debe contar con estampados alusivos al proceso de separación en la fuente, logos de la Alcaldía Mayor de Bogotá y de la Alcaldía Local de Rafael Uribe Uribe, los cuales deben estar en policromía. | G16: UN | H16: =IF(OR(ISNUMBER(SEARCH("ALIMENTACIÓN",B16)),ISNUMBER(SEARCH("ALIMENTACION",B16))),0,IF(AND(ISNUMBER(SEARCH("AMBIENTE",B16)),OR(ISNUMBER(SEARCH("Semilla",D16)),ISNUMBER(SEARCH("ESPECIE VEGETAL",D16)),ISNUMBER(SEARCH("Fertilizante",D16)),ISNUMBER(SEARCH("Humus",D16)),ISNUMBER(SEARCH("Micorrizas",D16)),ISNUMBER(SEARCH("Cascarilla",D16)),ISNUMBER(SEARCH("Turba",D16)))),0,IF(AND(ISNUMBER(SEARCH("ANIMALES",B16)),OR(ISNUMBER(SEARCH("ALIMENTO",D16)),ISNUMBER(SEARCH("Alimento",D16)))),0.05,IF(ISNUMBER(SEARCH("ANIMALES",B16)),0.19,IF(ISNUMBER(SEARCH("AMBIENTE",B16)),0.19,IF(ISNUMBER(SEARCH("CULTURA",B16)),0.19,IF(ISNUMBER(SEARCH("DEPORTE",B16)),0.19,IF(ISNUMBER(SEARCH("Bioseguridad",B16)),0.19,IF(ISNUMBER(SEARCH("DOTACIÓN",B16)),0.19,IF(ISNUMBER(SEARCH("SERVICIO",C16)),0.19,0.19)))))))))) -> 0.19 | I16: =+'CANASTA DE PRECIOS'!I16 -> 10057
A17: =1+A16 -> 14 | B17: AMBIENTE | C17: COMPRA | D17: Bolsitas | E17: 14111601 | F17: Bolsita de papel kraft x 25 gr x 100 und | G17: UN | H17: =IF(OR(ISNUMBER(SEARCH("ALIMENTACIÓN",B17)),ISNUMBER(SEARCH("ALIMENTACION",B17))),0,IF(AND(ISNUMBER(SEARCH("AMBIENTE",B17)),OR(ISNUMBER(SEARCH("Semilla",D17)),ISNUMBER(SEARCH("ESPECIE VEGETAL",D17)),ISNUMBER(SEARCH("Fertilizante",D17)),ISNUMBER(SEARCH("Humus",D17)),ISNUMBER(SEARCH("Micorrizas",D17)),ISNUMBER(SEARCH("Cascarilla",D17)),ISNUMBER(SEARCH("Turba",D17)))),0,IF(AND(ISNUMBER(SEARCH("ANIMALES",B17)),OR(ISNUMBER(SEARCH("ALIMENTO",D17)),ISNUMBER(SEARCH("Alimento",D17)))),0.05,IF(ISNUMBER(SEARCH("ANIMALES",B17)),0.19,IF(ISNUMBER(SEARCH("AMBIENTE",B17)),0.19,IF(ISNUMBER(SEARCH("CULTURA",B17)),0.19,IF(ISNUMBER(SEARCH("DEPORTE",B17)),0.19,IF(ISNUMBER(SEARCH("Bioseguridad",B17)),0.19,IF(ISNUMBER(SEARCH("DOTACIÓN",B17)),0.19,IF(ISNUMBER(SEARCH("SERVICIO",C17)),0.19,0.19)))))))))) -> 0.19 | I17: =+'CANASTA DE PRECIOS'!I17 -> 2499
A18: =1+A17 -> 15 | B18: AMBIENTE | C18: COMPRA | D18: Bomba Manual 2 Litros Fumigadora Aspersor Pulverizador | E18: 40151500 | F18: Fumigadora Manual 2 Litros Atomizador Multiusos Rociador | G18: UN | H18: =IF(OR(ISNUMBER(SEARCH("ALIMENTACIÓN",B18)),ISNUMBER(SEARCH("ALIMENTACION",B18))),0,IF(AND(ISNUMBER(SEARCH("AMBIENTE",B18)),OR(ISNUMBER(SEARCH("Semilla",D18)),ISNUMBER(SEARCH("ESPECIE VEGETAL",D18)),ISNUMBER(SEARCH("Fertilizante",D18)),ISNUMBER(SEARCH("Humus",D18)),ISNUMBER(SEARCH("Micorrizas",D18)),ISNUMBER(SEARCH("Cascarilla",D18)),ISNUMBER(SEARCH("Turba",D18)))),0,IF(AND(ISNUMBER(SEARCH("ANIMALES",B18)),OR(ISNUMBER(SEARCH("ALIMENTO",D18)),ISNUMBER(SEARCH("Alimento",D18)))),0.05,IF(ISNUMBER(SEARCH("ANIMALES",B18)),0.19,IF(ISNUMBER(SEARCH("AMBIENTE",B18)),0.19,IF(ISNUMBER(SEARCH("CULTURA",B18)),0.19,IF(ISNUMBER(SEARCH("DEPORTE",B18)),0.19,IF(ISNUMBER(SEARCH("Bioseguridad",B18)),0.19,IF(ISNUMBER(SEARCH("DOTACIÓN",B18)),0.19,IF(ISNUMBER(SEARCH("SERVICIO",C18)),0.19,0.19)))))))))) -> 0.19 | I18: =+'CANASTA DE PRECIOS'!I18 -> 29399
A19: =1+A18 -> 16 | B19: AMBIENTE | C19: COMPRA | D19: Broca para concreto | E19: 20102105 | F19: Broca Para Concreto 1/4 pulgada | G19: UN | H19: =IF(OR(ISNUMBER(SEARCH("ALIMENTACIÓN",B19)),ISNUMBER(SEARCH("ALIMENTACION",B19))),0,IF(AND(ISNUMBER(SEARCH("AMBIENTE",B19)),OR(ISNUMBER(SEARCH("Semilla",D19)),ISNUMBER(SEARCH("ESPECIE VEGETAL",D19)),ISNUMBER(SEARCH("Fertilizante",D19)),ISNUMBER(SEARCH("Humus",D19)),ISNUMBER(SEARCH("Micorrizas",D19)),ISNUMBER(SEARCH("Cascarilla",D19)),ISNUMBER(SEARCH("Turba",D19)))),0,IF(AND(ISNUMBER(SEARCH("ANIMALES",B19)),OR(ISNUMBER(SEARCH("ALIMENTO",D19)),ISNUMBER(SEARCH("Alimento",D19)))),0.05,IF(ISNUMBER(SEARCH("ANIMALES",B19)),0.19,IF(ISNUMBER(SEARCH("AMBIENTE",B19)),0.19,IF(ISNUMBER(SEARCH("CULTURA",B19)),0.19,IF(ISNUMBER(SEARCH("DEPORTE",B19)),0.19,IF(ISNUMBER(SEARCH("Bioseguridad",B19)),0.19,IF(ISNUMBER(SEARCH("DOTACIÓN",B19)),0.19,IF(ISNUMBER(SEARCH("SERVICIO",C19)),0.19,0.19)))))))))) -> 0.19 | I19: =+'CANASTA DE PRECIOS'!I19 -> 20900
A20: =1+A19 -> 17 | B20: AMBIENTE | C20: COMPRA | D20: Broca para madera | E20: 27111537 | F20: Broca madera 1/4 pulgada | G20: UN | H20: =IF(OR(ISNUMBER(SEARCH("ALIMENTACIÓN",B20)),ISNUMBER(SEARCH("ALIMENTACION",B20))),0,IF(AND(ISNUMBER(SEARCH("AMBIENTE",B20)),OR(ISNUMBER(SEARCH("Semilla",D20)),ISNUMBER(SEARCH("ESPECIE VEGETAL",D20)),ISNUMBER(SEARCH("Fertilizante",D20)),ISNUMBER(SEARCH("Humus",D20)),ISNUMBER(SEARCH("Micorrizas",D20)),ISNUMBER(SEARCH("Cascarilla",D20)),ISNUMBER(SEARCH("Turba",D20)))),0,IF(AND(ISNUMBER(SEARCH("ANIMALES",B20)),OR(ISNUMBER(SEARCH("ALIMENTO",D20)),ISNUMBER(SEARCH("Alimento",D20)))),0.05,IF(ISNUMBER(SEARCH("ANIMALES",B20)),0.19,IF(ISNUMBER(SEARCH("AMBIENTE",B20)),0.19,IF(ISNUMBER(SEARCH("CULTURA",B20)),0.19,IF(ISNUMBER(SEARCH("DEPORTE",B20)),0.19,IF(ISNUMBER(SEARCH("Bioseguridad",B20)),0.19,IF(ISNUMBER(SEARCH("DOTACIÓN",B20)),0.19,IF(ISNUMBER(SEARCH("SERVICIO",C20)),0.19,0.19)))))))))) -> 0.19 | I20: =+'CANASTA DE PRECIOS'!I20 -> 9899
A21: =1+A20 -> 18 | B21: AMBIENTE | C21: COMPRA | D21: Cabuya cosechera | E21: 31151508 | F21: Cabuya Cosechera Verde Ref. 12 X 1 X 750m | G21: UN | H21: =IF(OR(ISNUMBER(SEARCH("ALIMENTACIÓN",B21)),ISNUMBER(SEARCH("ALIMENTACION",B21))),0,IF(AND(ISNUMBER(SEARCH("AMBIENTE",B21)),OR(ISNUMBER(SEARCH("Semilla",D21)),ISNUMBER(SEARCH("ESPECIE VEGETAL",D21)),ISNUMBER(SEARCH("Fertilizante",D21)),ISNUMBER(SEARCH("Humus",D21)),ISNUMBER(SEARCH("Micorrizas",D21)),ISNUMBER(SEARCH("Cascarilla",D21)),ISNUMBER(SEARCH("Turba",D21)))),0,IF(AND(ISNUMBER(SEARCH("ANIMALES",B21)),OR(ISNUMBER(SEARCH("ALIMENTO",D21)),ISNUMBER(SEARCH("Alimento",D21)))),0.05,IF(ISNUMBER(SEARCH("ANIMALES",B21)),0.19,IF(ISNUMBER(SEARCH("AMBIENTE",B21)),0.19,IF(ISNUMBER(SEARCH("CULTURA",B21)),0.19,IF(ISNUMBER(SEARCH("DEPORTE",B21)),0.19,IF(ISNUMBER(SEARCH("Bioseguridad",B21)),0.19,IF(ISNUMBER(SEARCH("DOTACIÓN",B21)),0.19,IF(ISNUMBER(SEARCH("SERVICIO",C21)),0.19,0.19)))))))))) -> 0.19 | I21: =+'CANASTA DE PRECIOS'!I21 -> 23699
A22: =1+A21 -> 19 | B22: AMBIENTE | C22: COMPRA | D22: Caneca o balde | E22: 60121238 | F22: Balde Plástico para Pintura Capacidad 5 Galones | G22: UN | H22: =IF(OR(ISNUMBER(SEARCH("ALIMENTACIÓN",B22)),ISNUMBER(SEARCH("ALIMENTACION",B22))),0,IF(AND(ISNUMBER(SEARCH("AMBIENTE",B22)),OR(ISNUMBER(SEARCH("Semilla",D22)),ISNUMBER(SEARCH("ESPECIE VEGETAL",D22)),ISNUMBER(SEARCH("Fertilizante",D22)),ISNUMBER(SEARCH("Humus",D22)),ISNUMBER(SEARCH("Micorrizas",D22)),ISNUMBER(SEARCH("Cascarilla",D22)),ISNUMBER(SEARCH("Turba",D22)))),0,IF(AND(ISNUMBER(SEARCH("ANIMALES",B22)),OR(ISNUMBER(SEARCH("ALIMENTO",D22)),ISNUMBER(SEARCH("Alimento",D22)))),0.05,IF(ISNUMBER(SEARCH("ANIMALES",B22)),0.19,IF(ISNUMBER(SEARCH("AMBIENTE",B22)),0.19,IF(ISNUMBER(SEARCH("CULTURA",B22)),0.19,IF(ISNUMBER(SEARCH("DEPORTE",B22)),0.19,IF(ISNUMBER(SEARCH("Bioseguridad",B22)),0.19,IF(ISNUMBER(SEARCH("DOTACIÓN",B22)),0.19,IF(ISNUMBER(SEARCH("SERVICIO",C22)),0.19,0.19)))))))))) -> 0.19 | I22: =+'CANASTA DE PRECIOS'!I22 -> 26899
A23: =1+A22 -> 20 | B23: AMBIENTE | C23: COMPRA | D23: Cascarilla de arroz cruda | E23: 10171500 | F23: Cascarilla de arroz cruda como sustrato | G23: Bulto 10 KG | H23: =IF(OR(ISNUMBER(SEARCH("ALIMENTACIÓN",B23)),ISNUMBER(SEARCH("ALIMENTACION",B23))),0,IF(AND(ISNUMBER(SEARCH("AMBIENTE",B23)),OR(ISNUMBER(SEARCH("Semilla",D23)),ISNUMBER(SEARCH("ESPECIE VEGETAL",D23)),ISNUMBER(SEARCH("Fertilizante",D23)),ISNUMBER(SEARCH("Humus",D23)),ISNUMBER(SEARCH("Micorrizas",D23)),ISNUMBER(SEARCH("Cascarilla",D23)),ISNUMBER(SEARCH("Turba",D23)))),0,IF(AND(ISNUMBER(SEARCH("ANIMALES",B23)),OR(ISNUMBER(SEARCH("ALIMENTO",D23)),ISNUMBER(SEARCH("Alimento",D23)))),0.05,IF(ISNUMBER(SEARCH("ANIMALES",B23)),0.19,IF(ISNUMBER(SEARCH("AMBIENTE",B23)),0.19,IF(ISNUMBER(SEARCH("CULTURA",B23)),0.19,IF(ISNUMBER(SEARCH("DEPORTE",B23)),0.19,IF(ISNUMBER(SEARCH("Bioseguridad",B23)),0.19,IF(ISNUMBER(SEARCH("DOTACIÓN",B23)),0.19,IF(ISNUMBER(SEARCH("SERVICIO",C23)),0.19,0.19)))))))))) -> 0 | I23: =+'CANASTA DE PRECIOS'!I23 -> 25500
... A125: =1+A124 -> 122 | B125: Bioseguridad | C125: COMPRA | D125: Botas impermeables | E125: 90101603 | F125: Botas impermeables Tallas 36 a la 42 Exterior de: 100.0% Cloruro de polivinilo; Suela de: 100.0% Cloruro de polivinilo; Interior de: 100.0% Poliéster | G125: UN | H125: =IF(OR(ISNUMBER(SEARCH("ALIMENTACIÓN",B125)),ISNUMBER(SEARCH("ALIMENTACION",B125))),0,IF(AND(ISNUMBER(SEARCH("AMBIENTE",B125)),OR(ISNUMBER(SEARCH("Semilla",D125)),ISNUMBER(SEARCH("ESPECIE VEGETAL",D125)),ISNUMBER(SEARCH("Fertilizante",D125)),ISNUMBER(SEARCH("Humus",D125)),ISNUMBER(SEARCH("Micorrizas",D125)),ISNUMBER(SEARCH("Cascarilla",D125)),ISNUMBER(SEARCH("Turba",D125)))),0,IF(AND(ISNUMBER(SEARCH("ANIMALES",B125)),OR(ISNUMBER(SEARCH("ALIMENTO",D125)),ISNUMBER(SEARCH("Alimento",D125)))),0.05,IF(ISNUMBER(SEARCH("ANIMALES",B125)),0.19,IF(ISNUMBER(SEARCH("AMBIENTE",B125)),0.19,IF(ISNUMBER(SEARCH("CULTURA",B125)),0.19,IF(ISNUMBER(SEARCH("DEPORTE",B125)),0.19,IF(ISNUMBER(SEARCH("Bioseguridad",B125)),0.19,IF(ISNUMBER(SEARCH("DOTACIÓN",B125)),0.19,IF(ISNUMBER(SEARCH("SERVICIO",C125)),0.19,0.19)))))))))) -> 0.19 | I125: =+'CANASTA DE PRECIOS'!I125 -> 99999
A126: =1+A125 -> 123 | B126: Bioseguridad | C126: COMPRA | D126: BOTIQUIN TIPO A | E126: 42172000 | F126: Botiquín tipo A de primeros auxilios: - Los elementos con lo que debe contar son los estipulados en la resolución 705 de 2007 de la Secretaría Distrital de Salud 1)_x000D_4 GASA ESTÉRIL 7.5X7.5 POR 5 UND_x000D_2)_x000D_1 ESPARADRAPO DE TELA 4" X5 YARDAS_x000D_3)_x000D_1 BAJALENGUAS PAQ X 20 UND_x000D_4)_x000D_1 GUANTE VINILO CAJA POR 100UNIDADES_x000D_5)_x000D_1 VENDA ELÁSTICA 2" X 5 YARDAS_x000D_6)_x000D_1 VENDA ELÁSTICA 3" X 5 YARDAS_x000D_7)_x000D_1 VENDA ELÁSTICA 5" X 5 YARDAS_x000D_8)_x000D_1 VENDA DE ALGODÓN 3" X 5 YARDAS_x000D_9)_x000D_1 VENDA DE ALGODÓN 5" X 5 YARDAS_x000D_10)_x000D_1 YODOPOVIDONA SOLUCIÓN 120ML_x000D_11)_x000D_2 SOLUCIÓN SALINA 250ML_x000D_12)_x000D_1 TERMOMETRO DIGITAL_x000D_13)_x000D_1 ALCOHOL ANTISÉPTICO FRASCO X 300ML | G126: UN | H126: =IF(OR(ISNUMBER(SEARCH("ALIMENTACIÓN",B126)),ISNUMBER(SEARCH("ALIMENTACION",B126))),0,IF(AND(ISNUMBER(SEARCH("AMBIENTE",B126)),OR(ISNUMBER(SEARCH("Semilla",D126)),ISNUMBER(SEARCH("ESPECIE VEGETAL",D126)),ISNUMBER(SEARCH("Fertilizante",D126)),ISNUMBER(SEARCH("Humus",D126)),ISNUMBER(SEARCH("Micorrizas",D126)),ISNUMBER(SEARCH("Cascarilla",D126)),ISNUMBER(SEARCH("Turba",D126)))),0,IF(AND(ISNUMBER(SEARCH("ANIMALES",B126)),OR(ISNUMBER(SEARCH("ALIMENTO",D126)),ISNUMBER(SEARCH("Alimento",D126)))),0.05,IF(ISNUMBER(SEARCH("ANIMALES",B126)),0.19,IF(ISNUMBER(SEARCH("AMBIENTE",B126)),0.19,IF(ISNUMBER(SEARCH("CULTURA",B126)),0.19,IF(ISNUMBER(SEARCH("DEPORTE",B126)),0.19,IF(ISNUMBER(SEARCH("Bioseguridad",B126)),0.19,IF(ISNUMBER(SEARCH("DOTACIÓN",B126)),0.19,IF(ISNUMBER(SEARCH("SERVICIO",C126)),0.19,0.19)))))))))) -> 0.19 | I126: =+'CANASTA DE PRECIOS'!I126 -> 155999
A127: =1+A126 -> 124 | B127: Bioseguridad | C127: COMPRA | D127: BOTIQUIN TIPO B | E127: 42172000 | F127: Botiquín tipo B de primeros auxilios: - Los elementos con lo que debe contar son los estipulados en la resolución 705 de 2007 de la Secretaría Distrital de Salud. 1)1 GASA LIMPIA PAQ X 100 UND2)20 GASA ESTÉRIL 7.5X7.5 POR 5 UND. 3)4 COMPRESA ABDOMINAL4)1 ESPARADRAPO DE TELA 4′′ X5 YARDAS5)1 BAJALENGUAS PAQ X 20 UND6)2 VENDA ELÁSTICA 2′′ X 5 YARDAS7)2 VENDA ELÁSTICA 3′′ X 5 YARDAS8)2 VENDA ELÁSTICA 5′′ X 5 YARDAS9)2 VENDA DE ALGODÓN 3′′ X 5 YARDAS10)2 VENDA DE ALGODÓN 5′′ X 5 YARDAS11)1 YODOPOVIDONA ESPUMA 120ML12)5 SOLUCIÓN SALINA 250ML13)1 GUANTE LATEX POR CAJA DE 100 O DE VINILO SEGÚN DISPONIBILIDAD.14)1 TERMOMETRO DIGITAL15)1 ALCOHOL ANTISÉPTICO FRASCO X 300ML16)1 LINTERNA DINAMO17)1 TIJERA UNIVERSAL PARA TRAUMA18)1 CUELLO PARA INMOVILIZACIÓN CERVICAL USO ADULTO MUL 1 KIT X 3 PIEZAS19)INMOVILIZADORES EN CARTÓN PLAST BRAZO PIERNA TOBILLO20)1 VASOS PAQUETE X 25 UND21)1 ACIDO ACETIL SALICILICO TAB X 10 UND22)2 ACETAMINOFÉN 500 MG TAB X 10 UND.23)1 HIDROXIDO DE ALUMINIO TFRASCO24)2 BARRERA PLÁSTICA DE PROTECCIÓN PARA RCP TIPO LLAVER | G127: UN | H127: =IF(OR(ISNUMBER(SEARCH("ALIMENTACIÓN",B127)),ISNUMBER(SEARCH("ALIMENTACION",B127))),0,IF(AND(ISNUMBER(SEARCH("AMBIENTE",B127)),OR(ISNUMBER(SEARCH("Semilla",D127)),ISNUMBER(SEARCH("ESPECIE VEGETAL",D127)),ISNUMBER(SEARCH("Fertilizante",D127)),ISNUMBER(SEARCH("Humus",D127)),ISNUMBER(SEARCH("Micorrizas",D127)),ISNUMBER(SEARCH("Cascarilla",D127)),ISNUMBER(SEARCH("Turba",D127)))),0,IF(AND(ISNUMBER(SEARCH("ANIMALES",B127)),OR(ISNUMBER(SEARCH("ALIMENTO",D127)),ISNUMBER(SEARCH("Alimento",D127)))),0.05,IF(ISNUMBER(SEARCH("ANIMALES",B127)),0.19,IF(ISNUMBER(SEARCH("AMBIENTE",B127)),0.19,IF(ISNUMBER(SEARCH("CULTURA",B127)),0.19,IF(ISNUMBER(SEARCH("DEPORTE",B127)),0.19,IF(ISNUMBER(SEARCH("Bioseguridad",B127)),0.19,IF(ISNUMBER(SEARCH("DOTACIÓN",B127)),0.19,IF(ISNUMBER(SEARCH("SERVICIO",C127)),0.19,0.19)))))))))) -> 0.19 | I127: =+'CANASTA DE PRECIOS'!I127 -> 387900
A128: =1+A127 -> 125 | B128: Bioseguridad | C128: COMPRA | D128: Brazalete Brigadista | E128: 90101603 | F128: Brazalete Brigadista, elaborado en lona tipo morral y vinilo, con banda reflectiva. Cinta elástica negra que permite graduarlo al brazo | G128: UN | H128: =IF(OR(ISNUMBER(SEARCH("ALIMENTACIÓN",B128)),ISNUMBER(SEARCH("ALIMENTACION",B128))),0,IF(AND(ISNUMBER(SEARCH("AMBIENTE",B128)),OR(ISNUMBER(SEARCH("Semilla",D128)),ISNUMBER(SEARCH("ESPECIE VEGETAL",D128)),ISNUMBER(SEARCH("Fertilizante",D128)),ISNUMBER(SEARCH("Humus",D128)),ISNUMBER(SEARCH("Micorrizas",D128)),ISNUMBER(SEARCH("Cascarilla",D128)),ISNUMBER(SEARCH("Turba",D128)))),0,IF(AND(ISNUMBER(SEARCH("ANIMALES",B128)),OR(ISNUMBER(SEARCH("ALIMENTO",D128)),ISNUMBER(SEARCH("Alimento",D128)))),0.05,IF(ISNUMBER(SEARCH("ANIMALES",B128)),0.19,IF(ISNUMBER(SEARCH("AMBIENTE",B128)),0.19,IF(ISNUMBER(SEARCH("CULTURA",B128)),0.19,IF(ISNUMBER(SEARCH("DEPORTE",B128)),0.19,IF(ISNUMBER(SEARCH("Bioseguridad",B128)),0.19,IF(ISNUMBER(SEARCH("DOTACIÓN",B128)),0.19,IF(ISNUMBER(SEARCH("SERVICIO",C128)),0.19,0.19)))))))))) -> 0.19 | I128: =+'CANASTA DE PRECIOS'!I128 -> 3499
A129: =1+A128 -> 126 | B129: Bioseguridad | C129: COMPRA | D129: CAMILLA: | E129: 90101603 | F129: CAMILLA:: Higiénica, traslucida, material polietileno de alta densidad.Tamaño: 184 cm. x 45 cm x 6.5cm Peso: 7 Kg ,Soporta carga: mínimo 130 Kg.Inmovilizador: 8 correas de nylon de 2” con velcro y cintas reflectiva. Almohadilla para sostener y proteger cabeza. Colores: Anaranjado o amarillo. | G129: UN | H129: =IF(OR(ISNUMBER(SEARCH("ALIMENTACIÓN",B129)),ISNUMBER(SEARCH("ALIMENTACION",B129))),0,IF(AND(ISNUMBER(SEARCH("AMBIENTE",B129)),OR(ISNUMBER(SEARCH("Semilla",D129)),ISNUMBER(SEARCH("ESPECIE VEGETAL",D129)),ISNUMBER(SEARCH("Fertilizante",D129)),ISNUMBER(SEARCH("Humus",D129)),ISNUMBER(SEARCH("Micorrizas",D129)),ISNUMBER(SEARCH("Cascarilla",D129)),ISNUMBER(SEARCH("Turba",D129)))),0,IF(AND(ISNUMBER(SEARCH("ANIMALES",B129)),OR(ISNUMBER(SEARCH("ALIMENTO",D129)),ISNUMBER(SEARCH("Alimento",D129)))),0.05,IF(ISNUMBER(SEARCH("ANIMALES",B129)),0.19,IF(ISNUMBER(SEARCH("AMBIENTE",B129)),0.19,IF(ISNUMBER(SEARCH("CULTURA",B129)),0.19,IF(ISNUMBER(SEARCH("DEPORTE",B129)),0.19,IF(ISNUMBER(SEARCH("Bioseguridad",B129)),0.19,IF(ISNUMBER(SEARCH("DOTACIÓN",B129)),0.19,IF(ISNUMBER(SEARCH("SERVICIO",C129)),0.19,0.19)))))))))) -> 0.19 | I129: =+'CANASTA DE PRECIOS'!I129 -> 139999
A130: =1+A129 -> 127 | B130: Bioseguridad | C130: COMPRA | D130: Casco de Seguridad | E130: 90101603 | F130: Casco de Seguridad, peso de 1 kg y sus medidas son 29 cm x 28 cm x 38 cm, | G130: UN | H130: =IF(OR(ISNUMBER(SEARCH("ALIMENTACIÓN",B130)),ISNUMBER(SEARCH("ALIMENTACION",B130))),0,IF(AND(ISNUMBER(SEARCH("AMBIENTE",B130)),OR(ISNUMBER(SEARCH("Semilla",D130)),ISNUMBER(SEARCH("ESPECIE VEGETAL",D130)),ISNUMBER(SEARCH("Fertilizante",D130)),ISNUMBER(SEARCH("Humus",D130)),ISNUMBER(SEARCH("Micorrizas",D130)),ISNUMBER(SEARCH("Cascarilla",D130)),ISNUMBER(SEARCH("Turba",D130)))),0,IF(AND(ISNUMBER(SEARCH("ANIMALES",B130)),OR(ISNUMBER(SEARCH("ALIMENTO",D130)),ISNUMBER(SEARCH("Alimento",D130)))),0.05,IF(ISNUMBER(SEARCH("ANIMALES",B130)),0.19,IF(ISNUMBER(SEARCH("AMBIENTE",B130)),0.19,IF(ISNUMBER(SEARCH("CULTURA",B130)),0.19,IF(ISNUMBER(SEARCH("DEPORTE",B130)),0.19,IF(ISNUMBER(SEARCH("Bioseguridad",B130)),0.19,IF(ISNUMBER(SEARCH("DOTACIÓN",B130)),0.19,IF(ISNUMBER(SEARCH("SERVICIO",C130)),0.19,0.19)))))))))) -> 0.19 | I130: =+'CANASTA DE PRECIOS'!I130 -> 42899
A131: =1+A130 -> 128 | B131: Bioseguridad | C131: COMPRA | D131: CEMENTO | E131: 90101603 | F131: Bultos de cemento x 50 Kg | G131: UN | H131: =IF(OR(ISNUMBER(SEARCH("ALIMENTACIÓN",B131)),ISNUMBER(SEARCH("ALIMENTACION",B131))),0,IF(AND(ISNUMBER(SEARCH("AMBIENTE",B131)),OR(ISNUMBER(SEARCH("Semilla",D131)),ISNUMBER(SEARCH("ESPECIE VEGETAL",D131)),ISNUMBER(SEARCH("Fertilizante",D131)),ISNUMBER(SEARCH("Humus",D131)),ISNUMBER(SEARCH("Micorrizas",D131)),ISNUMBER(SEARCH("Cascarilla",D131)),ISNUMBER(SEARCH("Turba",D131)))),0,IF(AND(ISNUMBER(SEARCH("ANIMALES",B131)),OR(ISNUMBER(SEARCH("ALIMENTO",D131)),ISNUMBER(SEARCH("Alimento",D131)))),0.05,IF(ISNUMBER(SEARCH("ANIMALES",B131)),0.19,IF(ISNUMBER(SEARCH("AMBIENTE",B131)),0.19,IF(ISNUMBER(SEARCH("CULTURA",B131)),0.19,IF(ISNUMBER(SEARCH("DEPORTE",B131)),0.19,IF(ISNUMBER(SEARCH("Bioseguridad",B131)),0.19,IF(ISNUMBER(SEARCH("DOTACIÓN",B131)),0.19,IF(ISNUMBER(SEARCH("SERVICIO",C131)),0.19,0.19)))))))))) -> 0.19 | I131: =+'CANASTA DE PRECIOS'!I131 -> 38249
A132: =1+A131 -> 129 | B132: Bioseguridad | C132: COMPRA | D132: CHALECO REFLECTIVO | E132: 90101603 | F132: Chaleco reflectivo- color NARANJA Ecierre con velcro | G132: UN | H132: =IF(OR(ISNUMBER(SEARCH("ALIMENTACIÓN",B132)),ISNUMBER(SEARCH("ALIMENTACION",B132))),0,IF(AND(ISNUMBER(SEARCH("AMBIENTE",B132)),OR(ISNUMBER(SEARCH("Semilla",D132)),ISNUMBER(SEARCH("ESPECIE VEGETAL",D132)),ISNUMBER(SEARCH("Fertilizante",D132)),ISNUMBER(SEARCH("Humus",D132)),ISNUMBER(SEARCH("Micorrizas",D132)),ISNUMBER(SEARCH("Cascarilla",D132)),ISNUMBER(SEARCH("Turba",D132)))),0,IF(AND(ISNUMBER(SEARCH("ANIMALES",B132)),OR(ISNUMBER(SEARCH("ALIMENTO",D132)),ISNUMBER(SEARCH("Alimento",D132)))),0.05,IF(ISNUMBER(SEARCH("ANIMALES",B132)),0.19,IF(ISNUMBER(SEARCH("AMBIENTE",B132)),0.19,IF(ISNUMBER(SEARCH("CULTURA",B132)),0.19,IF(ISNUMBER(SEARCH("DEPORTE",B132)),0.19,IF(ISNUMBER(SEARCH("Bioseguridad",B132)),0.19,IF(ISNUMBER(SEARCH("DOTACIÓN",B132)),0.19,IF(ISNUMBER(SEARCH("SERVICIO",C132)),0.19,0.19)))))))))) -> 0.19 | I132: =+'CANASTA DE PRECIOS'!I132 -> 14899
A133: =1+A132 -> 130 | B133: Bioseguridad | C133: COMPRA | D133: Delantal | E133: 46181501 | F133: Delantal en Tela Antifluido Cuerpo Entero Unisex | G133: UN | H133: =IF(OR(ISNUMBER(SEARCH("ALIMENTACIÓN",B133)),ISNUMBER(SEARCH("ALIMENTACION",B133))),0,IF(AND(ISNUMBER(SEARCH("AMBIENTE",B133)),OR(ISNUMBER(SEARCH("Semilla",D133)),ISNUMBER(SEARCH("ESPECIE VEGETAL",D133)),ISNUMBER(SEARCH("Fertilizante",D133)),ISNUMBER(SEARCH("Humus",D133)),ISNUMBER(SEARCH("Micorrizas",D133)),ISNUMBER(SEARCH("Cascarilla",D133)),ISNUMBER(SEARCH("Turba",D133)))),0,IF(AND(ISNUMBER(SEARCH("ANIMALES",B133)),OR(ISNUMBER(SEARCH("ALIMENTO",D133)),ISNUMBER(SEARCH("Alimento",D133)))),0.05,IF(ISNUMBER(SEARCH("ANIMALES",B133)),0.19,IF(ISNUMBER(SEARCH("AMBIENTE",B133)),0.19,IF(ISNUMBER(SEARCH("CULTURA",B133)),0.19,IF(ISNUMBER(SEARCH("DEPORTE",B133)),0.19,IF(ISNUMBER(SEARCH("Bioseguridad",B133)),0.19,IF(ISNUMBER(SEARCH("DOTACIÓN",B133)),0.19,IF(ISNUMBER(SEARCH("SERVICIO",C133)),0.19,0.19)))))))))) -> 0.19 | I133: =+'CANASTA DE PRECIOS'!I133 -> 25900
A134: =1+A133 -> 131 | B134: Bioseguridad | C134: COMPRA | D134: Extintor multipropósitos | E134: 90101603 | F134: Extintor multipropósitos de 10 Lbs polvo ABC | G134: UN | H134: =IF(OR(ISNUMBER(SEARCH("ALIMENTACIÓN",B134)),ISNUMBER(SEARCH("ALIMENTACION",B134))),0,IF(AND(ISNUMBER(SEARCH("AMBIENTE",B134)),OR(ISNUMBER(SEARCH("Semilla",D134)),ISNUMBER(SEARCH("ESPECIE VEGETAL",D134)),ISNUMBER(SEARCH("Fertilizante",D134)),ISNUMBER(SEARCH("Humus",D134)),ISNUMBER(SEARCH("Micorrizas",D134)),ISNUMBER(SEARCH("Cascarilla",D134)),ISNUMBER(SEARCH("Turba",D134)))),0,IF(AND(ISNUMBER(SEARCH("ANIMALES",B134)),OR(ISNUMBER(SEARCH("ALIMENTO",D134)),ISNUMBER(SEARCH("Alimento",D134)))),0.05,IF(ISNUMBER(SEARCH("ANIMALES",B134)),0.19,IF(ISNUMBER(SEARCH("AMBIENTE",B134)),0.19,IF(ISNUMBER(SEARCH("CULTURA",B134)),0.19,IF(ISNUMBER(SEARCH("DEPORTE",B134)),0.19,IF(ISNUMBER(SEARCH("Bioseguridad",B134)),0.19,IF(ISNUMBER(SEARCH("DOTACIÓN",B134)),0.19,IF(ISNUMBER(SEARCH("SERVICIO",C134)),0.19,0.19)))))))))) -> 0.19 | I134: =+'CANASTA DE PRECIOS'!I134 -> 62949
A135: =1+A134 -> 132 | B135: Bioseguridad | C135: COMPRA | D135: GAFAS DE SEGURIDAD | E135: 46181804 | F135: Gafas Antiempañante Lente Claro Protección frontal y lateral Marco y patillas flexibles de nylon Dupont Lente de policarbonato 100%, Patilla telescópica ajustable a 4 posiciones de largo Brazo extensible, Filtros UV, UVA, UVB Anti-rayones (HC), Talla Unica, lente transparente, marco transparente, banda elastica ajustable | G135: UN | H135: =IF(OR(ISNUMBER(SEARCH("ALIMENTACIÓN",B135)),ISNUMBER(SEARCH("ALIMENTACION",B135))),0,IF(AND(ISNUMBER(SEARCH("AMBIENTE",B135)),OR(ISNUMBER(SEARCH("Semilla",D135)),ISNUMBER(SEARCH("ESPECIE VEGETAL",D135)),ISNUMBER(SEARCH("Fertilizante",D135)),ISNUMBER(SEARCH("Humus",D135)),ISNUMBER(SEARCH("Micorrizas",D135)),ISNUMBER(SEARCH("Cascarilla",D135)),ISNUMBER(SEARCH("Turba",D135)))),0,IF(AND(ISNUMBER(SEARCH("ANIMALES",B135)),OR(ISNUMBER(SEARCH("ALIMENTO",D135)),ISNUMBER(SEARCH("Alimento",D135)))),0.05,IF(ISNUMBER(SEARCH("ANIMALES",B135)),0.19,IF(ISNUMBER(SEARCH("AMBIENTE",B135)),0.19,IF(ISNUMBER(SEARCH("CULTURA",B135)),0.19,IF(ISNUMBER(SEARCH("DEPORTE",B135)),0.19,IF(ISNUMBER(SEARCH("Bioseguridad",B135)),0.19,IF(ISNUMBER(SEARCH("DOTACIÓN",B135)),0.19,IF(ISNUMBER(SEARCH("SERVICIO",C135)),0.19,0.19)))))))))) -> 0.19 | I135: =+'CANASTA DE PRECIOS'!I135 -> 14899
A136: =1+A135 -> 133 | B136: Bioseguridad | C136: COMPRA | D136: GUANTES DE NITRILO AJUSTABLE | E136: 46181504 | F136: Caja de Guantes de Nitrilo x 100 unidades ajustables desechables, Calibre 3 o superior, antialergico multiusos resistente a solventes. | G136: Caja X 100 UND | H136: =IF(OR(ISNUMBER(SEARCH("ALIMENTACIÓN",B136)),ISNUMBER(SEARCH("ALIMENTACION",B136))),0,IF(AND(ISNUMBER(SEARCH("AMBIENTE",B136)),OR(ISNUMBER(SEARCH("Semilla",D136)),ISNUMBER(SEARCH("ESPECIE VEGETAL",D136)),ISNUMBER(SEARCH("Fertilizante",D136)),ISNUMBER(SEARCH("Humus",D136)),ISNUMBER(SEARCH("Micorrizas",D136)),ISNUMBER(SEARCH("Cascarilla",D136)),ISNUMBER(SEARCH("Turba",D136)))),0,IF(AND(ISNUMBER(SEARCH("ANIMALES",B136)),OR(ISNUMBER(SEARCH("ALIMENTO",D136)),ISNUMBER(SEARCH("Alimento",D136)))),0.05,IF(ISNUMBER(SEARCH("ANIMALES",B136)),0.19,IF(ISNUMBER(SEARCH("AMBIENTE",B136)),0.19,IF(ISNUMBER(SEARCH("CULTURA",B136)),0.19,IF(ISNUMBER(SEARCH("DEPORTE",B136)),0.19,IF(ISNUMBER(SEARCH("Bioseguridad",B136)),0.19,IF(ISNUMBER(SEARCH("DOTACIÓN",B136)),0.19,IF(ISNUMBER(SEARCH("SERVICIO",C136)),0.19,0.19)))))))))) -> 0.19 | I136: =+'CANASTA DE PRECIOS'!I136 -> 33900 | J136: X
A137: =1+A136 -> 134 | B137: Bioseguridad | C137: COMPRA | D137: JABON LÍQUIDO | E137: 53131608 | F137: Detergente liquido multiusos x garrafa (20 litros) | G137: UN | H137: =IF(OR(ISNUMBER(SEARCH("ALIMENTACIÓN",B137)),ISNUMBER(SEARCH("ALIMENTACION",B137))),0,IF(AND(ISNUMBER(SEARCH("AMBIENTE",B137)),OR(ISNUMBER(SEARCH("Semilla",D137)),ISNUMBER(SEARCH("ESPECIE VEGETAL",D137)),ISNUMBER(SEARCH("Fertilizante",D137)),ISNUMBER(SEARCH("Humus",D137)),ISNUMBER(SEARCH("Micorrizas",D137)),ISNUMBER(SEARCH("Cascarilla",D137)),ISNUMBER(SEARCH("Turba",D137)))),0,IF(AND(ISNUMBER(SEARCH("ANIMALES",B137)),OR(ISNUMBER(SEARCH("ALIMENTO",D137)),ISNUMBER(SEARCH("Alimento",D137)))),0.05,IF(ISNUMBER(SEARCH("ANIMALES",B137)),0.19,IF(ISNUMBER(SEARCH("AMBIENTE",B137)),0.19,IF(ISNUMBER(SEARCH("CULTURA",B137)),0.19,IF(ISNUMBER(SEARCH("DEPORTE",B137)),0.19,IF(ISNUMBER(SEARCH("Bioseguridad",B137)),0.19,IF(ISNUMBER(SEARCH("DOTACIÓN",B137)),0.19,IF(ISNUMBER(SEARCH("SERVICIO",C137)),0.19,0.19)))))))))) -> 0.19 | I137: =+'CANASTA DE PRECIOS'!I137 -> 132000
A138: =1+A137 -> 135 | B138: Bioseguridad | C138: COMPRA | D138: Linterna Manual Con Dinamo | E138: 90101603 | F138: Linterna Manual Con Dinamo Sin Pilas Ni Cables, luz: Blanco Tipo de alimentación: dínamo. Tipo de luz: led Potencia: 500lm. Alcance de proyección: 15m. Es recargable. Material: plástico | G138: UN | H138: =IF(OR(ISNUMBER(SEARCH("ALIMENTACIÓN",B138)),ISNUMBER(SEARCH("ALIMENTACION",B138))),0,IF(AND(ISNUMBER(SEARCH("AMBIENTE",B138)),OR(ISNUMBER(SEARCH("Semilla",D138)),ISNUMBER(SEARCH("ESPECIE VEGETAL",D138)),ISNUMBER(SEARCH("Fertilizante",D138)),ISNUMBER(SEARCH("Humus",D138)),ISNUMBER(SEARCH("Micorrizas",D138)),ISNUMBER(SEARCH("Cascarilla",D138)),ISNUMBER(SEARCH("Turba",D138)))),0,IF(AND(ISNUMBER(SEARCH("ANIMALES",B138)),OR(ISNUMBER(SEARCH("ALIMENTO",D138)),ISNUMBER(SEARCH("Alimento",D138)))),0.05,IF(ISNUMBER(SEARCH("ANIMALES",B138)),0.19,IF(ISNUMBER(SEARCH("AMBIENTE",B138)),0.19,IF(ISNUMBER(SEARCH("CULTURA",B138)),0.19,IF(ISNUMBER(SEARCH("DEPORTE",B138)),0.19,IF(ISNUMBER(SEARCH("Bioseguridad",B138)),0.19,IF(ISNUMBER(SEARCH("DOTACIÓN",B138)),0.19,IF(ISNUMBER(SEARCH("SERVICIO",C138)),0.19,0.19)))))))))) -> 0.19 | I138: =+'CANASTA DE PRECIOS'!I138 -> 34500
A139: =1+A138 -> 136 | B139: Bioseguridad | C139: COMPRA | D139: Manta térmica de Supervivencia | E139: 90101603 | F139: Manta térmica de Supervivencia 130x210cm, Diseñado para retener hasta el 90% del calor corporal, bloquea completamente la lluvia, la nieve, la humedad. Material polietileno | G139: UN | H139: =IF(OR(ISNUMBER(SEARCH("ALIMENTACIÓN",B139)),ISNUMBER(SEARCH("ALIMENTACION",B139))),0,IF(AND(ISNUMBER(SEARCH("AMBIENTE",B139)),OR(ISNUMBER(SEARCH("Semilla",D139)),ISNUMBER(SEARCH("ESPECIE VEGETAL",D139)),ISNUMBER(SEARCH("Fertilizante",D139)),ISNUMBER(SEARCH("Humus",D139)),ISNUMBER(SEARCH("Micorrizas",D139)),ISNUMBER(SEARCH("Cascarilla",D139)),ISNUMBER(SEARCH("Turba",D139)))),0,IF(AND(ISNUMBER(SEARCH("ANIMALES",B139)),OR(ISNUMBER(SEARCH("ALIMENTO",D139)),ISNUMBER(SEARCH("Alimento",D139)))),0.05,IF(ISNUMBER(SEARCH("ANIMALES",B139)),0.19,IF(ISNUMBER(SEARCH("AMBIENTE",B139)),0.19,IF(ISNUMBER(SEARCH("CULTURA",B139)),0.19,IF(ISNUMBER(SEARCH("DEPORTE",B139)),0.19,IF(ISNUMBER(SEARCH("Bioseguridad",B139)),0.19,IF(ISNUMBER(SEARCH("DOTACIÓN",B139)),0.19,IF(ISNUMBER(SEARCH("SERVICIO",C139)),0.19,0.19)))))))))) -> 0.19 | I139: =+'CANASTA DE PRECIOS'!I139 -> 12899
A140: =1+A139 -> 137 | B140: Bioseguridad | C140: COMPRA | D140: Motobomba diesel | E140: 90101603 | F140: Motobomba diesel 14 Hp 4x4 pulgadas alto caudal con un tubo de succión rígido con filtro de bola o cheque para retener la columna de agua, 2 mangueras doble chaqueta estructural para drenar agua con rosca NH de 2 pulgadas y media. | G140: UN | H140: =IF(OR(ISNUMBER(SEARCH("ALIMENTACIÓN",B140)),ISNUMBER(SEARCH("ALIMENTACION",B140))),0,IF(AND(ISNUMBER(SEARCH("AMBIENTE",B140)),OR(ISNUMBER(SEARCH("Semilla",D140)),ISNUMBER(SEARCH("ESPECIE VEGETAL",D140)),ISNUMBER(SEARCH("Fertilizante",D140)),ISNUMBER(SEARCH("Humus",D140)),ISNUMBER(SEARCH("Micorrizas",D140)),ISNUMBER(SEARCH("Cascarilla",D140)),ISNUMBER(SEARCH("Turba",D140)))),0,IF(AND(ISNUMBER(SEARCH("ANIMALES",B140)),OR(ISNUMBER(SEARCH("ALIMENTO",D140)),ISNUMBER(SEARCH("Alimento",D140)))),0.05,IF(ISNUMBER(SEARCH("ANIMALES",B140)),0.19,IF(ISNUMBER(SEARCH("AMBIENTE",B140)),0.19,IF(ISNUMBER(SEARCH("CULTURA",B140)),0.19,IF(ISNUMBER(SEARCH("DEPORTE",B140)),0.19,IF(ISNUMBER(SEARCH("Bioseguridad",B140)),0.19,IF(ISNUMBER(SEARCH("DOTACIÓN",B140)),0.19,IF(ISNUMBER(SEARCH("SERVICIO",C140)),0.19,0.19)))))))))) -> 0.19 | I140: =+'CANASTA DE PRECIOS'!I140 -> 5168999
A141: =1+A140 -> 138 | B141: Bioseguridad | C141: COMPRA | D141: Motosierra a gasolina | E141: 90101603 | F141: Motosierra a gasolina de 45 cc , Motor 45cc. Espada 18". Potencia 2.35 HP. Deposito de combustible 550 ml. Deposito de aceite 260 ml. con repuesto de espada de 24". Cadena. Forro plástico para la espada | G141: UN | H141: =IF(OR(ISNUMBER(SEARCH("ALIMENTACIÓN",B141)),ISNUMBER(SEARCH("ALIMENTACION",B141))),0,IF(AND(ISNUMBER(SEARCH("AMBIENTE",B141)),OR(ISNUMBER(SEARCH("Semilla",D141)),ISNUMBER(SEARCH("ESPECIE VEGETAL",D141)),ISNUMBER(SEARCH("Fertilizante",D141)),ISNUMBER(SEARCH("Humus",D141)),ISNUMBER(SEARCH("Micorrizas",D141)),ISNUMBER(SEARCH("Cascarilla",D141)),ISNUMBER(SEARCH("Turba",D141)))),0,IF(AND(ISNUMBER(SEARCH("ANIMALES",B141)),OR(ISNUMBER(SEARCH("ALIMENTO",D141)),ISNUMBER(SEARCH("Alimento",D141)))),0.05,IF(ISNUMBER(SEARCH("ANIMALES",B141)),0.19,IF(ISNUMBER(SEARCH("AMBIENTE",B141)),0.19,IF(ISNUMBER(SEARCH("CULTURA",B141)),0.19,IF(ISNUMBER(SEARCH("DEPORTE",B141)),0.19,IF(ISNUMBER(SEARCH("Bioseguridad",B141)),0.19,IF(ISNUMBER(SEARCH("DOTACIÓN",B141)),0.19,IF(ISNUMBER(SEARCH("SERVICIO",C141)),0.19,0.19)))))))))) -> 0.19 | I141: =+'CANASTA DE PRECIOS'!I141 -> 851650
A142: =1+A141 -> 139 | B142: Bioseguridad | C142: COMPRA | D142: Overol drill enterizo | E142: 90101603 | F142: Overol drill enterizo tallas. M, L y XL | G142: UN | H142: =IF(OR(ISNUMBER(SEARCH("ALIMENTACIÓN",B142)),ISNUMBER(SEARCH("ALIMENTACION",B142))),0,IF(AND(ISNUMBER(SEARCH("AMBIENTE",B142)),OR(ISNUMBER(SEARCH("Semilla",D142)),ISNUMBER(SEARCH("ESPECIE VEGETAL",D142)),ISNUMBER(SEARCH("Fertilizante",D142)),ISNUMBER(SEARCH("Humus",D142)),ISNUMBER(SEARCH("Micorrizas",D142)),ISNUMBER(SEARCH("Cascarilla",D142)),ISNUMBER(SEARCH("Turba",D142)))),0,IF(AND(ISNUMBER(SEARCH("ANIMALES",B142)),OR(ISNUMBER(SEARCH("ALIMENTO",D142)),ISNUMBER(SEARCH("Alimento",D142)))),0.05,IF(ISNUMBER(SEARCH("ANIMALES",B142)),0.19,IF(ISNUMBER(SEARCH("AMBIENTE",B142)),0.19,IF(ISNUMBER(SEARCH("CULTURA",B142)),0.19,IF(ISNUMBER(SEARCH("DEPORTE",B142)),0.19,IF(ISNUMBER(SEARCH("Bioseguridad",B142)),0.19,IF(ISNUMBER(SEARCH("DOTACIÓN",B142)),0.19,IF(ISNUMBER(SEARCH("SERVICIO",C142)),0.19,0.19)))))))))) -> 0.19 | I142: =+'CANASTA DE PRECIOS'!I142 -> 62604
A143: =1+A142 -> 140 | B143: Bioseguridad | C143: COMPRA | D143: Pala hoyadora | E143: 90101603 | F143: Pala hoyadora o paladraga con mango en madera de 100 cms | G143: UN | H143: =IF(OR(ISNUMBER(SEARCH("ALIMENTACIÓN",B143)),ISNUMBER(SEARCH("ALIMENTACION",B143))),0,IF(AND(ISNUMBER(SEARCH("AMBIENTE",B143)),OR(ISNUMBER(SEARCH("Semilla",D143)),ISNUMBER(SEARCH("ESPECIE VEGETAL",D143)),ISNUMBER(SEARCH("Fertilizante",D143)),ISNUMBER(SEARCH("Humus",D143)),ISNUMBER(SEARCH("Micorrizas",D143)),ISNUMBER(SEARCH("Cascarilla",D143)),ISNUMBER(SEARCH("Turba",D143)))),0,IF(AND(ISNUMBER(SEARCH("ANIMALES",B143)),OR(ISNUMBER(SEARCH("ALIMENTO",D143)),ISNUMBER(SEARCH("Alimento",D143)))),0.05,IF(ISNUMBER(SEARCH("ANIMALES",B143)),0.19,IF(ISNUMBER(SEARCH("AMBIENTE",B143)),0.19,IF(ISNUMBER(SEARCH("CULTURA",B143)),0.19,IF(ISNUMBER(SEARCH("DEPORTE",B143)),0.19,IF(ISNUMBER(SEARCH("Bioseguridad",B143)),0.19,IF(ISNUMBER(SEARCH("DOTACIÓN",B143)),0.19,IF(ISNUMBER(SEARCH("SERVICIO",C143)),0.19,0.19)))))))))) -> 0.19 | I143: =+'CANASTA DE PRECIOS'!I143 -> 84999
A144: =1+A143 -> 141 | B144: Bioseguridad | C144: COMPRA | D144: Pica zapapico con cabo | E144: 90101603 | F144: Pica zapapico con cabo de 5 libras de madera, hierro macizo. de 90 cms de largo | G144: UN | H144: =IF(OR(ISNUMBER(SEARCH("ALIMENTACIÓN",B144)),ISNUMBER(SEARCH("ALIMENTACION",B144))),0,IF(AND(ISNUMBER(SEARCH("AMBIENTE",B144)),OR(ISNUMBER(SEARCH("Semilla",D144)),ISNUMBER(SEARCH("ESPECIE VEGETAL",D144)),ISNUMBER(SEARCH("Fertilizante",D144)),ISNUMBER(SEARCH("Humus",D144)),ISNUMBER(SEARCH("Micorrizas",D144)),ISNUMBER(SEARCH("Cascarilla",D144)),ISNUMBER(SEARCH("Turba",D144)))),0,IF(AND(ISNUMBER(SEARCH("ANIMALES",B144)),OR(ISNUMBER(SEARCH("ALIMENTO",D144)),ISNUMBER(SEARCH("Alimento",D144)))),0.05,IF(ISNUMBER(SEARCH("ANIMALES",B144)),0.19,IF(ISNUMBER(SEARCH("AMBIENTE",B144)),0.19,IF(ISNUMBER(SEARCH("CULTURA",B144)),0.19,IF(ISNUMBER(SEARCH("DEPORTE",B144)),0.19,IF(ISNUMBER(SEARCH("Bioseguridad",B144)),0.19,IF(ISNUMBER(SEARCH("DOTACIÓN",B144)),0.19,IF(ISNUMBER(SEARCH("SERVICIO",C144)),0.19,0.19)))))))))) -> 0.19 | I144: =+'CANASTA DE PRECIOS'!I144 -> 69899
A145: =1+A144 -> 142 | B145: Bioseguridad | C145: COMPRA | D145: Rollo cinta de peligro | E145: 90101603 | F145: Rollo cinta de peligro x 500 metros | G145: UN | H145: =IF(OR(ISNUMBER(SEARCH("ALIMENTACIÓN",B145)),ISNUMBER(SEARCH("ALIMENTACION",B145))),0,IF(AND(ISNUMBER(SEARCH("AMBIENTE",B145)),OR(ISNUMBER(SEARCH("Semilla",D145)),ISNUMBER(SEARCH("ESPECIE VEGETAL",D145)),ISNUMBER(SEARCH("Fertilizante",D145)),ISNUMBER(SEARCH("Humus",D145)),ISNUMBER(SEARCH("Micorrizas",D145)),ISNUMBER(SEARCH("Cascarilla",D145)),ISNUMBER(SEARCH("Turba",D145)))),0,IF(AND(ISNUMBER(SEARCH("ANIMALES",B145)),OR(ISNUMBER(SEARCH("ALIMENTO",D145)),ISNUMBER(SEARCH("Alimento",D145)))),0.05,IF(ISNUMBER(SEARCH("ANIMALES",B145)),0.19,IF(ISNUMBER(SEARCH("AMBIENTE",B145)),0.19,IF(ISNUMBER(SEARCH("CULTURA",B145)),0.19,IF(ISNUMBER(SEARCH("DEPORTE",B145)),0.19,IF(ISNUMBER(SEARCH("Bioseguridad",B145)),0.19,IF(ISNUMBER(SEARCH("DOTACIÓN",B145)),0.19,IF(ISNUMBER(SEARCH("SERVICIO",C145)),0.19,0.19)))))))))) -> 0.19 | I145: =+'CANASTA DE PRECIOS'!I145 -> 33000
A146: =1+A145 -> 143 | B146: Bioseguridad | C146: COMPRA | D146: Silbato metálico pequeño | E146: 90101603 | F146: Silbato metálico pequeño | G146: UN | H146: =IF(OR(ISNUMBER(SEARCH("ALIMENTACIÓN",B146)),ISNUMBER(SEARCH("ALIMENTACION",B146))),0,IF(AND(ISNUMBER(SEARCH("AMBIENTE",B146)),OR(ISNUMBER(SEARCH("Semilla",D146)),ISNUMBER(SEARCH("ESPECIE VEGETAL",D146)),ISNUMBER(SEARCH("Fertilizante",D146)),ISNUMBER(SEARCH("Humus",D146)),ISNUMBER(SEARCH("Micorrizas",D146)),ISNUMBER(SEARCH("Cascarilla",D146)),ISNUMBER(SEARCH("Turba",D146)))),0,IF(AND(ISNUMBER(SEARCH("ANIMALES",B146)),OR(ISNUMBER(SEARCH("ALIMENTO",D146)),ISNUMBER(SEARCH("Alimento",D146)))),0.05,IF(ISNUMBER(SEARCH("ANIMALES",B146)),0.19,IF(ISNUMBER(SEARCH("AMBIENTE",B146)),0.19,IF(ISNUMBER(SEARCH("CULTURA",B146)),0.19,IF(ISNUMBER(SEARCH("DEPORTE",B146)),0.19,IF(ISNUMBER(SEARCH("Bioseguridad",B146)),0.19,IF(ISNUMBER(SEARCH("DOTACIÓN",B146)),0.19,IF(ISNUMBER(SEARCH("SERVICIO",C146)),0.19,0.19)))))))))) -> 0.19 | I146: =+'CANASTA DE PRECIOS'!I146 -> 2175
A147: =1+A146 -> 144 | B147: Bioseguridad | C147: COMPRA | D147: Sistema de Perifoneo | E147: 90101603 | F147: Sistema de Perifoneo (megáfonos o Altavoz compactos, Corneta 230 mm Diámetro 350mm Batería recargable de 1500 mAh Voltaje de carga 110-240v Tiempo de trabajo de 8 a 10 horas Rango de alcance 700 m a 1 km Peso 1.3 kg 2 sonidos de alerta Potencia de Salida: 150w | G147: UN | H147: =IF(OR(ISNUMBER(SEARCH("ALIMENTACIÓN",B147)),ISNUMBER(SEARCH("ALIMENTACION",B147))),0,IF(AND(ISNUMBER(SEARCH("AMBIENTE",B147)),OR(ISNUMBER(SEARCH("Semilla",D147)),ISNUMBER(SEARCH("ESPECIE VEGETAL",D147)),ISNUMBER(SEARCH("Fertilizante",D147)),ISNUMBER(SEARCH("Humus",D147)),ISNUMBER(SEARCH("Micorrizas",D147)),ISNUMBER(SEARCH("Cascarilla",D147)),ISNUMBER(SEARCH("Turba",D147)))),0,IF(AND(ISNUMBER(SEARCH("ANIMALES",B147)),OR(ISNUMBER(SEARCH("ALIMENTO",D147)),ISNUMBER(SEARCH("Alimento",D147)))),0.05,IF(ISNUMBER(SEARCH("ANIMALES",B147)),0.19,IF(ISNUMBER(SEARCH("AMBIENTE",B147)),0.19,IF(ISNUMBER(SEARCH("CULTURA",B147)),0.19,IF(ISNUMBER(SEARCH("DEPORTE",B147)),0.19,IF(ISNUMBER(SEARCH("Bioseguridad",B147)),0.19,IF(ISNUMBER(SEARCH("DOTACIÓN",B147)),0.19,IF(ISNUMBER(SEARCH("SERVICIO",C147)),0.19,0.19)))))))))) -> 0.19 | I147: =+'CANASTA DE PRECIOS'!I147 -> 470520
A148: =1+A147 -> 145 | B148: Bioseguridad | C148: COMPRA | D148: TALADRO | E148: 90101603 | F148: Taladro percutor inalámbrica, , Voltaje: 20 V Velocidad: 0-500 / 0-1750 RPM Par de torsión: 65 Nm Mandril: 13 mm Capacidad: Madera (25 mm) Metal (13 mm) Hormigón (6,5 mm) Impactos por minuto: 0-8500 / 0-29750 IPM | G148: UN | H148: =IF(OR(ISNUMBER(SEARCH("ALIMENTACIÓN",B148)),ISNUMBER(SEARCH("ALIMENTACION",B148))),0,IF(AND(ISNUMBER(SEARCH("AMBIENTE",B148)),OR(ISNUMBER(SEARCH("Semilla",D148)),ISNUMBER(SEARCH("ESPECIE VEGETAL",D148)),ISNUMBER(SEARCH("Fertilizante",D148)),ISNUMBER(SEARCH("Humus",D148)),ISNUMBER(SEARCH("Micorrizas",D148)),ISNUMBER(SEARCH("Cascarilla",D148)),ISNUMBER(SEARCH("Turba",D148)))),0,IF(AND(ISNUMBER(SEARCH("ANIMALES",B148)),OR(ISNUMBER(SEARCH("ALIMENTO",D148)),ISNUMBER(SEARCH("Alimento",D148)))),0.05,IF(ISNUMBER(SEARCH("ANIMALES",B148)),0.19,IF(ISNUMBER(SEARCH("AMBIENTE",B148)),0.19,IF(ISNUMBER(SEARCH("CULTURA",B148)),0.19,IF(ISNUMBER(SEARCH("DEPORTE",B148)),0.19,IF(ISNUMBER(SEARCH("Bioseguridad",B148)),0.19,IF(ISNUMBER(SEARCH("DOTACIÓN",B148)),0.19,IF(ISNUMBER(SEARCH("SERVICIO",C148)),0.19,0.19)))))))))) -> 0.19 | I148: =+'CANASTA DE PRECIOS'!I148 -> 591249
A149: =1+A148 -> 146 | B149: Bioseguridad | C149: COMPRA | D149: TAPABOCAS | E149: 46182010 | F149: Tapabocas Desechable Hipoalergico de papel Filtro Industrial- Tres Capas Tipo Quirurgico Azul x 50 Unidades empaque plastico individual | G149: Caja X 50 UND | H149: =IF(OR(ISNUMBER(SEARCH("ALIMENTACIÓN",B149)),ISNUMBER(SEARCH("ALIMENTACION",B149))),0,IF(AND(ISNUMBER(SEARCH("AMBIENTE",B149)),OR(ISNUMBER(SEARCH("Semilla",D149)),ISNUMBER(SEARCH("ESPECIE VEGETAL",D149)),ISNUMBER(SEARCH("Fertilizante",D149)),ISNUMBER(SEARCH("Humus",D149)),ISNUMBER(SEARCH("Micorrizas",D149)),ISNUMBER(SEARCH("Cascarilla",D149)),ISNUMBER(SEARCH("Turba",D149)))),0,IF(AND(ISNUMBER(SEARCH("ANIMALES",B149)),OR(ISNUMBER(SEARCH("ALIMENTO",D149)),ISNUMBER(SEARCH("Alimento",D149)))),0.05,IF(ISNUMBER(SEARCH("ANIMALES",B149)),0.19,IF(ISNUMBER(SEARCH("AMBIENTE",B149)),0.19,IF(ISNUMBER(SEARCH("CULTURA",B149)),0.19,IF(ISNUMBER(SEARCH("DEPORTE",B149)),0.19,IF(ISNUMBER(SEARCH("Bioseguridad",B149)),0.19,IF(ISNUMBER(SEARCH("DOTACIÓN",B149)),0.19,IF(ISNUMBER(SEARCH("SERVICIO",C149)),0.19,0.19)))))))))) -> 0.19 | I149: =+'CANASTA DE PRECIOS'!I149 -> 14999 | J149: X
A150: =1+A149 -> 147 | B150: CULTURA | C150: COMPRA | D150: AFINADOR CROMÁTICO Y METRÓNOMO | E150: 60131500 | F150: Afinador: Aproximadamente 250/150/85 horas (retroiluminación: apagada/suave/automática, entrada A4 continua, utilizando pilas de zinc-carbono) Metrónomo: Aproximadamente 200/130/75 horas (retroiluminación: apagado/suave/automático, tempo 120, 4 tiempos, volumen máximo, con pilas de zinc-carbono) Dimensiones (An x Pr x Al): 107 mm x 72 mm x 18 mm Peso: 79 g (pilas incluidas) | G150: UN | H150: =IF(OR(ISNUMBER(SEARCH("ALIMENTACIÓN",B150)),ISNUMBER(SEARCH("ALIMENTACION",B150))),0,IF(AND(ISNUMBER(SEARCH("AMBIENTE",B150)),OR(ISNUMBER(SEARCH("Semilla",D150)),ISNUMBER(SEARCH("ESPECIE VEGETAL",D150)),ISNUMBER(SEARCH("Fertilizante",D150)),ISNUMBER(SEARCH("Humus",D150)),ISNUMBER(SEARCH("Micorrizas",D150)),ISNUMBER(SEARCH("Cascarilla",D150)),ISNUMBER(SEARCH("Turba",D150)))),0,IF(AND(ISNUMBER(SEARCH("ANIMALES",B150)),OR(ISNUMBER(SEARCH("ALIMENTO",D150)),ISNUMBER(SEARCH("Alimento",D150)))),0.05,IF(ISNUMBER(SEARCH("ANIMALES",B150)),0.19,IF(ISNUMBER(SEARCH("AMBIENTE",B150)),0.19,IF(ISNUMBER(SEARCH("CULTURA",B150)),0.19,IF(ISNUMBER(SEARCH("DEPORTE",B150)),0.19,IF(ISNUMBER(SEARCH("Bioseguridad",B150)),0.19,IF(ISNUMBER(SEARCH("DOTACIÓN",B150)),0.19,IF(ISNUMBER(SEARCH("SERVICIO",C150)),0.19,0.19)))))))))) -> 0.19 | I150: =+'CANASTA DE PRECIOS'!I150 -> 208624
A151: =1+A150 -> 148 | B151: CULTURA | C151: COMPRA | D151: Bateria +Bases | E151: 60131500 | F151: Compra: Bombo: 22 pulgadas Tom de Piso: 16 pulgadas Toms: 10, 12, y 14 pulgadas Caja: 14 x 5.5 pulgadas Platillos: No incluidos incluye transporte | G151: UN | H151: =IF(OR(ISNUMBER(SEARCH("ALIMENTACIÓN",B151)),ISNUMBER(SEARCH("ALIMENTACION",B151))),0,IF(AND(ISNUMBER(SEARCH("AMBIENTE",B151)),OR(ISNUMBER(SEARCH("Semilla",D151)),ISNUMBER(SEARCH("ESPECIE VEGETAL",D151)),ISNUMBER(SEARCH("Fertilizante",D151)),ISNUMBER(SEARCH("Humus",D151)),ISNUMBER(SEARCH("Micorrizas",D151)),ISNUMBER(SEARCH("Cascarilla",D151)),ISNUMBER(SEARCH("Turba",D151)))),0,IF(AND(ISNUMBER(SEARCH("ANIMALES",B151)),OR(ISNUMBER(SEARCH("ALIMENTO",D151)),ISNUMBER(SEARCH("Alimento",D151)))),0.05,IF(ISNUMBER(SEARCH("ANIMALES",B151)),0.19,IF(ISNUMBER(SEARCH("AMBIENTE",B151)),0.19,IF(ISNUMBER(SEARCH("CULTURA",B151)),0.19,IF(ISNUMBER(SEARCH("DEPORTE",B151)),0.19,IF(ISNUMBER(SEARCH("Bioseguridad",B151)),0.19,IF(ISNUMBER(SEARCH("DOTACIÓN",B151)),0.19,IF(ISNUMBER(SEARCH("SERVICIO",C151)),0.19,0.19)))))))))) -> 0.19 | I151: =+'CANASTA DE PRECIOS'!I151 -> 2973999
A152: =1+A151 -> 149 | B152: CULTURA | C152: COMPRA | D152: Charango | E152: 60131500 | F152: Charango acústico nacional elaborado en madera tapa en pino y diapasón en granadillo, con boca incrustada en madera. | G152: UN | H152: =IF(OR(ISNUMBER(SEARCH("ALIMENTACIÓN",B152)),ISNUMBER(SEARCH("ALIMENTACION",B152))),0,IF(AND(ISNUMBER(SEARCH("AMBIENTE",B152)),OR(ISNUMBER(SEARCH("Semilla",D152)),ISNUMBER(SEARCH("ESPECIE VEGETAL",D152)),ISNUMBER(SEARCH("Fertilizante",D152)),ISNUMBER(SEARCH("Humus",D152)),ISNUMBER(SEARCH("Micorrizas",D152)),ISNUMBER(SEARCH("Cascarilla",D152)),ISNUMBER(SEARCH("Turba",D152)))),0,IF(AND(ISNUMBER(SEARCH("ANIMALES",B152)),OR(ISNUMBER(SEARCH("ALIMENTO",D152)),ISNUMBER(SEARCH("Alimento",D152)))),0.05,IF(ISNUMBER(SEARCH("ANIMALES",B152)),0.19,IF(ISNUMBER(SEARCH("AMBIENTE",B152)),0.19,IF(ISNUMBER(SEARCH("CULTURA",B152)),0.19,IF(ISNUMBER(SEARCH("DEPORTE",B152)),0.19,IF(ISNUMBER(SEARCH("Bioseguridad",B152)),0.19,IF(ISNUMBER(SEARCH("DOTACIÓN",B152)),0.19,IF(ISNUMBER(SEARCH("SERVICIO",C152)),0.19,0.19)))))))))) -> 0.19 | I152: =+'CANASTA DE PRECIOS'!I152 -> 1415014
A153: =1+A152 -> 150 | B153: CULTURA | C153: COMPRA | D153: Conga | E153: 60131500 | F153: Instrumentos de percusión pertenecientes al grupo de los membranófonos. Las Congas son unos tambores largos y estrechos, de una sola membrana. Materiales: juego de congas Conga o segundo: diámetro del parche de 11” a 11.75” Altura de 28” a 30” Tumbadora: diámetro del parche de 12” a 12.5” Altura de 28” a 30” | G153: UN | H153: =IF(OR(ISNUMBER(SEARCH("ALIMENTACIÓN",B153)),ISNUMBER(SEARCH("ALIMENTACION",B153))),0,IF(AND(ISNUMBER(SEARCH("AMBIENTE",B153)),OR(ISNUMBER(SEARCH("Semilla",D153)),ISNUMBER(SEARCH("ESPECIE VEGETAL",D153)),ISNUMBER(SEARCH("Fertilizante",D153)),ISNUMBER(SEARCH("Humus",D153)),ISNUMBER(SEARCH("Micorrizas",D153)),ISNUMBER(SEARCH("Cascarilla",D153)),ISNUMBER(SEARCH("Turba",D153)))),0,IF(AND(ISNUMBER(SEARCH("ANIMALES",B153)),OR(ISNUMBER(SEARCH("ALIMENTO",D153)),ISNUMBER(SEARCH("Alimento",D153)))),0.05,IF(ISNUMBER(SEARCH("ANIMALES",B153)),0.19,IF(ISNUMBER(SEARCH("AMBIENTE",B153)),0.19,IF(ISNUMBER(SEARCH("CULTURA",B153)),0.19,IF(ISNUMBER(SEARCH("DEPORTE",B153)),0.19,IF(ISNUMBER(SEARCH("Bioseguridad",B153)),0.19,IF(ISNUMBER(SEARCH("DOTACIÓN",B153)),0.19,IF(ISNUMBER(SEARCH("SERVICIO",C153)),0.19,0.19)))))))))) -> 0.19 | I153: =+'CANASTA DE PRECIOS'!I153 -> 859399
A154: =1+A153 -> 151 | B154: CULTURA | C154: COMPRA | D154: Congas | E154: 60131500 | F154: Aproximadamente de 25 × 28 × 71 cm. ambor alto, estrecho y de una sola cabeza de Cuba. Las congas son dentadas como barriles | G154: UN | H154: =IF(OR(ISNUMBER(SEARCH("ALIMENTACIÓN",B154)),ISNUMBER(SEARCH("ALIMENTACION",B154))),0,IF(AND(ISNUMBER(SEARCH("AMBIENTE",B154)),OR(ISNUMBER(SEARCH("Semilla",D154)),ISNUMBER(SEARCH("ESPECIE VEGETAL",D154)),ISNUMBER(SEARCH("Fertilizante",D154)),ISNUMBER(SEARCH("Humus",D154)),ISNUMBER(SEARCH("Micorrizas",D154)),ISNUMBER(SEARCH("Cascarilla",D154)),ISNUMBER(SEARCH("Turba",D154)))),0,IF(AND(ISNUMBER(SEARCH("ANIMALES",B154)),OR(ISNUMBER(SEARCH("ALIMENTO",D154)),ISNUMBER(SEARCH("Alimento",D154)))),0.05,IF(ISNUMBER(SEARCH("ANIMALES",B154)),0.19,IF(ISNUMBER(SEARCH("AMBIENTE",B154)),0.19,IF(ISNUMBER(SEARCH("CULTURA",B154)),0.19,IF(ISNUMBER(SEARCH("DEPORTE",B154)),0.19,IF(ISNUMBER(SEARCH("Bioseguridad",B154)),0.19,IF(ISNUMBER(SEARCH("DOTACIÓN",B154)),0.19,IF(ISNUMBER(SEARCH("SERVICIO",C154)),0.19,0.19)))))))))) -> 0.19 | I154: =+'CANASTA DE PRECIOS'!I154 -> 1898999
A155: =1+A154 -> 152 | B155: CULTURA | C155: COMPRA | D155: Cuatro llanero | E155: 60131500 | F155: Cuatro llanero instrumento de madera estandar con 4 cuerdas. | G155: UN | H155: =IF(OR(ISNUMBER(SEARCH("ALIMENTACIÓN",B155)),ISNUMBER(SEARCH("ALIMENTACION",B155))),0,IF(AND(ISNUMBER(SEARCH("AMBIENTE",B155)),OR(ISNUMBER(SEARCH("Semilla",D155)),ISNUMBER(SEARCH("ESPECIE VEGETAL",D155)),ISNUMBER(SEARCH("Fertilizante",D155)),ISNUMBER(SEARCH("Humus",D155)),ISNUMBER(SEARCH("Micorrizas",D155)),ISNUMBER(SEARCH("Cascarilla",D155)),ISNUMBER(SEARCH("Turba",D155)))),0,IF(AND(ISNUMBER(SEARCH("ANIMALES",B155)),OR(ISNUMBER(SEARCH("ALIMENTO",D155)),ISNUMBER(SEARCH("Alimento",D155)))),0.05,IF(ISNUMBER(SEARCH("ANIMALES",B155)),0.19,IF(ISNUMBER(SEARCH("AMBIENTE",B155)),0.19,IF(ISNUMBER(SEARCH("CULTURA",B155)),0.19,IF(ISNUMBER(SEARCH("DEPORTE",B155)),0.19,IF(ISNUMBER(SEARCH("Bioseguridad",B155)),0.19,IF(ISNUMBER(SEARCH("DOTACIÓN",B155)),0.19,IF(ISNUMBER(SEARCH("SERVICIO",C155)),0.19,0.19)))))))))) -> 0.19 | I155: =+'CANASTA DE PRECIOS'!I155 -> 239899
A156: =1+A155 -> 153 | B156: CULTURA | C156: COMPRA | D156: Cununos | E156: 60131201 | F156: Cantidad: 2 unidades (1 macho y 1 hembra) Materiales: Madera ahuecada y parche en cuero natural Características: Tambores tradicionales de percusión manual | G156: UN | H156: =IF(OR(ISNUMBER(SEARCH("ALIMENTACIÓN",B156)),ISNUMBER(SEARCH("ALIMENTACION",B156))),0,IF(AND(ISNUMBER(SEARCH("AMBIENTE",B156)),OR(ISNUMBER(SEARCH("Semilla",D156)),ISNUMBER(SEARCH("ESPECIE VEGETAL",D156)),ISNUMBER(SEARCH("Fertilizante",D156)),ISNUMBER(SEARCH("Humus",D156)),ISNUMBER(SEARCH("Micorrizas",D156)),ISNUMBER(SEARCH("Cascarilla",D156)),ISNUMBER(SEARCH("Turba",D156)))),0,IF(AND(ISNUMBER(SEARCH("ANIMALES",B156)),OR(ISNUMBER(SEARCH("ALIMENTO",D156)),ISNUMBER(SEARCH("Alimento",D156)))),0.05,IF(ISNUMBER(SEARCH("ANIMALES",B156)),0.19,IF(ISNUMBER(SEARCH("AMBIENTE",B156)),0.19,IF(ISNUMBER(SEARCH("CULTURA",B156)),0.19,IF(ISNUMBER(SEARCH("DEPORTE",B156)),0.19,IF(ISNUMBER(SEARCH("Bioseguridad",B156)),0.19,IF(ISNUMBER(SEARCH("DOTACIÓN",B156)),0.19,IF(ISNUMBER(SEARCH("SERVICIO",C156)),0.19,0.19)))))))))) -> 0.19 | I156: =+'CANASTA DE PRECIOS'!I156 -> 746699
A157: =1+A156 -> 154 | B157: CULTURA | C157: COMPRA | D157: Guacharacas | E157: 60131500 | F157: Se compone de dos partes: la guacharaca misma, de superficie corrugada y el peine o trinche, hecho de alambre duro y mango de madera, usado para rascar la superficie corrugada de la guacharaca. | G157: UN | H157: =IF(OR(ISNUMBER(SEARCH("ALIMENTACIÓN",B157)),ISNUMBER(SEARCH("ALIMENTACION",B157))),0,IF(AND(ISNUMBER(SEARCH("AMBIENTE",B157)),OR(ISNUMBER(SEARCH("Semilla",D157)),ISNUMBER(SEARCH("ESPECIE VEGETAL",D157)),ISNUMBER(SEARCH("Fertilizante",D157)),ISNUMBER(SEARCH("Humus",D157)),ISNUMBER(SEARCH("Micorrizas",D157)),ISNUMBER(SEARCH("Cascarilla",D157)),ISNUMBER(SEARCH("Turba",D157)))),0,IF(AND(ISNUMBER(SEARCH("ANIMALES",B157)),OR(ISNUMBER(SEARCH("ALIMENTO",D157)),ISNUMBER(SEARCH("Alimento",D157)))),0.05,IF(ISNUMBER(SEARCH("ANIMALES",B157)),0.19,IF(ISNUMBER(SEARCH("AMBIENTE",B157)),0.19,IF(ISNUMBER(SEARCH("CULTURA",B157)),0.19,IF(ISNUMBER(SEARCH("DEPORTE",B157)),0.19,IF(ISNUMBER(SEARCH("Bioseguridad",B157)),0.19,IF(ISNUMBER(SEARCH("DOTACIÓN",B157)),0.19,IF(ISNUMBER(SEARCH("SERVICIO",C157)),0.19,0.19)))))))))) -> 0.19 | I157: =+'CANASTA DE PRECIOS'!I157 -> 93999
A158: =1+A157 -> 155 | B158: CULTURA | C158: COMPRA | D158: Güiros | E158: 60131500 | F158: Instrumento de percusión metálico, Incluye una baquetas tipo tenedor Materiales: Metálico Dimensiones aproximadas: Altura aproximada 30 cms | G158: UN | H158: =IF(OR(ISNUMBER(SEARCH("ALIMENTACIÓN",B158)),ISNUMBER(SEARCH("ALIMENTACION",B158))),0,IF(AND(ISNUMBER(SEARCH("AMBIENTE",B158)),OR(ISNUMBER(SEARCH("Semilla",D158)),ISNUMBER(SEARCH("ESPECIE VEGETAL",D158)),ISNUMBER(SEARCH("Fertilizante",D158)),ISNUMBER(SEARCH("Humus",D158)),ISNUMBER(SEARCH("Micorrizas",D158)),ISNUMBER(SEARCH("Cascarilla",D158)),ISNUMBER(SEARCH("Turba",D158)))),0,IF(AND(ISNUMBER(SEARCH("ANIMALES",B158)),OR(ISNUMBER(SEARCH("ALIMENTO",D158)),ISNUMBER(SEARCH("Alimento",D158)))),0.05,IF(ISNUMBER(SEARCH("ANIMALES",B158)),0.19,IF(ISNUMBER(SEARCH("AMBIENTE",B158)),0.19,IF(ISNUMBER(SEARCH("CULTURA",B158)),0.19,IF(ISNUMBER(SEARCH("DEPORTE",B158)),0.19,IF(ISNUMBER(SEARCH("Bioseguridad",B158)),0.19,IF(ISNUMBER(SEARCH("DOTACIÓN",B158)),0.19,IF(ISNUMBER(SEARCH("SERVICIO",C158)),0.19,0.19)))))))))) -> 0.19 | I158: =+'CANASTA DE PRECIOS'!I158 -> 524999
A159: =1+A158 -> 156 | B159: CULTURA | C159: COMPRA | D159: Guitarra acústica | E159: 60131500 | F159: Guitarra acústica basica de madera tamaño estandar | G159: UN | H159: =IF(OR(ISNUMBER(SEARCH("ALIMENTACIÓN",B159)),ISNUMBER(SEARCH("ALIMENTACION",B159))),0,IF(AND(ISNUMBER(SEARCH("AMBIENTE",B159)),OR(ISNUMBER(SEARCH("Semilla",D159)),ISNUMBER(SEARCH("ESPECIE VEGETAL",D159)),ISNUMBER(SEARCH("Fertilizante",D159)),ISNUMBER(SEARCH("Humus",D159)),ISNUMBER(SEARCH("Micorrizas",D159)),ISNUMBER(SEARCH("Cascarilla",D159)),ISNUMBER(SEARCH("Turba",D159)))),0,IF(AND(ISNUMBER(SEARCH("ANIMALES",B159)),OR(ISNUMBER(SEARCH("ALIMENTO",D159)),ISNUMBER(SEARCH("Alimento",D159)))),0.05,IF(ISNUMBER(SEARCH("ANIMALES",B159)),0.19,IF(ISNUMBER(SEARCH("AMBIENTE",B159)),0.19,IF(ISNUMBER(SEARCH("CULTURA",B159)),0.19,IF(ISNUMBER(SEARCH("DEPORTE",B159)),0.19,IF(ISNUMBER(SEARCH("Bioseguridad",B159)),0.19,IF(ISNUMBER(SEARCH("DOTACIÓN",B159)),0.19,IF(ISNUMBER(SEARCH("SERVICIO",C159)),0.19,0.19)))))))))) -> 0.19 | I159: =+'CANASTA DE PRECIOS'!I159 -> 199999
A160: =1+A159 -> 157 | B160: CULTURA | C160: COMPRA | D160: Guitarra Electroacústica | E160: 60131500 | F160: Guitarra Electroacústica SYSTEM50 (Pasivo) + Pastilla piezoeléctrica Longitud de la escala: 650 mm (25 9/16"), Cejilla 52mm (2 1/16") | G160: UN | H160: =IF(OR(ISNUMBER(SEARCH("ALIMENTACIÓN",B160)),ISNUMBER(SEARCH("ALIMENTACION",B160))),0,IF(AND(ISNUMBER(SEARCH("AMBIENTE",B160)),OR(ISNUMBER(SEARCH("Semilla",D160)),ISNUMBER(SEARCH("ESPECIE VEGETAL",D160)),ISNUMBER(SEARCH("Fertilizante",D160)),ISNUMBER(SEARCH("Humus",D160)),ISNUMBER(SEARCH("Micorrizas",D160)),ISNUMBER(SEARCH("Cascarilla",D160)),ISNUMBER(SEARCH("Turba",D160)))),0,IF(AND(ISNUMBER(SEARCH("ANIMALES",B160)),OR(ISNUMBER(SEARCH("ALIMENTO",D160)),ISNUMBER(SEARCH("Alimento",D160)))),0.05,IF(ISNUMBER(SEARCH("ANIMALES",B160)),0.19,IF(ISNUMBER(SEARCH("AMBIENTE",B160)),0.19,IF(ISNUMBER(SEARCH("CULTURA",B160)),0.19,IF(ISNUMBER(SEARCH("DEPORTE",B160)),0.19,IF(ISNUMBER(SEARCH("Bioseguridad",B160)),0.19,IF(ISNUMBER(SEARCH("DOTACIÓN",B160)),0.19,IF(ISNUMBER(SEARCH("SERVICIO",C160)),0.19,0.19)))))))))) -> 0.19 | I160: =+'CANASTA DE PRECIOS'!I160 -> 499999
A161: =1+A160 -> 158 | B161: CULTURA | C161: COMPRA | D161: Llamador hembra | E161: 60131201 | F161: Materiales: Madera y parche en cuero Características: Tambor de sonido más agudo que complementa el ritmo | G161: UN | H161: =IF(OR(ISNUMBER(SEARCH("ALIMENTACIÓN",B161)),ISNUMBER(SEARCH("ALIMENTACION",B161))),0,IF(AND(ISNUMBER(SEARCH("AMBIENTE",B161)),OR(ISNUMBER(SEARCH("Semilla",D161)),ISNUMBER(SEARCH("ESPECIE VEGETAL",D161)),ISNUMBER(SEARCH("Fertilizante",D161)),ISNUMBER(SEARCH("Humus",D161)),ISNUMBER(SEARCH("Micorrizas",D161)),ISNUMBER(SEARCH("Cascarilla",D161)),ISNUMBER(SEARCH("Turba",D161)))),0,IF(AND(ISNUMBER(SEARCH("ANIMALES",B161)),OR(ISNUMBER(SEARCH("ALIMENTO",D161)),ISNUMBER(SEARCH("Alimento",D161)))),0.05,IF(ISNUMBER(SEARCH("ANIMALES",B161)),0.19,IF(ISNUMBER(SEARCH("AMBIENTE",B161)),0.19,IF(ISNUMBER(SEARCH("CULTURA",B161)),0.19,IF(ISNUMBER(SEARCH("DEPORTE",B161)),0.19,IF(ISNUMBER(SEARCH("Bioseguridad",B161)),0.19,IF(ISNUMBER(SEARCH("DOTACIÓN",B161)),0.19,IF(ISNUMBER(SEARCH("SERVICIO",C161)),0.19,0.19)))))))))) -> 0.19 | I161: =+'CANASTA DE PRECIOS'!I161 -> 373449
... A220: =1+A219 -> 217 | B220: DEPORTE | C220: COMPRA | D220: BUZO DEPORTIVO TIPO CHAQUETA | E220: 49221500 | F220: Buzo deportivo tipo Chaqueta con capucha y cordones gruesos con refuerzo en broche en puntas y broche a capota, bolsillos laterales con cremallera elaborado en microfibra de poliester de tejido plano 100% repelente al agua. Incluye tres logos (tamaño carta) y tres (tipo bolsillo) estampados o sublimados de imagen institucional de acuerdo al diseño suministrado por la Entidad. Puño tipo runner (diseño en dedo tipo miton) | G220: UN | H220: =IF(OR(ISNUMBER(SEARCH("ALIMENTACIÓN",B220)),ISNUMBER(SEARCH("ALIMENTACION",B220))),0,IF(AND(ISNUMBER(SEARCH("AMBIENTE",B220)),OR(ISNUMBER(SEARCH("Semilla",D220)),ISNUMBER(SEARCH("ESPECIE VEGETAL",D220)),ISNUMBER(SEARCH("Fertilizante",D220)),ISNUMBER(SEARCH("Humus",D220)),ISNUMBER(SEARCH("Micorrizas",D220)),ISNUMBER(SEARCH("Cascarilla",D220)),ISNUMBER(SEARCH("Turba",D220)))),0,IF(AND(ISNUMBER(SEARCH("ANIMALES",B220)),OR(ISNUMBER(SEARCH("ALIMENTO",D220)),ISNUMBER(SEARCH("Alimento",D220)))),0.05,IF(ISNUMBER(SEARCH("ANIMALES",B220)),0.19,IF(ISNUMBER(SEARCH("AMBIENTE",B220)),0.19,IF(ISNUMBER(SEARCH("CULTURA",B220)),0.19,IF(ISNUMBER(SEARCH("DEPORTE",B220)),0.19,IF(ISNUMBER(SEARCH("Bioseguridad",B220)),0.19,IF(ISNUMBER(SEARCH("DOTACIÓN",B220)),0.19,IF(ISNUMBER(SEARCH("SERVICIO",C220)),0.19,0.19)))))))))) -> 0.19 | I220: =+'CANASTA DE PRECIOS'!I220 -> 149999
A221: =1+A220 -> 218 | B221: DEPORTE | C221: COMPRA | D221: BUZO DEPORTIVO TIPO HOODIE | E221: 49221500 | F221: Buzo deportivo tipo Hoodie con capucha elaborado en algodón perchado 100% (algodón perchado) Incluye dos logos estampados o sublimados de imagen institucional de acuerdo al diseño suministrado por la Entidad. | G221: UN | H221: =IF(OR(ISNUMBER(SEARCH("ALIMENTACIÓN",B221)),ISNUMBER(SEARCH("ALIMENTACION",B221))),0,IF(AND(ISNUMBER(SEARCH("AMBIENTE",B221)),OR(ISNUMBER(SEARCH("Semilla",D221)),ISNUMBER(SEARCH("ESPECIE VEGETAL",D221)),ISNUMBER(SEARCH("Fertilizante",D221)),ISNUMBER(SEARCH("Humus",D221)),ISNUMBER(SEARCH("Micorrizas",D221)),ISNUMBER(SEARCH("Cascarilla",D221)),ISNUMBER(SEARCH("Turba",D221)))),0,IF(AND(ISNUMBER(SEARCH("ANIMALES",B221)),OR(ISNUMBER(SEARCH("ALIMENTO",D221)),ISNUMBER(SEARCH("Alimento",D221)))),0.05,IF(ISNUMBER(SEARCH("ANIMALES",B221)),0.19,IF(ISNUMBER(SEARCH("AMBIENTE",B221)),0.19,IF(ISNUMBER(SEARCH("CULTURA",B221)),0.19,IF(ISNUMBER(SEARCH("DEPORTE",B221)),0.19,IF(ISNUMBER(SEARCH("Bioseguridad",B221)),0.19,IF(ISNUMBER(SEARCH("DOTACIÓN",B221)),0.19,IF(ISNUMBER(SEARCH("SERVICIO",C221)),0.19,0.19)))))))))) -> 0.19 | I221: =+'CANASTA DE PRECIOS'!I221 -> 119999 | J221: X
A222: =1+A221 -> 219 | B222: DEPORTE | C222: COMPRA | D222: CALZADO PARA MICROFUTBOL | E222: 90101603 | F222: CALZADO PARA MICROFUTBOL: Suela (Outsole): Fabricada en caucho de alta densidad con diseño de patrones multidireccionales para agarre superior en superficies de cemento, madera o baldosa. Debe contar con tecnología Non-Marking para evitar dejar huellas o manchas en el terreno de juego. Amortiguación (Midsole) Incorpora una entresuela de EVA (Etil-Vinil-Acetato) o materiales similares que absorben el impacto, protegiendo las articulaciones (rodillas y tobillos) durante los saltos y desplazamientos rápidos sobre superficies duras. Capellada (Upper) Confeccionada en cuero sintético de alta resistencia o microfibra técnica. El material debe ser flexible para permitir el ajuste al pie y contar con texturas que favorezcan el grip (agarre) con el balón para pases y remates precisos. Refuerzo en Puntera Zona frontal reforzada con costuras dobles o recubrimientos de caucho/gamuza para aumentar la durabilidad de la prenda frente al desgaste por el contacto constante con el suelo y el balón (especialmente en el remate de "punta"). Ajuste y Lengüeta Sistema de cordones simétrico o desplazado para ampliar el área de contacto. Lengüeta acolchada que reduce la presión de los cordones sobre el empeine. Forro Interno Material textil transpirable con propiedades de secado rápido y plantilla anatómica que brinda estabilidad y confort durante la actividad física intensa. | G222: UN | H222: =IF(OR(ISNUMBER(SEARCH("ALIMENTACIÓN",B222)),ISNUMBER(SEARCH("ALIMENTACION",B222))),0,IF(AND(ISNUMBER(SEARCH("AMBIENTE",B222)),OR(ISNUMBER(SEARCH("Semilla",D222)),ISNUMBER(SEARCH("ESPECIE VEGETAL",D222)),ISNUMBER(SEARCH("Fertilizante",D222)),ISNUMBER(SEARCH("Humus",D222)),ISNUMBER(SEARCH("Micorrizas",D222)),ISNUMBER(SEARCH("Cascarilla",D222)),ISNUMBER(SEARCH("Turba",D222)))),0,IF(AND(ISNUMBER(SEARCH("ANIMALES",B222)),OR(ISNUMBER(SEARCH("ALIMENTO",D222)),ISNUMBER(SEARCH("Alimento",D222)))),0.05,IF(ISNUMBER(SEARCH("ANIMALES",B222)),0.19,IF(ISNUMBER(SEARCH("AMBIENTE",B222)),0.19,IF(ISNUMBER(SEARCH("CULTURA",B222)),0.19,IF(ISNUMBER(SEARCH("DEPORTE",B222)),0.19,IF(ISNUMBER(SEARCH("Bioseguridad",B222)),0.19,IF(ISNUMBER(SEARCH("DOTACIÓN",B222)),0.19,IF(ISNUMBER(SEARCH("SERVICIO",C222)),0.19,0.19)))))))))) -> 0.19 | I222: =+'CANASTA DE PRECIOS'!I222 -> 276499
A223: =1+A222 -> 220 | B223: DEPORTE | C223: COMPRA | D223: CAMISA DE CICLISMO | E223: 49221500 | F223: Camiseta manga larga, cuello redondo, tipo Jersey, con cremallera en la parte delantera, Elaborada en tela liviana. Con acabado antibacterial y control de humedad, con imagen institucional no bordada, debe ser estampada o sublimada. | G223: UN | H223: =IF(OR(ISNUMBER(SEARCH("ALIMENTACIÓN",B223)),ISNUMBER(SEARCH("ALIMENTACION",B223))),0,IF(AND(ISNUMBER(SEARCH("AMBIENTE",B223)),OR(ISNUMBER(SEARCH("Semilla",D223)),ISNUMBER(SEARCH("ESPECIE VEGETAL",D223)),ISNUMBER(SEARCH("Fertilizante",D223)),ISNUMBER(SEARCH("Humus",D223)),ISNUMBER(SEARCH("Micorrizas",D223)),ISNUMBER(SEARCH("Cascarilla",D223)),ISNUMBER(SEARCH("Turba",D223)))),0,IF(AND(ISNUMBER(SEARCH("ANIMALES",B223)),OR(ISNUMBER(SEARCH("ALIMENTO",D223)),ISNUMBER(SEARCH("Alimento",D223)))),0.05,IF(ISNUMBER(SEARCH("ANIMALES",B223)),0.19,IF(ISNUMBER(SEARCH("AMBIENTE",B223)),0.19,IF(ISNUMBER(SEARCH("CULTURA",B223)),0.19,IF(ISNUMBER(SEARCH("DEPORTE",B223)),0.19,IF(ISNUMBER(SEARCH("Bioseguridad",B223)),0.19,IF(ISNUMBER(SEARCH("DOTACIÓN",B223)),0.19,IF(ISNUMBER(SEARCH("SERVICIO",C223)),0.19,0.19)))))))))) -> 0.19 | I223: =+'CANASTA DE PRECIOS'!I223 -> 130000
A224: =1+A223 -> 221 | B224: DEPORTE | C224: COMPRA | D224: CAMISAS MANGA LARGA | E224: 49221500 | F224: Camisa manga larga , con bolsillos frontales con solapa triangular Cuello camisero formal Tipo de cierre: Botones plàsticos frontales - mangas con botones Doble costura industrial - Linea de refuerzo costura frontal superior bolsillos Pinzas traseras para dama y corte liso hombres, poliester, Boton plastico de 4 ojales Hilos e Hilazas: Poliester 100% 100% manejable para estampado y/o bordado El tipo de tela indigo permite una mejor transpirabilidad, con logos institucionales bordado, tallas S/8 M/10 L/12 XL/14 XXL/16 | G224: UN | H224: =IF(OR(ISNUMBER(SEARCH("ALIMENTACIÓN",B224)),ISNUMBER(SEARCH("ALIMENTACION",B224))),0,IF(AND(ISNUMBER(SEARCH("AMBIENTE",B224)),OR(ISNUMBER(SEARCH("Semilla",D224)),ISNUMBER(SEARCH("ESPECIE VEGETAL",D224)),ISNUMBER(SEARCH("Fertilizante",D224)),ISNUMBER(SEARCH("Humus",D224)),ISNUMBER(SEARCH("Micorrizas",D224)),ISNUMBER(SEARCH("Cascarilla",D224)),ISNUMBER(SEARCH("Turba",D224)))),0,IF(AND(ISNUMBER(SEARCH("ANIMALES",B224)),OR(ISNUMBER(SEARCH("ALIMENTO",D224)),ISNUMBER(SEARCH("Alimento",D224)))),0.05,IF(ISNUMBER(SEARCH("ANIMALES",B224)),0.19,IF(ISNUMBER(SEARCH("AMBIENTE",B224)),0.19,IF(ISNUMBER(SEARCH("CULTURA",B224)),0.19,IF(ISNUMBER(SEARCH("DEPORTE",B224)),0.19,IF(ISNUMBER(SEARCH("Bioseguridad",B224)),0.19,IF(ISNUMBER(SEARCH("DOTACIÓN",B224)),0.19,IF(ISNUMBER(SEARCH("SERVICIO",C224)),0.19,0.19)))))))))) -> 0.19 | I224: =+'CANASTA DE PRECIOS'!I224 -> 89000
A225: =1+A224 -> 222 | B225: DEPORTE | C225: COMPRA | D225: CAMISETAS DE FÚTBOL PROFESIONAL COLOMBIANO | E225: 90101603 | F225: Camisetas de competencia de los equipos de fútbol profesional Colombiano X 8 und | G225: UN | H225: =IF(OR(ISNUMBER(SEARCH("ALIMENTACIÓN",B225)),ISNUMBER(SEARCH("ALIMENTACION",B225))),0,IF(AND(ISNUMBER(SEARCH("AMBIENTE",B225)),OR(ISNUMBER(SEARCH("Semilla",D225)),ISNUMBER(SEARCH("ESPECIE VEGETAL",D225)),ISNUMBER(SEARCH("Fertilizante",D225)),ISNUMBER(SEARCH("Humus",D225)),ISNUMBER(SEARCH("Micorrizas",D225)),ISNUMBER(SEARCH("Cascarilla",D225)),ISNUMBER(SEARCH("Turba",D225)))),0,IF(AND(ISNUMBER(SEARCH("ANIMALES",B225)),OR(ISNUMBER(SEARCH("ALIMENTO",D225)),ISNUMBER(SEARCH("Alimento",D225)))),0.05,IF(ISNUMBER(SEARCH("ANIMALES",B225)),0.19,IF(ISNUMBER(SEARCH("AMBIENTE",B225)),0.19,IF(ISNUMBER(SEARCH("CULTURA",B225)),0.19,IF(ISNUMBER(SEARCH("DEPORTE",B225)),0.19,IF(ISNUMBER(SEARCH("Bioseguridad",B225)),0.19,IF(ISNUMBER(SEARCH("DOTACIÓN",B225)),0.19,IF(ISNUMBER(SEARCH("SERVICIO",C225)),0.19,0.19)))))))))) -> 0.19 | I225: =+'CANASTA DE PRECIOS'!I225 -> 598999
A226: =1+A225 -> 223 | B226: DEPORTE | C226: COMPRA | D226: CANCHAS DE MINI TEJO | E226: 49221500 | F226: Par de canchas de mini tejo en plastilina industrial o greda, elaboradas en estructura metálica con rodachines, con 8 tejos pony en acero 10-20 y pizón. Incluye anotador | G226: UN | H226: =IF(OR(ISNUMBER(SEARCH("ALIMENTACIÓN",B226)),ISNUMBER(SEARCH("ALIMENTACION",B226))),0,IF(AND(ISNUMBER(SEARCH("AMBIENTE",B226)),OR(ISNUMBER(SEARCH("Semilla",D226)),ISNUMBER(SEARCH("ESPECIE VEGETAL",D226)),ISNUMBER(SEARCH("Fertilizante",D226)),ISNUMBER(SEARCH("Humus",D226)),ISNUMBER(SEARCH("Micorrizas",D226)),ISNUMBER(SEARCH("Cascarilla",D226)),ISNUMBER(SEARCH("Turba",D226)))),0,IF(AND(ISNUMBER(SEARCH("ANIMALES",B226)),OR(ISNUMBER(SEARCH("ALIMENTO",D226)),ISNUMBER(SEARCH("Alimento",D226)))),0.05,IF(ISNUMBER(SEARCH("ANIMALES",B226)),0.19,IF(ISNUMBER(SEARCH("AMBIENTE",B226)),0.19,IF(ISNUMBER(SEARCH("CULTURA",B226)),0.19,IF(ISNUMBER(SEARCH("DEPORTE",B226)),0.19,IF(ISNUMBER(SEARCH("Bioseguridad",B226)),0.19,IF(ISNUMBER(SEARCH("DOTACIÓN",B226)),0.19,IF(ISNUMBER(SEARCH("SERVICIO",C226)),0.19,0.19)))))))))) -> 0.19 | I226: =+'CANASTA DE PRECIOS'!I226 -> 706999
A227: =1+A226 -> 224 | B227: DEPORTE | C227: COMPRA | D227: CANILLERAS FUTBOL | E227: 49221500 | F227: Canilleras Cobertura en PP con EVA. Con banda Elástica. Talla S: 18.5 X 13.5CM talla M: 21 X 15CM | G227: UN | H227: =IF(OR(ISNUMBER(SEARCH("ALIMENTACIÓN",B227)),ISNUMBER(SEARCH("ALIMENTACION",B227))),0,IF(AND(ISNUMBER(SEARCH("AMBIENTE",B227)),OR(ISNUMBER(SEARCH("Semilla",D227)),ISNUMBER(SEARCH("ESPECIE VEGETAL",D227)),ISNUMBER(SEARCH("Fertilizante",D227)),ISNUMBER(SEARCH("Humus",D227)),ISNUMBER(SEARCH("Micorrizas",D227)),ISNUMBER(SEARCH("Cascarilla",D227)),ISNUMBER(SEARCH("Turba",D227)))),0,IF(AND(ISNUMBER(SEARCH("ANIMALES",B227)),OR(ISNUMBER(SEARCH("ALIMENTO",D227)),ISNUMBER(SEARCH("Alimento",D227)))),0.05,IF(ISNUMBER(SEARCH("ANIMALES",B227)),0.19,IF(ISNUMBER(SEARCH("AMBIENTE",B227)),0.19,IF(ISNUMBER(SEARCH("CULTURA",B227)),0.19,IF(ISNUMBER(SEARCH("DEPORTE",B227)),0.19,IF(ISNUMBER(SEARCH("Bioseguridad",B227)),0.19,IF(ISNUMBER(SEARCH("DOTACIÓN",B227)),0.19,IF(ISNUMBER(SEARCH("SERVICIO",C227)),0.19,0.19)))))))))) -> 0.19 | I227: =+'CANASTA DE PRECIOS'!I227 -> 30000
A228: =1+A227 -> 225 | B228: DEPORTE | C228: COMPRA | D228: CANILLERAS FUTBOL ALTA | E228: 49221500 | F228: El sistema IMPACT – HIGH son tres cámaras que distribuyen el golpe, haciendo que su efecto llegue disminuido en un 70% a la pierna, dando gran protección y frescura al jugador exigente Base de espuma de EVA de doble densidad, especial para un mejor ajuste Diseño ágil y antatómico que se ajusta cómodamente a la forma de la pierna Banda elástica y cierre de velcro que ayudará a darle el mejor ajuste posible Base de EVA en doble densidad para mayor confort Orificios de ventilación para una mejor transpiración y comodidad a la hora del juego | G228: UN | H228: =IF(OR(ISNUMBER(SEARCH("ALIMENTACIÓN",B228)),ISNUMBER(SEARCH("ALIMENTACION",B228))),0,IF(AND(ISNUMBER(SEARCH("AMBIENTE",B228)),OR(ISNUMBER(SEARCH("Semilla",D228)),ISNUMBER(SEARCH("ESPECIE VEGETAL",D228)),ISNUMBER(SEARCH("Fertilizante",D228)),ISNUMBER(SEARCH("Humus",D228)),ISNUMBER(SEARCH("Micorrizas",D228)),ISNUMBER(SEARCH("Cascarilla",D228)),ISNUMBER(SEARCH("Turba",D228)))),0,IF(AND(ISNUMBER(SEARCH("ANIMALES",B228)),OR(ISNUMBER(SEARCH("ALIMENTO",D228)),ISNUMBER(SEARCH("Alimento",D228)))),0.05,IF(ISNUMBER(SEARCH("ANIMALES",B228)),0.19,IF(ISNUMBER(SEARCH("AMBIENTE",B228)),0.19,IF(ISNUMBER(SEARCH("CULTURA",B228)),0.19,IF(ISNUMBER(SEARCH("DEPORTE",B228)),0.19,IF(ISNUMBER(SEARCH("Bioseguridad",B228)),0.19,IF(ISNUMBER(SEARCH("DOTACIÓN",B228)),0.19,IF(ISNUMBER(SEARCH("SERVICIO",C228)),0.19,0.19)))))))))) -> 0.19 | I228: =+'CANASTA DE PRECIOS'!I228 -> 45000
A229: =1+A228 -> 226 | B229: DEPORTE | C229: COMPRA | D229: CANITOBILLERAS NTD BMX | E229: 49221500 | F229: Cani tobilleras Con 4 paneles de de protección Tobilleras incluidas en el diseño. Tallas M y L | G229: UN | H229: =IF(OR(ISNUMBER(SEARCH("ALIMENTACIÓN",B229)),ISNUMBER(SEARCH("ALIMENTACION",B229))),0,IF(AND(ISNUMBER(SEARCH("AMBIENTE",B229)),OR(ISNUMBER(SEARCH("Semilla",D229)),ISNUMBER(SEARCH("ESPECIE VEGETAL",D229)),ISNUMBER(SEARCH("Fertilizante",D229)),ISNUMBER(SEARCH("Humus",D229)),ISNUMBER(SEARCH("Micorrizas",D229)),ISNUMBER(SEARCH("Cascarilla",D229)),ISNUMBER(SEARCH("Turba",D229)))),0,IF(AND(ISNUMBER(SEARCH("ANIMALES",B229)),OR(ISNUMBER(SEARCH("ALIMENTO",D229)),ISNUMBER(SEARCH("Alimento",D229)))),0.05,IF(ISNUMBER(SEARCH("ANIMALES",B229)),0.19,IF(ISNUMBER(SEARCH("AMBIENTE",B229)),0.19,IF(ISNUMBER(SEARCH("CULTURA",B229)),0.19,IF(ISNUMBER(SEARCH("DEPORTE",B229)),0.19,IF(ISNUMBER(SEARCH("Bioseguridad",B229)),0.19,IF(ISNUMBER(SEARCH("DOTACIÓN",B229)),0.19,IF(ISNUMBER(SEARCH("SERVICIO",C229)),0.19,0.19)))))))))) -> 0.19 | I229: =+'CANASTA DE PRECIOS'!I229 -> 79999
A230: =1+A229 -> 227 | B230: DEPORTE | C230: COMPRA | D230: CARETA DE ESGRIMA | E230: 49221500 | F230: Careta: que protege la cara con una malla de acero inoxidable en la parte delantera y una barbada de lona o kevlar para la parte inferior y el cuello. Tallas Varias | G230: UN | H230: =IF(OR(ISNUMBER(SEARCH("ALIMENTACIÓN",B230)),ISNUMBER(SEARCH("ALIMENTACION",B230))),0,IF(AND(ISNUMBER(SEARCH("AMBIENTE",B230)),OR(ISNUMBER(SEARCH("Semilla",D230)),ISNUMBER(SEARCH("ESPECIE VEGETAL",D230)),ISNUMBER(SEARCH("Fertilizante",D230)),ISNUMBER(SEARCH("Humus",D230)),ISNUMBER(SEARCH("Micorrizas",D230)),ISNUMBER(SEARCH("Cascarilla",D230)),ISNUMBER(SEARCH("Turba",D230)))),0,IF(AND(ISNUMBER(SEARCH("ANIMALES",B230)),OR(ISNUMBER(SEARCH("ALIMENTO",D230)),ISNUMBER(SEARCH("Alimento",D230)))),0.05,IF(ISNUMBER(SEARCH("ANIMALES",B230)),0.19,IF(ISNUMBER(SEARCH("AMBIENTE",B230)),0.19,IF(ISNUMBER(SEARCH("CULTURA",B230)),0.19,IF(ISNUMBER(SEARCH("DEPORTE",B230)),0.19,IF(ISNUMBER(SEARCH("Bioseguridad",B230)),0.19,IF(ISNUMBER(SEARCH("DOTACIÓN",B230)),0.19,IF(ISNUMBER(SEARCH("SERVICIO",C230)),0.19,0.19)))))))))) -> 0.19 | I230: =+'CANASTA DE PRECIOS'!I230 -> 309999
A231: =1+A230 -> 228 | B231: DEPORTE | C231: COMPRA | D231: CARTAS UNO | E231: 90101603 | F231: Números, letras y convenciones en Braille, Full color, Macrotipo en cada carta | G231: UN | H231: =IF(OR(ISNUMBER(SEARCH("ALIMENTACIÓN",B231)),ISNUMBER(SEARCH("ALIMENTACION",B231))),0,IF(AND(ISNUMBER(SEARCH("AMBIENTE",B231)),OR(ISNUMBER(SEARCH("Semilla",D231)),ISNUMBER(SEARCH("ESPECIE VEGETAL",D231)),ISNUMBER(SEARCH("Fertilizante",D231)),ISNUMBER(SEARCH("Humus",D231)),ISNUMBER(SEARCH("Micorrizas",D231)),ISNUMBER(SEARCH("Cascarilla",D231)),ISNUMBER(SEARCH("Turba",D231)))),0,IF(AND(ISNUMBER(SEARCH("ANIMALES",B231)),OR(ISNUMBER(SEARCH("ALIMENTO",D231)),ISNUMBER(SEARCH("Alimento",D231)))),0.05,IF(ISNUMBER(SEARCH("ANIMALES",B231)),0.19,IF(ISNUMBER(SEARCH("AMBIENTE",B231)),0.19,IF(ISNUMBER(SEARCH("CULTURA",B231)),0.19,IF(ISNUMBER(SEARCH("DEPORTE",B231)),0.19,IF(ISNUMBER(SEARCH("Bioseguridad",B231)),0.19,IF(ISNUMBER(SEARCH("DOTACIÓN",B231)),0.19,IF(ISNUMBER(SEARCH("SERVICIO",C231)),0.19,0.19)))))))))) -> 0.19 | I231: =+'CANASTA DE PRECIOS'!I231 -> 33999
A232: =1+A231 -> 229 | B232: DEPORTE | C232: COMPRA | D232: CASCO DE PROTECCION PARA BOXEO | E232: 49221500 | F232: Excelente espuma de impacto impact-dura absorbe los golpes y patadas para que puedas seguir entrenando. El casco integral proporciona una protección completa en las principales zonas de impacto: frente, orejas, barbilla, pómulos. tallas , XS,S,M,L,XL, Adulto. | G232: UN | H232: =IF(OR(ISNUMBER(SEARCH("ALIMENTACIÓN",B232)),ISNUMBER(SEARCH("ALIMENTACION",B232))),0,IF(AND(ISNUMBER(SEARCH("AMBIENTE",B232)),OR(ISNUMBER(SEARCH("Semilla",D232)),ISNUMBER(SEARCH("ESPECIE VEGETAL",D232)),ISNUMBER(SEARCH("Fertilizante",D232)),ISNUMBER(SEARCH("Humus",D232)),ISNUMBER(SEARCH("Micorrizas",D232)),ISNUMBER(SEARCH("Cascarilla",D232)),ISNUMBER(SEARCH("Turba",D232)))),0,IF(AND(ISNUMBER(SEARCH("ANIMALES",B232)),OR(ISNUMBER(SEARCH("ALIMENTO",D232)),ISNUMBER(SEARCH("Alimento",D232)))),0.05,IF(ISNUMBER(SEARCH("ANIMALES",B232)),0.19,IF(ISNUMBER(SEARCH("AMBIENTE",B232)),0.19,IF(ISNUMBER(SEARCH("CULTURA",B232)),0.19,IF(ISNUMBER(SEARCH("DEPORTE",B232)),0.19,IF(ISNUMBER(SEARCH("Bioseguridad",B232)),0.19,IF(ISNUMBER(SEARCH("DOTACIÓN",B232)),0.19,IF(ISNUMBER(SEARCH("SERVICIO",C232)),0.19,0.19)))))))))) -> 0.19 | I232: =+'CANASTA DE PRECIOS'!I232 -> 214999
A233: =1+A232 -> 230 | B233: DEPORTE | C233: COMPRA | D233: CASCO PARA SKATE, BMX, ROLLER | E233: 49221500 | F233: Talla única que corresponde a un M: 52-57 cm, * Peso. Aprox 380 gramos * Material: Poliestireno-Policarbonato * Ventilación: 11 salidas de aire * Perilla de ajuste * Correas graduables * Interior acolchonado * Correas de color | G233: UN | H233: =IF(OR(ISNUMBER(SEARCH("ALIMENTACIÓN",B233)),ISNUMBER(SEARCH("ALIMENTACION",B233))),0,IF(AND(ISNUMBER(SEARCH("AMBIENTE",B233)),OR(ISNUMBER(SEARCH("Semilla",D233)),ISNUMBER(SEARCH("ESPECIE VEGETAL",D233)),ISNUMBER(SEARCH("Fertilizante",D233)),ISNUMBER(SEARCH("Humus",D233)),ISNUMBER(SEARCH("Micorrizas",D233)),ISNUMBER(SEARCH("Cascarilla",D233)),ISNUMBER(SEARCH("Turba",D233)))),0,IF(AND(ISNUMBER(SEARCH("ANIMALES",B233)),OR(ISNUMBER(SEARCH("ALIMENTO",D233)),ISNUMBER(SEARCH("Alimento",D233)))),0.05,IF(ISNUMBER(SEARCH("ANIMALES",B233)),0.19,IF(ISNUMBER(SEARCH("AMBIENTE",B233)),0.19,IF(ISNUMBER(SEARCH("CULTURA",B233)),0.19,IF(ISNUMBER(SEARCH("DEPORTE",B233)),0.19,IF(ISNUMBER(SEARCH("Bioseguridad",B233)),0.19,IF(ISNUMBER(SEARCH("DOTACIÓN",B233)),0.19,IF(ISNUMBER(SEARCH("SERVICIO",C233)),0.19,0.19)))))))))) -> 0.19 | I233: =+'CANASTA DE PRECIOS'!I233 -> 129999
... A492: =1+A491 -> 489 | B492: DOTACIÓN | C492: SERVICIO | D492: Grupo de circo | E492: 93141701 | F492: Show interactivo de circo (malabares, clown, acrobacia básica) con una duración de mínimo 60 minutos. Incluye: elementos necesarios para el show, vestuario, mínimo 6 artistas y personal logístico necesarios para la realización de la obra | G492: Sesión | H492: =IF(OR(ISNUMBER(SEARCH("ALIMENTACIÓN",B492)),ISNUMBER(SEARCH("ALIMENTACION",B492))),0,IF(AND(ISNUMBER(SEARCH("AMBIENTE",B492)),OR(ISNUMBER(SEARCH("Semilla",D492)),ISNUMBER(SEARCH("ESPECIE VEGETAL",D492)),ISNUMBER(SEARCH("Fertilizante",D492)),ISNUMBER(SEARCH("Humus",D492)),ISNUMBER(SEARCH("Micorrizas",D492)),ISNUMBER(SEARCH("Cascarilla",D492)),ISNUMBER(SEARCH("Turba",D492)))),0,IF(AND(ISNUMBER(SEARCH("ANIMALES",B492)),OR(ISNUMBER(SEARCH("ALIMENTO",D492)),ISNUMBER(SEARCH("Alimento",D492)))),0.05,IF(ISNUMBER(SEARCH("ANIMALES",B492)),0.19,IF(ISNUMBER(SEARCH("AMBIENTE",B492)),0.19,IF(ISNUMBER(SEARCH("CULTURA",B492)),0.19,IF(ISNUMBER(SEARCH("DEPORTE",B492)),0.19,IF(ISNUMBER(SEARCH("Bioseguridad",B492)),0.19,IF(ISNUMBER(SEARCH("DOTACIÓN",B492)),0.19,IF(ISNUMBER(SEARCH("SERVICIO",C492)),0.19,0.19)))))))))) -> 0.19 | I492: =+'CANASTA DE PRECIOS'!I492 -> 1364999
A493: =1+A492 -> 490 | B493: FERRETERIA | C493: COMPRA | D493: AEROSOL | E493: 31162800 | F493: Pintura en aerosol base agua multi superficie de rápido secado y excelentes caraterísticas de adherencia, durabilidad y poder de cubrición. Válido para todo tipo de superficies de interor y exterior, como madera, metales, plástico, icopor y paredes de obra. Bajo olor. Ecológico. 400 ML (Diferentes colores) | G493: UN | H493: =IF(OR(ISNUMBER(SEARCH("ALIMENTACIÓN",B493)),ISNUMBER(SEARCH("ALIMENTACION",B493))),0,IF(AND(ISNUMBER(SEARCH("AMBIENTE",B493)),OR(ISNUMBER(SEARCH("Semilla",D493)),ISNUMBER(SEARCH("ESPECIE VEGETAL",D493)),ISNUMBER(SEARCH("Fertilizante",D493)),ISNUMBER(SEARCH("Humus",D493)),ISNUMBER(SEARCH("Micorrizas",D493)),ISNUMBER(SEARCH("Cascarilla",D493)),ISNUMBER(SEARCH("Turba",D493)))),0,IF(AND(ISNUMBER(SEARCH("ANIMALES",B493)),OR(ISNUMBER(SEARCH("ALIMENTO",D493)),ISNUMBER(SEARCH("Alimento",D493)))),0.05,IF(ISNUMBER(SEARCH("ANIMALES",B493)),0.19,IF(ISNUMBER(SEARCH("AMBIENTE",B493)),0.19,IF(ISNUMBER(SEARCH("CULTURA",B493)),0.19,IF(ISNUMBER(SEARCH("DEPORTE",B493)),0.19,IF(ISNUMBER(SEARCH("Bioseguridad",B493)),0.19,IF(ISNUMBER(SEARCH("DOTACIÓN",B493)),0.19,IF(ISNUMBER(SEARCH("SERVICIO",C493)),0.19,0.19)))))))))) -> 0.19 | I493: =+'CANASTA DE PRECIOS'!I493 -> 28530 | J493: X
A494: =1+A493 -> 491 | B494: FERRETERIA | C494: COMPRA | D494: AEROSOL PROFESIONAL | E494: 31162800 | F494: Un spray de pintura de acabado mate. Fabricado con resinas alquídicas modificadas de última generación y desarrollado para desafiar las más altas exigencias del mercado de las bellas artes y el graffiti. Adaptable así mismo a las exigencias en la decoración de interiores y exteriores. Diseñado y formulado con productos de excelente calidad, buscando en todo momento la estabilidad del color, rapidez de secado sin olvidar, el respeto al usuario y al medio ambiente. CARACTERÍSTICAS (Baja presión - Secado muy rápido - Buen endurecimiento - Flexibilidad excelente - Gran resistencia al rayado una vez polimerizada la película - No contiene plomo ni otros metales pesados - Buen poder de cubrición - Durabilidad del color - Facilidad de aplicación y repintado - Buen comportamiento en la intemperie - Muy buena resistencia a los rayos U.V. 400 ML | G494: UN | H494: =IF(OR(ISNUMBER(SEARCH("ALIMENTACIÓN",B494)),ISNUMBER(SEARCH("ALIMENTACION",B494))),0,IF(AND(ISNUMBER(SEARCH("AMBIENTE",B494)),OR(ISNUMBER(SEARCH("Semilla",D494)),ISNUMBER(SEARCH("ESPECIE VEGETAL",D494)),ISNUMBER(SEARCH("Fertilizante",D494)),ISNUMBER(SEARCH("Humus",D494)),ISNUMBER(SEARCH("Micorrizas",D494)),ISNUMBER(SEARCH("Cascarilla",D494)),ISNUMBER(SEARCH("Turba",D494)))),0,IF(AND(ISNUMBER(SEARCH("ANIMALES",B494)),OR(ISNUMBER(SEARCH("ALIMENTO",D494)),ISNUMBER(SEARCH("Alimento",D494)))),0.05,IF(ISNUMBER(SEARCH("ANIMALES",B494)),0.19,IF(ISNUMBER(SEARCH("AMBIENTE",B494)),0.19,IF(ISNUMBER(SEARCH("CULTURA",B494)),0.19,IF(ISNUMBER(SEARCH("DEPORTE",B494)),0.19,IF(ISNUMBER(SEARCH("Bioseguridad",B494)),0.19,IF(ISNUMBER(SEARCH("DOTACIÓN",B494)),0.19,IF(ISNUMBER(SEARCH("SERVICIO",C494)),0.19,0.19)))))))))) -> 0.19 | I494: =+'CANASTA DE PRECIOS'!I494 -> 38900 | J494: X
A495: =1+A494 -> 492 | B495: FERRETERIA | C495: COMPRA | D495: AZADÓN | E495: 27112700 | F495: Azadones de 2,5 Libras con cabo | G495: UN | H495: =IF(OR(ISNUMBER(SEARCH("ALIMENTACIÓN",B495)),ISNUMBER(SEARCH("ALIMENTACION",B495))),0,IF(AND(ISNUMBER(SEARCH("AMBIENTE",B495)),OR(ISNUMBER(SEARCH("Semilla",D495)),ISNUMBER(SEARCH("ESPECIE VEGETAL",D495)),ISNUMBER(SEARCH("Fertilizante",D495)),ISNUMBER(SEARCH("Humus",D495)),ISNUMBER(SEARCH("Micorrizas",D495)),ISNUMBER(SEARCH("Cascarilla",D495)),ISNUMBER(SEARCH("Turba",D495)))),0,IF(AND(ISNUMBER(SEARCH("ANIMALES",B495)),OR(ISNUMBER(SEARCH("ALIMENTO",D495)),ISNUMBER(SEARCH("Alimento",D495)))),0.05,IF(ISNUMBER(SEARCH("ANIMALES",B495)),0.19,IF(ISNUMBER(SEARCH("AMBIENTE",B495)),0.19,IF(ISNUMBER(SEARCH("CULTURA",B495)),0.19,IF(ISNUMBER(SEARCH("DEPORTE",B495)),0.19,IF(ISNUMBER(SEARCH("Bioseguridad",B495)),0.19,IF(ISNUMBER(SEARCH("DOTACIÓN",B495)),0.19,IF(ISNUMBER(SEARCH("SERVICIO",C495)),0.19,0.19)))))))))) -> 0.19 | I495: =+'CANASTA DE PRECIOS'!I495 -> 85900
A496: =1+A495 -> 493 | B496: FERRETERIA | C496: COMPRA | D496: Bandejas para pintura | E496: 31162800 | F496: Bandejas para pintura plastica •Ancho : 29 cm •Alto : 7.6 cm •Largo : 37 cm | G496: UN | H496: =IF(OR(ISNUMBER(SEARCH("ALIMENTACIÓN",B496)),ISNUMBER(SEARCH("ALIMENTACION",B496))),0,IF(AND(ISNUMBER(SEARCH("AMBIENTE",B496)),OR(ISNUMBER(SEARCH("Semilla",D496)),ISNUMBER(SEARCH("ESPECIE VEGETAL",D496)),ISNUMBER(SEARCH("Fertilizante",D496)),ISNUMBER(SEARCH("Humus",D496)),ISNUMBER(SEARCH("Micorrizas",D496)),ISNUMBER(SEARCH("Cascarilla",D496)),ISNUMBER(SEARCH("Turba",D496)))),0,IF(AND(ISNUMBER(SEARCH("ANIMALES",B496)),OR(ISNUMBER(SEARCH("ALIMENTO",D496)),ISNUMBER(SEARCH("Alimento",D496)))),0.05,IF(ISNUMBER(SEARCH("ANIMALES",B496)),0.19,IF(ISNUMBER(SEARCH("AMBIENTE",B496)),0.19,IF(ISNUMBER(SEARCH("CULTURA",B496)),0.19,IF(ISNUMBER(SEARCH("DEPORTE",B496)),0.19,IF(ISNUMBER(SEARCH("Bioseguridad",B496)),0.19,IF(ISNUMBER(SEARCH("DOTACIÓN",B496)),0.19,IF(ISNUMBER(SEARCH("SERVICIO",C496)),0.19,0.19)))))))))) -> 0.19 | I496: =+'CANASTA DE PRECIOS'!I496 -> 15000 | J496: X
A497: =1+A496 -> 494 | B497: FERRETERIA | C497: COMPRA | D497: Barniz o laca protectora (acabado final) | E497: 31162800 | F497: Barniz Color Transparente Acabado pintura Brillante Superficie de aplicación Madera, Metal Aplicación Interior y exterior protegido Secado final 24 horas Rendimiento por capa 10 m2 Tiempo de espera 2ª mano 10 horas Contenido : 1 gal | G497: UN | H497: =IF(OR(ISNUMBER(SEARCH("ALIMENTACIÓN",B497)),ISNUMBER(SEARCH("ALIMENTACION",B497))),0,IF(AND(ISNUMBER(SEARCH("AMBIENTE",B497)),OR(ISNUMBER(SEARCH("Semilla",D497)),ISNUMBER(SEARCH("ESPECIE VEGETAL",D497)),ISNUMBER(SEARCH("Fertilizante",D497)),ISNUMBER(SEARCH("Humus",D497)),ISNUMBER(SEARCH("Micorrizas",D497)),ISNUMBER(SEARCH("Cascarilla",D497)),ISNUMBER(SEARCH("Turba",D497)))),0,IF(AND(ISNUMBER(SEARCH("ANIMALES",B497)),OR(ISNUMBER(SEARCH("ALIMENTO",D497)),ISNUMBER(SEARCH("Alimento",D497)))),0.05,IF(ISNUMBER(SEARCH("ANIMALES",B497)),0.19,IF(ISNUMBER(SEARCH("AMBIENTE",B497)),0.19,IF(ISNUMBER(SEARCH("CULTURA",B497)),0.19,IF(ISNUMBER(SEARCH("DEPORTE",B497)),0.19,IF(ISNUMBER(SEARCH("Bioseguridad",B497)),0.19,IF(ISNUMBER(SEARCH("DOTACIÓN",B497)),0.19,IF(ISNUMBER(SEARCH("SERVICIO",C497)),0.19,0.19)))))))))) -> 0.19 | I497: =+'CANASTA DE PRECIOS'!I497 -> 89999 | J497: X
A498: =1+A497 -> 495 | B498: FERRETERIA | C498: COMPRA | D498: BROCHA GRUESA | E498: 31162800 | F498: Brocha Gruesa 3" (7.6 cm), mango plástico y/o madera, refuerzo metálico. | G498: UN | H498: =IF(OR(ISNUMBER(SEARCH("ALIMENTACIÓN",B498)),ISNUMBER(SEARCH("ALIMENTACION",B498))),0,IF(AND(ISNUMBER(SEARCH("AMBIENTE",B498)),OR(ISNUMBER(SEARCH("Semilla",D498)),ISNUMBER(SEARCH("ESPECIE VEGETAL",D498)),ISNUMBER(SEARCH("Fertilizante",D498)),ISNUMBER(SEARCH("Humus",D498)),ISNUMBER(SEARCH("Micorrizas",D498)),ISNUMBER(SEARCH("Cascarilla",D498)),ISNUMBER(SEARCH("Turba",D498)))),0,IF(AND(ISNUMBER(SEARCH("ANIMALES",B498)),OR(ISNUMBER(SEARCH("ALIMENTO",D498)),ISNUMBER(SEARCH("Alimento",D498)))),0.05,IF(ISNUMBER(SEARCH("ANIMALES",B498)),0.19,IF(ISNUMBER(SEARCH("AMBIENTE",B498)),0.19,IF(ISNUMBER(SEARCH("CULTURA",B498)),0.19,IF(ISNUMBER(SEARCH("DEPORTE",B498)),0.19,IF(ISNUMBER(SEARCH("Bioseguridad",B498)),0.19,IF(ISNUMBER(SEARCH("DOTACIÓN",B498)),0.19,IF(ISNUMBER(SEARCH("SERVICIO",C498)),0.19,0.19)))))))))) -> 0.19 | I498: =+'CANASTA DE PRECIOS'!I498 -> 16707 | J498: X
A499: =1+A498 -> 496 | B499: FERRETERIA | C499: COMPRA | D499: CARRETILLA DE CARGA | E499: 24101507 | F499: Carretilla de carga manual dos ruedas hasta 350 kilos, ruedas hierro-caucho, estructura en ángulo con sujeción en dos puntos manilares en tubo. Se debe entregar e instalar en el sitio designado por el FDLRUU | G499: UN | H499: =IF(OR(ISNUMBER(SEARCH("ALIMENTACIÓN",B499)),ISNUMBER(SEARCH("ALIMENTACION",B499))),0,IF(AND(ISNUMBER(SEARCH("AMBIENTE",B499)),OR(ISNUMBER(SEARCH("Semilla",D499)),ISNUMBER(SEARCH("ESPECIE VEGETAL",D499)),ISNUMBER(SEARCH("Fertilizante",D499)),ISNUMBER(SEARCH("Humus",D499)),ISNUMBER(SEARCH("Micorrizas",D499)),ISNUMBER(SEARCH("Cascarilla",D499)),ISNUMBER(SEARCH("Turba",D499)))),0,IF(AND(ISNUMBER(SEARCH("ANIMALES",B499)),OR(ISNUMBER(SEARCH("ALIMENTO",D499)),ISNUMBER(SEARCH("Alimento",D499)))),0.05,IF(ISNUMBER(SEARCH("ANIMALES",B499)),0.19,IF(ISNUMBER(SEARCH("AMBIENTE",B499)),0.19,IF(ISNUMBER(SEARCH("CULTURA",B499)),0.19,IF(ISNUMBER(SEARCH("DEPORTE",B499)),0.19,IF(ISNUMBER(SEARCH("Bioseguridad",B499)),0.19,IF(ISNUMBER(SEARCH("DOTACIÓN",B499)),0.19,IF(ISNUMBER(SEARCH("SERVICIO",C499)),0.19,0.19)))))))))) -> 0.19 | I499: =+'CANASTA DE PRECIOS'!I499 -> 249999
A500: =1+A499 -> 497 | B500: FERRETERIA | C500: COMPRA | D500: CARRETILLA DE CARGA PLATAFORMA | E500: 46171610 | F500: Carretilla de plataforma para carga máxima de 150Kg, 4 ruedas , Tamaño extendido: 73x47x81 cm. Mango rígido, Tubería y plataforma de acero. Se debe entregar e instalar en el sitio designado por el FDLRUU | G500: UN | H500: =IF(OR(ISNUMBER(SEARCH("ALIMENTACIÓN",B500)),ISNUMBER(SEARCH("ALIMENTACION",B500))),0,IF(AND(ISNUMBER(SEARCH("AMBIENTE",B500)),OR(ISNUMBER(SEARCH("Semilla",D500)),ISNUMBER(SEARCH("ESPECIE VEGETAL",D500)),ISNUMBER(SEARCH("Fertilizante",D500)),ISNUMBER(SEARCH("Humus",D500)),ISNUMBER(SEARCH("Micorrizas",D500)),ISNUMBER(SEARCH("Cascarilla",D500)),ISNUMBER(SEARCH("Turba",D500)))),0,IF(AND(ISNUMBER(SEARCH("ANIMALES",B500)),OR(ISNUMBER(SEARCH("ALIMENTO",D500)),ISNUMBER(SEARCH("Alimento",D500)))),0.05,IF(ISNUMBER(SEARCH("ANIMALES",B500)),0.19,IF(ISNUMBER(SEARCH("AMBIENTE",B500)),0.19,IF(ISNUMBER(SEARCH("CULTURA",B500)),0.19,IF(ISNUMBER(SEARCH("DEPORTE",B500)),0.19,IF(ISNUMBER(SEARCH("Bioseguridad",B500)),0.19,IF(ISNUMBER(SEARCH("DOTACIÓN",B500)),0.19,IF(ISNUMBER(SEARCH("SERVICIO",C500)),0.19,0.19)))))))))) -> 0.19 | I500: =+'CANASTA DE PRECIOS'!I500 -> 349999
A501: =1+A500 -> 498 | B501: FERRETERIA | C501: COMPRA | D501: CINTA AISLANTE NEGRA 18 MM X 5 MT | E501: 31201502 | F501: Cinta Eléctrica de vinilo para uso general, Excelente capacidad dieléctrica, Recomendada para aislamientos menores y Soporte de PVC con adhesivo sintético a base de caucho | G501: UN | H501: =IF(OR(ISNUMBER(SEARCH("ALIMENTACIÓN",B501)),ISNUMBER(SEARCH("ALIMENTACION",B501))),0,IF(AND(ISNUMBER(SEARCH("AMBIENTE",B501)),OR(ISNUMBER(SEARCH("Semilla",D501)),ISNUMBER(SEARCH("ESPECIE VEGETAL",D501)),ISNUMBER(SEARCH("Fertilizante",D501)),ISNUMBER(SEARCH("Humus",D501)),ISNUMBER(SEARCH("Micorrizas",D501)),ISNUMBER(SEARCH("Cascarilla",D501)),ISNUMBER(SEARCH("Turba",D501)))),0,IF(AND(ISNUMBER(SEARCH("ANIMALES",B501)),OR(ISNUMBER(SEARCH("ALIMENTO",D501)),ISNUMBER(SEARCH("Alimento",D501)))),0.05,IF(ISNUMBER(SEARCH("ANIMALES",B501)),0.19,IF(ISNUMBER(SEARCH("AMBIENTE",B501)),0.19,IF(ISNUMBER(SEARCH("CULTURA",B501)),0.19,IF(ISNUMBER(SEARCH("DEPORTE",B501)),0.19,IF(ISNUMBER(SEARCH("Bioseguridad",B501)),0.19,IF(ISNUMBER(SEARCH("DOTACIÓN",B501)),0.19,IF(ISNUMBER(SEARCH("SERVICIO",C501)),0.19,0.19)))))))))) -> 0.19 | I501: =+'CANASTA DE PRECIOS'!I501 -> 6414
A502: =1+A501 -> 499 | B502: FERRETERIA | C502: COMPRA | D502: CINTA DE DEMARCACIÓN | E502: 31162800 | F502: Rollo de Cinta de Precaución, color amarillo de fondo con texto "PRECAUCIÓN - NO PASE" 70 mm (ANCHO). X 100 metros (LARGO). Material Plástico | G502: UN | H502: =IF(OR(ISNUMBER(SEARCH("ALIMENTACIÓN",B502)),ISNUMBER(SEARCH("ALIMENTACION",B502))),0,IF(AND(ISNUMBER(SEARCH("AMBIENTE",B502)),OR(ISNUMBER(SEARCH("Semilla",D502)),ISNUMBER(SEARCH("ESPECIE VEGETAL",D502)),ISNUMBER(SEARCH("Fertilizante",D502)),ISNUMBER(SEARCH("Humus",D502)),ISNUMBER(SEARCH("Micorrizas",D502)),ISNUMBER(SEARCH("Cascarilla",D502)),ISNUMBER(SEARCH("Turba",D502)))),0,IF(AND(ISNUMBER(SEARCH("ANIMALES",B502)),OR(ISNUMBER(SEARCH("ALIMENTO",D502)),ISNUMBER(SEARCH("Alimento",D502)))),0.05,IF(ISNUMBER(SEARCH("ANIMALES",B502)),0.19,IF(ISNUMBER(SEARCH("AMBIENTE",B502)),0.19,IF(ISNUMBER(SEARCH("CULTURA",B502)),0.19,IF(ISNUMBER(SEARCH("DEPORTE",B502)),0.19,IF(ISNUMBER(SEARCH("Bioseguridad",B502)),0.19,IF(ISNUMBER(SEARCH("DOTACIÓN",B502)),0.19,IF(ISNUMBER(SEARCH("SERVICIO",C502)),0.19,0.19)))))))))) -> 0.19 | I502: =+'CANASTA DE PRECIOS'!I502 -> 14447
A503: =1+A502 -> 500 | B503: FERRETERIA | C503: COMPRA | D503: COMPRESOR DE AIRE | E503: 40151600 | F503: Compresor de aire de 6 galones, 165 max PSI, tanque de 6,0 galones (22,7 L) y 2,6 SCFM. | G503: UN | H503: =IF(OR(ISNUMBER(SEARCH("ALIMENTACIÓN",B503)),ISNUMBER(SEARCH("ALIMENTACION",B503))),0,IF(AND(ISNUMBER(SEARCH("AMBIENTE",B503)),OR(ISNUMBER(SEARCH("Semilla",D503)),ISNUMBER(SEARCH("ESPECIE VEGETAL",D503)),ISNUMBER(SEARCH("Fertilizante",D503)),ISNUMBER(SEARCH("Humus",D503)),ISNUMBER(SEARCH("Micorrizas",D503)),ISNUMBER(SEARCH("Cascarilla",D503)),ISNUMBER(SEARCH("Turba",D503)))),0,IF(AND(ISNUMBER(SEARCH("ANIMALES",B503)),OR(ISNUMBER(SEARCH("ALIMENTO",D503)),ISNUMBER(SEARCH("Alimento",D503)))),0.05,IF(ISNUMBER(SEARCH("ANIMALES",B503)),0.19,IF(ISNUMBER(SEARCH("AMBIENTE",B503)),0.19,IF(ISNUMBER(SEARCH("CULTURA",B503)),0.19,IF(ISNUMBER(SEARCH("DEPORTE",B503)),0.19,IF(ISNUMBER(SEARCH("Bioseguridad",B503)),0.19,IF(ISNUMBER(SEARCH("DOTACIÓN",B503)),0.19,IF(ISNUMBER(SEARCH("SERVICIO",C503)),0.19,0.19)))))))))) -> 0.19 | I503: =+'CANASTA DE PRECIOS'!I503 -> 1840643
A504: =1+A503 -> 501 | B504: FERRETERIA | C504: COMPRA | D504: ESCOBA DURA | E504: 47131604 | F504: Escoba o cepillo Industrial de cerda dura que incluya mango | G504: UN | H504: =IF(OR(ISNUMBER(SEARCH("ALIMENTACIÓN",B504)),ISNUMBER(SEARCH("ALIMENTACION",B504))),0,IF(AND(ISNUMBER(SEARCH("AMBIENTE",B504)),OR(ISNUMBER(SEARCH("Semilla",D504)),ISNUMBER(SEARCH("ESPECIE VEGETAL",D504)),ISNUMBER(SEARCH("Fertilizante",D504)),ISNUMBER(SEARCH("Humus",D504)),ISNUMBER(SEARCH("Micorrizas",D504)),ISNUMBER(SEARCH("Cascarilla",D504)),ISNUMBER(SEARCH("Turba",D504)))),0,IF(AND(ISNUMBER(SEARCH("ANIMALES",B504)),OR(ISNUMBER(SEARCH("ALIMENTO",D504)),ISNUMBER(SEARCH("Alimento",D504)))),0.05,IF(ISNUMBER(SEARCH("ANIMALES",B504)),0.19,IF(ISNUMBER(SEARCH("AMBIENTE",B504)),0.19,IF(ISNUMBER(SEARCH("CULTURA",B504)),0.19,IF(ISNUMBER(SEARCH("DEPORTE",B504)),0.19,IF(ISNUMBER(SEARCH("Bioseguridad",B504)),0.19,IF(ISNUMBER(SEARCH("DOTACIÓN",B504)),0.19,IF(ISNUMBER(SEARCH("SERVICIO",C504)),0.19,0.19)))))))))) -> 0.19 | I504: =+'CANASTA DE PRECIOS'!I504 -> 9504
A505: =1+A504 -> 502 | B505: FERRETERIA | C505: COMPRA | D505: ESCOBA SUAVE | E505: 47131604 | F505: Escoba de cerda suave que incluya mango | G505: UN | H505: =IF(OR(ISNUMBER(SEARCH("ALIMENTACIÓN",B505)),ISNUMBER(SEARCH("ALIMENTACION",B505))),0,IF(AND(ISNUMBER(SEARCH("AMBIENTE",B505)),OR(ISNUMBER(SEARCH("Semilla",D505)),ISNUMBER(SEARCH("ESPECIE VEGETAL",D505)),ISNUMBER(SEARCH("Fertilizante",D505)),ISNUMBER(SEARCH("Humus",D505)),ISNUMBER(SEARCH("Micorrizas",D505)),ISNUMBER(SEARCH("Cascarilla",D505)),ISNUMBER(SEARCH("Turba",D505)))),0,IF(AND(ISNUMBER(SEARCH("ANIMALES",B505)),OR(ISNUMBER(SEARCH("ALIMENTO",D505)),ISNUMBER(SEARCH("Alimento",D505)))),0.05,IF(ISNUMBER(SEARCH("ANIMALES",B505)),0.19,IF(ISNUMBER(SEARCH("AMBIENTE",B505)),0.19,IF(ISNUMBER(SEARCH("CULTURA",B505)),0.19,IF(ISNUMBER(SEARCH("DEPORTE",B505)),0.19,IF(ISNUMBER(SEARCH("Bioseguridad",B505)),0.19,IF(ISNUMBER(SEARCH("DOTACIÓN",B505)),0.19,IF(ISNUMBER(SEARCH("SERVICIO",C505)),0.19,0.19)))))))))) -> 0.19 | I505: =+'CANASTA DE PRECIOS'!I505 -> 8910
A506: =1+A505 -> 503 | B506: FERRETERIA | C506: COMPRA | D506: ESPATULA DELGADA | E506: 27111909 | F506: Espatula N 2 utensilios portátiles de laboratorio disponibles en distintos tamaños y estilos. Han sido diseñadas para romper, raspas, recoger y transferir 2 Pulgadas | G506: UN | H506: =IF(OR(ISNUMBER(SEARCH("ALIMENTACIÓN",B506)),ISNUMBER(SEARCH("ALIMENTACION",B506))),0,IF(AND(ISNUMBER(SEARCH("AMBIENTE",B506)),OR(ISNUMBER(SEARCH("Semilla",D506)),ISNUMBER(SEARCH("ESPECIE VEGETAL",D506)),ISNUMBER(SEARCH("Fertilizante",D506)),ISNUMBER(SEARCH("Humus",D506)),ISNUMBER(SEARCH("Micorrizas",D506)),ISNUMBER(SEARCH("Cascarilla",D506)),ISNUMBER(SEARCH("Turba",D506)))),0,IF(AND(ISNUMBER(SEARCH("ANIMALES",B506)),OR(ISNUMBER(SEARCH("ALIMENTO",D506)),ISNUMBER(SEARCH("Alimento",D506)))),0.05,IF(ISNUMBER(SEARCH("ANIMALES",B506)),0.19,IF(ISNUMBER(SEARCH("AMBIENTE",B506)),0.19,IF(ISNUMBER(SEARCH("CULTURA",B506)),0.19,IF(ISNUMBER(SEARCH("DEPORTE",B506)),0.19,IF(ISNUMBER(SEARCH("Bioseguridad",B506)),0.19,IF(ISNUMBER(SEARCH("DOTACIÓN",B506)),0.19,IF(ISNUMBER(SEARCH("SERVICIO",C506)),0.19,0.19)))))))))) -> 0.19 | I506: =+'CANASTA DE PRECIOS'!I506 -> 5000
A507: =1+A506 -> 504 | B507: FERRETERIA | C507: COMPRA | D507: ESPATULA GRUESA | E507: 27111909 | F507: Espatula acero inoxidable N 4 utensilios portátiles de laboratorio disponibles en distintos tamaños y estilos. Han sido diseñadas para romper, raspas, recoger y transferir 4 Pulgadas | G507: UN | H507: =IF(OR(ISNUMBER(SEARCH("ALIMENTACIÓN",B507)),ISNUMBER(SEARCH("ALIMENTACION",B507))),0,IF(AND(ISNUMBER(SEARCH("AMBIENTE",B507)),OR(ISNUMBER(SEARCH("Semilla",D507)),ISNUMBER(SEARCH("ESPECIE VEGETAL",D507)),ISNUMBER(SEARCH("Fertilizante",D507)),ISNUMBER(SEARCH("Humus",D507)),ISNUMBER(SEARCH("Micorrizas",D507)),ISNUMBER(SEARCH("Cascarilla",D507)),ISNUMBER(SEARCH("Turba",D507)))),0,IF(AND(ISNUMBER(SEARCH("ANIMALES",B507)),OR(ISNUMBER(SEARCH("ALIMENTO",D507)),ISNUMBER(SEARCH("Alimento",D507)))),0.05,IF(ISNUMBER(SEARCH("ANIMALES",B507)),0.19,IF(ISNUMBER(SEARCH("AMBIENTE",B507)),0.19,IF(ISNUMBER(SEARCH("CULTURA",B507)),0.19,IF(ISNUMBER(SEARCH("DEPORTE",B507)),0.19,IF(ISNUMBER(SEARCH("Bioseguridad",B507)),0.19,IF(ISNUMBER(SEARCH("DOTACIÓN",B507)),0.19,IF(ISNUMBER(SEARCH("SERVICIO",C507)),0.19,0.19)))))))))) -> 0.19 | I507: =+'CANASTA DE PRECIOS'!I507 -> 25000
A508: =1+A507 -> 505 | B508: FERRETERIA | C508: COMPRA | D508: EXTENSION ELECTRICA | E508: 26121600 | F508: Extensión polarizada 3 salidas, longitud: 15 mts (incluída clavija), clavija polarizada, Material PVC cobre, enchufable, color blanco, 15 metros de largo en cable, extension polarizada, amperaje corriente maxima de 15 A, Ideal para uso interior. | G508: UN | H508: =IF(OR(ISNUMBER(SEARCH("ALIMENTACIÓN",B508)),ISNUMBER(SEARCH("ALIMENTACION",B508))),0,IF(AND(ISNUMBER(SEARCH("AMBIENTE",B508)),OR(ISNUMBER(SEARCH("Semilla",D508)),ISNUMBER(SEARCH("ESPECIE VEGETAL",D508)),ISNUMBER(SEARCH("Fertilizante",D508)),ISNUMBER(SEARCH("Humus",D508)),ISNUMBER(SEARCH("Micorrizas",D508)),ISNUMBER(SEARCH("Cascarilla",D508)),ISNUMBER(SEARCH("Turba",D508)))),0,IF(AND(ISNUMBER(SEARCH("ANIMALES",B508)),OR(ISNUMBER(SEARCH("ALIMENTO",D508)),ISNUMBER(SEARCH("Alimento",D508)))),0.05,IF(ISNUMBER(SEARCH("ANIMALES",B508)),0.19,IF(ISNUMBER(SEARCH("AMBIENTE",B508)),0.19,IF(ISNUMBER(SEARCH("CULTURA",B508)),0.19,IF(ISNUMBER(SEARCH("DEPORTE",B508)),0.19,IF(ISNUMBER(SEARCH("Bioseguridad",B508)),0.19,IF(ISNUMBER(SEARCH("DOTACIÓN",B508)),0.19,IF(ISNUMBER(SEARCH("SERVICIO",C508)),0.19,0.19)))))))))) -> 0.19 | I508: =+'CANASTA DE PRECIOS'!I508 -> 34899
A509: =1+A508 -> 506 | B509: FERRETERIA | C509: COMPRA | D509: FUNDA MACHETE | E509: 27112700 | F509: Funda para Machete Niquelado de 20" | G509: UN | H509: =IF(OR(ISNUMBER(SEARCH("ALIMENTACIÓN",B509)),ISNUMBER(SEARCH("ALIMENTACION",B509))),0,IF(AND(ISNUMBER(SEARCH("AMBIENTE",B509)),OR(ISNUMBER(SEARCH("Semilla",D509)),ISNUMBER(SEARCH("ESPECIE VEGETAL",D509)),ISNUMBER(SEARCH("Fertilizante",D509)),ISNUMBER(SEARCH("Humus",D509)),ISNUMBER(SEARCH("Micorrizas",D509)),ISNUMBER(SEARCH("Cascarilla",D509)),ISNUMBER(SEARCH("Turba",D509)))),0,IF(AND(ISNUMBER(SEARCH("ANIMALES",B509)),OR(ISNUMBER(SEARCH("ALIMENTO",D509)),ISNUMBER(SEARCH("Alimento",D509)))),0.05,IF(ISNUMBER(SEARCH("ANIMALES",B509)),0.19,IF(ISNUMBER(SEARCH("AMBIENTE",B509)),0.19,IF(ISNUMBER(SEARCH("CULTURA",B509)),0.19,IF(ISNUMBER(SEARCH("DEPORTE",B509)),0.19,IF(ISNUMBER(SEARCH("Bioseguridad",B509)),0.19,IF(ISNUMBER(SEARCH("DOTACIÓN",B509)),0.19,IF(ISNUMBER(SEARCH("SERVICIO",C509)),0.19,0.19)))))))))) -> 0.19 | I509: =+'CANASTA DE PRECIOS'!I509 -> 39474
A510: =1+A509 -> 507 | B510: FERRETERIA | C510: COMPRA | D510: Grapa | E510: 31162404 | F510: Grapa 1/4 Caja x 1,000 unidades | G510: UN | H510: =IF(OR(ISNUMBER(SEARCH("ALIMENTACIÓN",B510)),ISNUMBER(SEARCH("ALIMENTACION",B510))),0,IF(AND(ISNUMBER(SEARCH("AMBIENTE",B510)),OR(ISNUMBER(SEARCH("Semilla",D510)),ISNUMBER(SEARCH("ESPECIE VEGETAL",D510)),ISNUMBER(SEARCH("Fertilizante",D510)),ISNUMBER(SEARCH("Humus",D510)),ISNUMBER(SEARCH("Micorrizas",D510)),ISNUMBER(SEARCH("Cascarilla",D510)),ISNUMBER(SEARCH("Turba",D510)))),0,IF(AND(ISNUMBER(SEARCH("ANIMALES",B510)),OR(ISNUMBER(SEARCH("ALIMENTO",D510)),ISNUMBER(SEARCH("Alimento",D510)))),0.05,IF(ISNUMBER(SEARCH("ANIMALES",B510)),0.19,IF(ISNUMBER(SEARCH("AMBIENTE",B510)),0.19,IF(ISNUMBER(SEARCH("CULTURA",B510)),0.19,IF(ISNUMBER(SEARCH("DEPORTE",B510)),0.19,IF(ISNUMBER(SEARCH("Bioseguridad",B510)),0.19,IF(ISNUMBER(SEARCH("DOTACIÓN",B510)),0.19,IF(ISNUMBER(SEARCH("SERVICIO",C510)),0.19,0.19)))))))))) -> 0.19 | I510: =+'CANASTA DE PRECIOS'!I510 -> 14899
A511: =1+A510 -> 508 | B511: FERRETERIA | C511: COMPRA | D511: HACHA | E511: 27112700 | F511: Hacha forjada Ojo Plano de 3,5 libras con cabo | G511: UN | H511: =IF(OR(ISNUMBER(SEARCH("ALIMENTACIÓN",B511)),ISNUMBER(SEARCH("ALIMENTACION",B511))),0,IF(AND(ISNUMBER(SEARCH("AMBIENTE",B511)),OR(ISNUMBER(SEARCH("Semilla",D511)),ISNUMBER(SEARCH("ESPECIE VEGETAL",D511)),ISNUMBER(SEARCH("Fertilizante",D511)),ISNUMBER(SEARCH("Humus",D511)),ISNUMBER(SEARCH("Micorrizas",D511)),ISNUMBER(SEARCH("Cascarilla",D511)),ISNUMBER(SEARCH("Turba",D511)))),0,IF(AND(ISNUMBER(SEARCH("ANIMALES",B511)),OR(ISNUMBER(SEARCH("ALIMENTO",D511)),ISNUMBER(SEARCH("Alimento",D511)))),0.05,IF(ISNUMBER(SEARCH("ANIMALES",B511)),0.19,IF(ISNUMBER(SEARCH("AMBIENTE",B511)),0.19,IF(ISNUMBER(SEARCH("CULTURA",B511)),0.19,IF(ISNUMBER(SEARCH("DEPORTE",B511)),0.19,IF(ISNUMBER(SEARCH("Bioseguridad",B511)),0.19,IF(ISNUMBER(SEARCH("DOTACIÓN",B511)),0.19,IF(ISNUMBER(SEARCH("SERVICIO",C511)),0.19,0.19)))))))))) -> 0.19 | I511: =+'CANASTA DE PRECIOS'!I511 -> 82971
A512: =1+A511 -> 509 | B512: FERRETERIA | C512: COMPRA | D512: Lijas (para preparación de superficie) | E512: 31162800 | F512: Esta lija de agua, con un grano n° 280, es perfecta para preparar superficies en húmedo y en seco. Sus características incluyen una mayor durabilidad y un acabado profesional. Sus dimensiones son 27.94 cm de largo y 22.86 cm de ancho. | G512: UN | H512: =IF(OR(ISNUMBER(SEARCH("ALIMENTACIÓN",B512)),ISNUMBER(SEARCH("ALIMENTACION",B512))),0,IF(AND(ISNUMBER(SEARCH("AMBIENTE",B512)),OR(ISNUMBER(SEARCH("Semilla",D512)),ISNUMBER(SEARCH("ESPECIE VEGETAL",D512)),ISNUMBER(SEARCH("Fertilizante",D512)),ISNUMBER(SEARCH("Humus",D512)),ISNUMBER(SEARCH("Micorrizas",D512)),ISNUMBER(SEARCH("Cascarilla",D512)),ISNUMBER(SEARCH("Turba",D512)))),0,IF(AND(ISNUMBER(SEARCH("ANIMALES",B512)),OR(ISNUMBER(SEARCH("ALIMENTO",D512)),ISNUMBER(SEARCH("Alimento",D512)))),0.05,IF(ISNUMBER(SEARCH("ANIMALES",B512)),0.19,IF(ISNUMBER(SEARCH("AMBIENTE",B512)),0.19,IF(ISNUMBER(SEARCH("CULTURA",B512)),0.19,IF(ISNUMBER(SEARCH("DEPORTE",B512)),0.19,IF(ISNUMBER(SEARCH("Bioseguridad",B512)),0.19,IF(ISNUMBER(SEARCH("DOTACIÓN",B512)),0.19,IF(ISNUMBER(SEARCH("SERVICIO",C512)),0.19,0.19)))))))))) -> 0.19 | I512: =+'CANASTA DE PRECIOS'!I512 -> 2999 | J512: X
A513: =1+A512 -> 510 | B513: FERRETERIA | C513: COMPRA | D513: LINTERNA DE MANO RECARGABLE | E513: 31162800 | F513: Linterna de Mano Led Nano, Metálica, Recargable en toma de 110v, (cargador de pared incluido), Luz Blanca, DC 4,2 v 500mA | G513: UN | H513: =IF(OR(ISNUMBER(SEARCH("ALIMENTACIÓN",B513)),ISNUMBER(SEARCH("ALIMENTACION",B513))),0,IF(AND(ISNUMBER(SEARCH("AMBIENTE",B513)),OR(ISNUMBER(SEARCH("Semilla",D513)),ISNUMBER(SEARCH("ESPECIE VEGETAL",D513)),ISNUMBER(SEARCH("Fertilizante",D513)),ISNUMBER(SEARCH("Humus",D513)),ISNUMBER(SEARCH("Micorrizas",D513)),ISNUMBER(SEARCH("Cascarilla",D513)),ISNUMBER(SEARCH("Turba",D513)))),0,IF(AND(ISNUMBER(SEARCH("ANIMALES",B513)),OR(ISNUMBER(SEARCH("ALIMENTO",D513)),ISNUMBER(SEARCH("Alimento",D513)))),0.05,IF(ISNUMBER(SEARCH("ANIMALES",B513)),0.19,IF(ISNUMBER(SEARCH("AMBIENTE",B513)),0.19,IF(ISNUMBER(SEARCH("CULTURA",B513)),0.19,IF(ISNUMBER(SEARCH("DEPORTE",B513)),0.19,IF(ISNUMBER(SEARCH("Bioseguridad",B513)),0.19,IF(ISNUMBER(SEARCH("DOTACIÓN",B513)),0.19,IF(ISNUMBER(SEARCH("SERVICIO",C513)),0.19,0.19)))))))))) -> 0.19 | I513: =+'CANASTA DE PRECIOS'!I513 -> 30621
A514: =1+A513 -> 511 | B514: FERRETERIA | C514: COMPRA | D514: Linterna LED Solar Recargable Multiuso | E514: 39111610 | F514: Lámpara recargable con panel solar independiente, diseño tipo cono fácil de transportar, luz LED blanca y luz roja de emergencia, botón de encendido frontal, puerto USB para carga y función power bank, ideal para camping, apagones o actividades al aire libre, estructura liviana y resistente, modos de iluminación ajustables, amigable con el medio ambiente gracias a su carga solar. | G514: UN | H514: =IF(OR(ISNUMBER(SEARCH("ALIMENTACIÓN",B514)),ISNUMBER(SEARCH("ALIMENTACION",B514))),0,IF(AND(ISNUMBER(SEARCH("AMBIENTE",B514)),OR(ISNUMBER(SEARCH("Semilla",D514)),ISNUMBER(SEARCH("ESPECIE VEGETAL",D514)),ISNUMBER(SEARCH("Fertilizante",D514)),ISNUMBER(SEARCH("Humus",D514)),ISNUMBER(SEARCH("Micorrizas",D514)),ISNUMBER(SEARCH("Cascarilla",D514)),ISNUMBER(SEARCH("Turba",D514)))),0,IF(AND(ISNUMBER(SEARCH("ANIMALES",B514)),OR(ISNUMBER(SEARCH("ALIMENTO",D514)),ISNUMBER(SEARCH("Alimento",D514)))),0.05,IF(ISNUMBER(SEARCH("ANIMALES",B514)),0.19,IF(ISNUMBER(SEARCH("AMBIENTE",B514)),0.19,IF(ISNUMBER(SEARCH("CULTURA",B514)),0.19,IF(ISNUMBER(SEARCH("DEPORTE",B514)),0.19,IF(ISNUMBER(SEARCH("Bioseguridad",B514)),0.19,IF(ISNUMBER(SEARCH("DOTACIÓN",B514)),0.19,IF(ISNUMBER(SEARCH("SERVICIO",C514)),0.19,0.19)))))))))) -> 0.19 | I514: =+'CANASTA DE PRECIOS'!I514 -> 81633
A515: =1+A514 -> 512 | B515: FERRETERIA | C515: COMPRA | D515: Lona | E515: 24111501 | F515: Lona Polietileno multiuso 120cmx180cm | G515: UN | H515: =IF(OR(ISNUMBER(SEARCH("ALIMENTACIÓN",B515)),ISNUMBER(SEARCH("ALIMENTACION",B515))),0,IF(AND(ISNUMBER(SEARCH("AMBIENTE",B515)),OR(ISNUMBER(SEARCH("Semilla",D515)),ISNUMBER(SEARCH("ESPECIE VEGETAL",D515)),ISNUMBER(SEARCH("Fertilizante",D515)),ISNUMBER(SEARCH("Humus",D515)),ISNUMBER(SEARCH("Micorrizas",D515)),ISNUMBER(SEARCH("Cascarilla",D515)),ISNUMBER(SEARCH("Turba",D515)))),0,IF(AND(ISNUMBER(SEARCH("ANIMALES",B515)),OR(ISNUMBER(SEARCH("ALIMENTO",D515)),ISNUMBER(SEARCH("Alimento",D515)))),0.05,IF(ISNUMBER(SEARCH("ANIMALES",B515)),0.19,IF(ISNUMBER(SEARCH("AMBIENTE",B515)),0.19,IF(ISNUMBER(SEARCH("CULTURA",B515)),0.19,IF(ISNUMBER(SEARCH("DEPORTE",B515)),0.19,IF(ISNUMBER(SEARCH("Bioseguridad",B515)),0.19,IF(ISNUMBER(SEARCH("DOTACIÓN",B515)),0.19,IF(ISNUMBER(SEARCH("SERVICIO",C515)),0.19,0.19)))))))))) -> 0.19 | I515: =+'CANASTA DE PRECIOS'!I515 -> 66441
A516: =1+A515 -> 513 | B516: FERRETERIA | C516: COMPRA | D516: Lonas | E516: 24111501 | F516: Empaque de Lona 92x60cm Blanco Polipropileno. Capacidad 50 kilos | G516: UN | H516: =IF(OR(ISNUMBER(SEARCH("ALIMENTACIÓN",B516)),ISNUMBER(SEARCH("ALIMENTACION",B516))),0,IF(AND(ISNUMBER(SEARCH("AMBIENTE",B516)),OR(ISNUMBER(SEARCH("Semilla",D516)),ISNUMBER(SEARCH("ESPECIE VEGETAL",D516)),ISNUMBER(SEARCH("Fertilizante",D516)),ISNUMBER(SEARCH("Humus",D516)),ISNUMBER(SEARCH("Micorrizas",D516)),ISNUMBER(SEARCH("Cascarilla",D516)),ISNUMBER(SEARCH("Turba",D516)))),0,IF(AND(ISNUMBER(SEARCH("ANIMALES",B516)),OR(ISNUMBER(SEARCH("ALIMENTO",D516)),ISNUMBER(SEARCH("Alimento",D516)))),0.05,IF(ISNUMBER(SEARCH("ANIMALES",B516)),0.19,IF(ISNUMBER(SEARCH("AMBIENTE",B516)),0.19,IF(ISNUMBER(SEARCH("CULTURA",B516)),0.19,IF(ISNUMBER(SEARCH("DEPORTE",B516)),0.19,IF(ISNUMBER(SEARCH("Bioseguridad",B516)),0.19,IF(ISNUMBER(SEARCH("DOTACIÓN",B516)),0.19,IF(ISNUMBER(SEARCH("SERVICIO",C516)),0.19,0.19)))))))))) -> 0.19 | I516: =+'CANASTA DE PRECIOS'!I516 -> 49999
A517: =1+A516 -> 514 | B517: FERRETERIA | C517: COMPRA | D517: MACHETE | E517: 27112700 | F517: Machete Niquelado de 20" | G517: UN | H517: =IF(OR(ISNUMBER(SEARCH("ALIMENTACIÓN",B517)),ISNUMBER(SEARCH("ALIMENTACION",B517))),0,IF(AND(ISNUMBER(SEARCH("AMBIENTE",B517)),OR(ISNUMBER(SEARCH("Semilla",D517)),ISNUMBER(SEARCH("ESPECIE VEGETAL",D517)),ISNUMBER(SEARCH("Fertilizante",D517)),ISNUMBER(SEARCH("Humus",D517)),ISNUMBER(SEARCH("Micorrizas",D517)),ISNUMBER(SEARCH("Cascarilla",D517)),ISNUMBER(SEARCH("Turba",D517)))),0,IF(AND(ISNUMBER(SEARCH("ANIMALES",B517)),OR(ISNUMBER(SEARCH("ALIMENTO",D517)),ISNUMBER(SEARCH("Alimento",D517)))),0.05,IF(ISNUMBER(SEARCH("ANIMALES",B517)),0.19,IF(ISNUMBER(SEARCH("AMBIENTE",B517)),0.19,IF(ISNUMBER(SEARCH("CULTURA",B517)),0.19,IF(ISNUMBER(SEARCH("DEPORTE",B517)),0.19,IF(ISNUMBER(SEARCH("Bioseguridad",B517)),0.19,IF(ISNUMBER(SEARCH("DOTACIÓN",B517)),0.19,IF(ISNUMBER(SEARCH("SERVICIO",C517)),0.19,0.19)))))))))) -> 0.19 | I517: =+'CANASTA DE PRECIOS'!I517 -> 24126
...

Sheet Hoja1
A3: Etiquetas de fila | B3: Cuenta de DESCRIPCIÓN | C3: Suma de PROYECTO | D3: Suma de #
A4: ALIMENTACIÓN | B4: 9 | C4: 19360 | D4: 45
A5: AMBIENTE | B5: 95 | C5: 10540 | D5: 5415
A6: ANIMALES | B6: 17 | C6: 46869 | D6: 1921
A7: AYUDAS TÉCNICAS | B7: 57 | D7: 8550
A8: COMPRA | B8: 57 | D8: 8550
A9: ALMOHADA ORTOPÉDICA EN ESPUMA DE POLIURETANO O DE MEMORIA | B9: 1 | D9: 122
A10: 42241500 | B10: 1 | D10: 122
A11: Unidad | B11: 1 | D11: 122
A12: (en blanco) | B12: 1 | D12: 122
A13: 489600 | B13: 1 | D13: 122
A14: ALMOHADA ORTOPÉDICA EN ESPUMA DE POLIURETANO O DE MEMORIA almohada ortopédica de gel viscoelástica cervical. Forma de almohada, Longitud del rectángulo | B14: 1 | D14: 123
A15: 42241500 | B15: 1 | D15: 123
A16: Unidad | B16: 1 | D16: 123
A17: (en blanco) | B17: 1 | D17: 123
A18: 4410000 | B18: 1 | D18: 123
A19: BARRA MAGNIFICADORA | B19: 1 | D19: 124
A20: 42241500 | B20: 1 | D20: 124
A21: Unidad | B21: 1 | D21: 124
A22: (en blanco) | B22: 1 | D22: 124
A23: 367006 | B23: 1 | D23: 124
A24: BARRAS DE SUJECIÓN | B24: 1 | D24: 125
A25: 42241500 | B25: 1 | D25: 125
A26: Unidad | B26: 1 | D26: 125
A27: (en blanco) | B27: 1 | D27: 125
A28: 93015 | B28: 1 | D28: 125
A29: BARRAS DE SUJECIÓN PARA ESCALERAS Y OTROS ESPACIOS | B29: 1 | D29: 126
A30: 42241500 | B30: 1 | D30: 126
A31: Unidad | B31: 1 | D31: 126
A32: (en blanco) | B32: 1 | D32: 126
A33: 103748 | B33: 1 | D33: 126
A34: CAJA DE MATEMÁTICAS | B34: 1 | D34: 127
A35: 42241500 | B35: 1 | D35: 127
A36: Unidad | B36: 1 | D36: 127
A37: (en blanco) | B37: 1 | D37: 127
A38: 322966 | B38: 1 | D38: 127
A39: CAJA DE SILUETAS PARA INSERTAR | B39: 1 | D39: 128
A40: 42241500 | B40: 1 | D40: 128
A41: Unidad | B41: 1 | D41: 128
A42: (en blanco) | B42: 1 | D42: 128
A43: 720559 | B43: 1 | D43: 128
A44: CEPILLO EXTENSOR | B44: 1 | D44: 129
A45: 42241500 | B45: 1 | D45: 129
A46: Unidad | B46: 1 | D46: 129
A47: (en blanco) | B47: 1 | D47: 129
A48: 171150 | B48: 1 | D48: 129
A49: CHALECO DE PESO | B49: 1 | D49: 130
A50: 42241500 | B50: 1 | D50: 130
A51: Unidad | B51: 1 | D51: 130
A52: (en blanco) | B52: 1 | D52: 130
A53: 405900 | B53: 1 | D53: 130
A54: CINTURONES | B54: 1 | D54: 131
A55: 42241500 | B55: 1 | D55: 131
A56: Unidad | B56: 1 | D56: 131
A57: (en blanco) | B57: 1 | D57: 131
A58: 144167 | B58: 1 | D58: 131
A59: COCHE NEUROLÓGICO BASCULABLE CON ACCESORIOS | B59: 1 | D59: 132
A60: 42241500 | B60: 1 | D60: 132
A61: Unidad | B61: 1 | D61: 132
A62: (en blanco) | B62: 1 | D62: 132
A63: 4104000 | B63: 1 | D63: 132
A64: COCHE NEUROLÓGICO CON ADAPTACIONES Y ACCESORIOS Desmonte rápido elaborado sobre medidas a necesidad del usuario de acuerdo con la necesidad y prescripción médica y/o especialista. Estatura máxima 1,30 metros. marco plegable en aluminio acabado en pintura electrostática. Color del marco según solicitud del usuario, estructura totalmente plegable para su cómoda transportación. Sistema de graduación para el crecimiento, ruedas traseras de 16 inflables rin aluminio, manzanas de aluminio con rodamientos y removibles, ruedas delanteras de 6 u 8" con tenedor en aluminio y rodamientos, espaldar reclinable hasta 165 grados, sistema graduable de múltiples posiciones, apoya pies elevables desde 10 a 90 grados, o ajustables a la necesidad del usuario, removibles regulables en altura con pernera acolchadas y/o correas para apoyapiés, soportes laterales acolchados a necesidad del usuario, graduables en altura, plataforma abatible de polipropileno de alto impacto. Tapizado impermeable cojinería ergonómica e impermeable de posicionamiento en espuma de alta densidad, en asiento y espaldar, fijación mediante velcro, con topes laterales en cadera, tronco y cabeza. forro de cremallera para su fácil higiene, frenos de aluminio en las ruedas traseras, capota plegable para protección del sol y la lluvia. Maletero. Bolsillo en el espaldar, protector de medio ambiente plástico transparente contra la intemperie. removible mediante cremallera, fácil de plegar y guardar. ACCESORIOS DE POSICIONAMIENTO | B64: 1 | D64: 133
A65: 42241500 | B65: 1 | D65: 133
A66: Unidad | B66: 1 | D66: 133
A67: (en blanco) | B67: 1 | D67: 133
A68: 3920715 | B68: 1 | D68: 133
A69: COJÍN ABDUCTOR DE CADERA | B69: 1 | D69: 134
A70: 42241500 | B70: 1 | D70: 134
A71: Unidad | B71: 1 | D71: 134
A72: (en blanco) | B72: 1 | D72: 134
A73: 113500 | B73: 1 | D73: 134
A74: COJÍN ANTIESCARAS EN NEOPRENO IMPORTADO A MEDIDA DEL USUARIO | B74: 1 | D74: 135
A75: 42241500 | B75: 1 | D75: 135
A76: Unidad | B76: 1 | D76: 135
A77: (en blanco) | B77: 1 | D77: 135
A78: 2576650 | B78: 1 | D78: 135
A79: COJÍN ANTIESCARAS DE ESPUMA GEL INYECTADO DE ACUERDO A LAS NECESIDADES Y MEDIDAS DEL USUARIO | B79: 1 | D79: 136
A80: 42241500 | B80: 1 | D80: 136
A81: Unidad | B81: 1 | D81: 136
A82: (en blanco) | B82: 1 | D82: 136
A83: 374900 | B83: 1 | D83: 136
A84: COJÍN ANTIESCARAS PERFIL ALTO EN NEOPRENO IMPORTADO A MEDIDA DEL USUARIO | B84: 1 | D84: 137
A85: 42241500 | B85: 1 | D85: 137
A86: Unidad | B86: 1 | D86: 137
A87: (en blanco) | B87: 1 | D87: 137
A88: 3645200 | B88: 1 | D88: 137
A89: COLCHÓN DOBLE ANTI ESCARAS EN ESPUMA GEL SOBRE MEDIDAS | B89: 1 | D89: 138
A90: 42241500 | B90: 1 | D90: 138
A91: Unidad | B91: 1 | D91: 138
A92: (en blanco) | B92: 1 | D92: 138
A93: 4410000 | B93: 1 | D93: 138
A94: COLCHÓN DOBLE ANTI ESCARAS EN ESPUMA SOBRE MEDIDAS | B94: 1 | D94: 139
A95: 42241500 | B95: 1 | D95: 139
A96: Unidad | B96: 1 | D96: 139
A97: (en blanco) | B97: 1 | D97: 139
A98: 1095500 | B98: 1 | D98: 139
A99: COLCHÓN ESPUMA GEL DOBLE FUNCIÓN | B99: 1 | D99: 140
A100: 42241500 | B100: 1 | D100: 140
A101: Unidad | B101: 1 | D101: 140
A102: (en blanco) | B102: 1 | D102: 140
...

Sheet TALENTO HUMANO
A1: FONDO DE DESARROLLO LOCAL DE RAFAEL URIBE URIBE
A2: LISTADO DE ÍTEMS PARA LA FORMULACIÓN DE PROYECTOS VIGENCIA 2026
A3: # | B3: CATEGORIA | C3: TIPO | D3: ÍTEM | E3: CODIGO UNSPSC | F3: DESCRIPCIÓN | G3: UNIDAD DE MEDIDA | H3: PROYECTO | I3: resolución 1124 | J3: VALOR DE REFERENCIA
A4: 1 | B4: TALENTO HUMANO | C4: SERVICIO | D4: Apoyo técnico-administrativo 1 | E4: 90101603 | F4: Apoyo técnico-administrativo: Técnico, con 1 años de experiencia especifica | G4: Mes | H4: 2757 | I4: FDLRUU-LP-001-2025 | J4: 3142000
A5: =+A4+1 -> 2 | B5: TALENTO HUMANO | C5: SERVICIO | D5: Apoyo técnico-administrativo 1 | E5: 90101603 | F5: Apoyo técnico-administrativo: Técnico, con 2 años de experiencia especifica | G5: Mes | H5: 2757 | I5: FDLRUU-LP-001-2025 | J5: 3540000
A6: =+A5+1 -> 3 | B6: TALENTO HUMANO | C6: SERVICIO | D6: Apoyo técnico-administrativo 2 | E6: 90101603 | F6: Apoyo técnico-administrativo: Técnico, con 3 años de experiencia especifica | G6: Mes | H6: 2757 | I6: FDLRUU-LP-001-2025 | J6: 3870000
A7: =+A6+1 -> 4 | B7: TALENTO HUMANO | C7: SERVICIO | D7: Diseñador gráfico o publicista | E7: 90101603 | F7: Diseñador gráfico o publicista, con una dedicación del 50% (media jornada), | G7: Mes | H7: 2757 | I7: FDLRUU-LP-001-2025 | J7: 2780000
A8: =+A7+1 -> 5 | B8: TALENTO HUMANO | C8: SERVICIO | D8: APOYO LOGISTICO- JORNADA | E8: 90101603 | F8: Apoyos logísticos: Personal mayor de edad con experiencia de haber realizando apoyo a la ejecución de eventos | G8: 6 Horas | H8: 2786 | I8: LP-002 | J8: 132333
A9: =+A8+1 -> 6 | B9: TALENTO HUMANO | C9: SERVICIO | D9: ARTICULADOR LOCAL | E9: 80111600 | F9: Un (1) articulador y /o promotor con mínimo seis (6) meses de experiencia de trabajo certificada con comunidad en la localidad Rafael Uribe Uribe. | G9: Mes | J9: 2700000
A10: =+A9+1 -> 7 | B10: TALENTO HUMANO | C10: SERVICIO | D10: Auxiliar Administrativo | E10: 80111600 | F10: Bachiller Con experiencia mínima de cinco (5) meses. | G10: Mes | J10: 2000000
A11: =+A10+1 -> 8 | B11: TALENTO HUMANO | C11: SERVICIO | D11: AUXILIAR DE ENFERMERÍA | E11: 85101600 | F11: Auxiliar de enfermería, con kit de primeros auxilios. Jornada 6 horas | G11: 6 Horas | J11: 180000
A12: =+A11+1 -> 9 | B12: TALENTO HUMANO | C12: SERVICIO | D12: Coordinador 1 | E12: 80111600 | F12: Un (1) Profesional, con experiencia especifica y/o general mínimo de dos (2) años | G12: Mes | H12: 2786 | I12: LP-002 | J12: 5900000
A13: =+A12+1 -> 10 | B13: TALENTO HUMANO | C13: SERVICIO | D13: Coordinador 2 | E13: 80111600 | F13: Un Profesional, con posgrado, Con 24 meses de experiencia específica y/o general | G13: Mes | H13: 2786 | J13: 6400000
A14: =+A13+1 -> 11 | B14: TALENTO HUMANO | C14: SERVICIO | D14: Coordinador 3 | E14: 80111600 | F14: Un Profesional, con posgrado, Con 36 meses de experiencia específica y/o general | G14: Mes | H14: 2786 | J14: 7000000
A15: =+A14+1 -> 12 | B15: TALENTO HUMANO | C15: SERVICIO | D15: Coordinador 4 | E15: 80111600 | F15: Un Profesional, con posgrado, Con 48 meses de experiencia específica y/o general | G15: Mes | H15: 2786 | J15: 7550000
A16: =+A15+1 -> 13 | B16: TALENTO HUMANO | C16: SERVICIO | D16: Coordinador 5 | E16: 80111600 | F16: Un Profesional, con posgrado, Con 60 meses de experiencia específica y/o general | G16: Mes | H16: 2786 | J16: 8000000
A17: =+A16+1 -> 14 | B17: TALENTO HUMANO | C17: SERVICIO | D17: CUENTERO | E17: 82151600 | F17: Presentación de funcion de narración oral ó cuentería para niños, jovenes y/o adultos. 1 Hora | G17: HORA | J17: 2566116
A18: =+A17+1 -> 15 | B18: TALENTO HUMANO | C18: SERVICIO | D18: FORMADOR- CAPACITACIÓN | E18: 90101603 | F18: Formador componente de capacitación en Formación . Ciudadano mayor de edad residente de la localidad Rafael Uribe Uribe, que aporte certificado de residencia permanente, hoja de vida, certificado de medidas correctivas | G18: 6 Horas | H18: 2786 | I18: LP-002 | J18: 118800
A19: =+A18+1 -> 16 | B19: TALENTO HUMANO | C19: SERVICIO | D19: GESTORES INDIGENAS LOCALES | E19: 80111600 | F19: Seis gestores uno por cada pueblo indigena, bachiller con experiencia laboral de seis (6) meses (Con pertenencia étnica indigena) | G19: Mes | J19: 3000000
A20: =+A19+1 -> 17 | B20: TALENTO HUMANO | C20: SERVICIO | D20: HISTORIADOR | E20: 82150000 | F20: Historiador: Lider o lideresa comunitaria con conocimiento en la historia y patrimonio de la localidad. | G20: 6 Horas | J20: 580000
A21: =+A20+1 -> 18 | B21: TALENTO HUMANO | C21: SERVICIO | D21: INTERPRETE DE SEÑAS | E21: 82150000 | F21: 1 Interprete de señas (Certificado de experiencia en eventos con población en condición de discapacidad auditiva, mínimo un (1) año, para lo cual el ejecutor certificará su idoneidad bajo la Norma Internacional - ICONTEC para traductores (ISO NTC 18841).1 hora. (por norma de salud ocupacional un intérprete en periodos de más de una hora, debe ser relevado cada 20-30 minutos durante el servicio). | G21: HORA | J21: 200000
A22: =+A21+1 -> 19 | B22: TALENTO HUMANO | C22: SERVICIO | D22: INTERPRETE DE SEÑAS | E22: 82150000 | F22: 2 Interpretes de señas (Certificado de experiencia en eventos con población en condición de discapacidad auditiva, mínimo un (1) año, para lo cual el ejecutor certificará su idoneidad. Jornada de seis (6) horas. (por norma de salud ocupacional un intérprete en periodos de más de una hora, debe ser relevado cada 20-30 minutos durante el servicio.) | G22: 6 Horas | J22: 1115000
A23: =+A22+1 -> 20 | B23: TALENTO HUMANO | C23: SERVICIO | D23: MAESTRO CEREMONIA | E23: 90101603 | F23: Maestro de ceremonias/ presentador(a)/ moderador(a) con un experiencia en la presentación de eventos. Preferiblemente que sea residente de la localidad de Rafael Uribe Uribe | G23: 6 Horas | H23: 2786 | I23: LP-002 | J23: 512000
A24: =+A23+1 -> 21 | B24: TALENTO HUMANO | C24: SERVICIO | D24: MESEROS | E24: 90101603 | F24: MESEROS: Personal mayor de edad con experiencia certificada en al menos un (1) como mesero | G24: 6 Horas | H24: 2786 | I24: LP-002 | J24: 132333
A25: =+A24+1 -> 22 | B25: TALENTO HUMANO | C25: SERVICIO | D25: PANELISTAS | E25: 90101603 | F25: Sabedores ancestrales con experticia y reconocimiento desde la visión de salud mental de los pueblos negros – afrocolombianos 1 profesional Psicologa y con conocimiento ancestral de la población afro y/o indigena. | G25: 6 Horas | H25: 2786 | I25: LP-002 | J25: 726300
A26: =+A25+1 -> 23 | B26: TALENTO HUMANO | C26: SERVICIO | D26: PERSONAL LOGÍSTICO | E26: 80111600 | F26: Estudiantes universitarios o estudiantes bachilleres mayores de edad, con experiencia en trabajo logístico de mas de 24 meses, durante una (1) jornada de máximo ocho (8) horas | G26: 1 Día | J26: 132500
A27: =+A26+1 -> 24 | B27: TALENTO HUMANO | C27: SERVICIO | D27: PROFESIONAL | E27: 90101603 | F27: Profesional con matricula profesional. Preferiblemente residente de la localidad Experiencia general de 3 años a partir de la expedicion de la tarjeta profesional y experiancia especifica de 2 años en Experiencia relacionada. | G27: Mes | H27: 2786 | I27: LP-002 | J27: 5216667
A28: =+A27+1 -> 25 | B28: TALENTO HUMANO | C28: SERVICIO | D28: Profesional Especializado | E28: 80111600 | F28: Un (1) Profesional, con especialización Con experiencia mínima de un (1) años | G28: Mes | J28: 7600000
A29: =+A28+1 -> 26 | B29: TALENTO HUMANO | C29: SERVICIO | D29: Profesional Universitario I | E29: 80111600 | F29: Profesional , con doce (12) meses de experiencia profesional | G29: Mes | J29: 5000000
A30: =+A29+1 -> 27 | B30: TALENTO HUMANO | C30: SERVICIO | D30: Profesional Universitario II | E30: 80111600 | F30: Profesional , con venticuatro (24) meses de experiencia profesional debidamente certificada en proyectos relacionados | G30: Mes | J30: 7000000
A31: =+A30+1 -> 28 | B31: TALENTO HUMANO | C31: SERVICIO | D31: RELATOR INDIGENA LOCAL | E31: 80111600 | F31: Relator: Persona encargada de llevar la relatoria de las actividades realizadas en la actividad, con experiencia certificado de trabajo con pueblos indigenas de minímo seis (6) meses en la localidad de Rafael Uribe Uribe certificada por organizaciones sociales de la localidad | G31: Sesión | J31: 125000
A32: =+A31+1 -> 29 | B32: TALENTO HUMANO | C32: SERVICIO | D32: SABEDOR AFRO | E32: 90101603 | F32: Sabedora: Bachiller y/o empírica con mínimo un año de experiencia en desarrollo de rondas y armonizaciones ancestrales– certificación debe ser dada por la consultiva local | G32: Sesión | H32: 2795 | I32: LP-014 | J32: 200000
A33: =+A32+1 -> 30 | B33: TALENTO HUMANO | C33: SERVICIO | D33: Sabedor tradicional | E33: 80111600 | F33: Sabedor tradicional | G33: Mes | J33: 2800000
A34: =+A33+1 -> 31 | B34: TALENTO HUMANO | C34: SERVICIO | D34: SABEDORES(AS) INDIGENAS LOCALES | E34: 80111600 | F34: Seis sabedores(as) ancestrales con experticia y reconocimiento desde la visión de salud mental de los pueblos indigenas | G34: Mes | J34: 6000000
A35: =+A34+1 -> 32 | B35: TALENTO HUMANO | C35: SERVICIO | D35: TALLERISTA DE DEPORTES | E35: 80111600 | F35: Profesional en ciencias del deporte o educación física o administración deportiva (según el SNIES), con experiencia profesional mínima de tres (3) años debidamente certificada | G35: UN | J35: 286000
A36: =+A35+1 -> 33 | B36: TALENTO HUMANO | C36: SERVICIO | D36: TALLERISTA K-POP | E36: 80111600 | F36: Tallerista experto en ilustración y/o caligrafia y/o diseño grafico de ilustraciones koreanas. | G36: UN | J36: 270000
A37: =+A36+1 -> 34 | B37: TALENTO HUMANO | C37: SERVICIO | D37: TALLERISTA PSICOSOCIAL | E37: 80111600 | F37: Profesional en psicologia y/o trabajo social (según el SNIES) con experiencia de minìno 2 años en temas relacionados con salud mental y/o prevención en consumo de SPA y/o enfoque diferencial y de género (mujeres, LGBTI,) y/o educación en salud sexual y reproductiva y/o acciones complementarios para cuidadores, cuidadoreas y personas con discapacidad. | G37: UN | J37: 320000
A38: =+A37+1 -> 35 | B38: TALENTO HUMANO | C38: SERVICIO | D38: TALLERISTA URBANO | E38: 80111600 | F38: Tallerista experto en cultura urbana (rap, hip hop, grafiti, breackdance, danza urbana y similares) | G38: UN | J38: 159999
A39: =+A38+1 -> 36 | B39: TALENTO HUMANO | C39: SERVICIO | D39: Técnico o Tecnólogo | E39: 80111600 | F39: Un (1) Técnico y/o Tecnólogo. Con experiencia laboral mínima de doce (12) meses y en por lo menos un proyecto en actividades técnico-administrativas y/o otras actividades relacionadas con los componentes técnicos y/o administrativos del proyecto. | G39: Mes | J39: 3526000
